Workbook
Name a: {"Book1"}
Name a: {"Book1"}
Name a: {"Book1"}
Name a: {"Book1"}
Name a: {"Book1"}
Name a: {"Book1"}
Name a: {"Book1"}
Name a: {"Book1"}
Name a: {"Book1"}
Name a: {"Book1"}
Name a: {"Book1"}
Name a: {"Book1"}
Name a: {"Book1"}
Name a: {"Book1"}
Name a: {"Book1"}
Name a: {"Book1"}
Name a: {"Book1"}
Name a: {"Book1"}
Name a: {"Book1"}
Name a: {"Book1"}
Name a: {"Book1"}
Name a: {"Book1"}
Name a: {"Book1"}
Name a: {"Book1"}
Name a: {"Book1"}
Name a: {"Book1"}
Name a: {"Book1"}
Name a: {"Book1"}
Name a: {"Book1"}
Name a: {"Book1"}
Name a: {"Book1"}
Name a: {"Book1"}
Name a: {"Book1"}
Name a: {"Book1"}
Name a: {"Book1"}
Name a: {"Book1"}
Name a: {"Book1"}
Name a: {"Book1"}
Name a: {"Book1"}
Name a: {"Book1"}
Name a: {"Book1"}
Name a: {"Book1"}
Name a: {"Book1"}
Name a: {"Book1"}
Name aa: [1]XL4Poppy!$C$31
Name AAA: '[2]18.농업용기계보유 '!$A$18:$K$1275
Name AAA: '[2]18.농업용기계보유 '!$A$18:$K$1275
Name AAA: '[2]18.농업용기계보유 '!$A$18:$K$1275
Name AAA: '[2]18.농업용기계보유 '!$A$18:$K$1275
Name AAA: '[3]18.농업용기계보유 '!$A$18:$K$1275
Name AAA: '[3]18.농업용기계보유 '!$A$18:$K$1275
Name AAA: '[3]18.농업용기계보유 '!$A$18:$K$1275
Name AAA: '[4]18.농업용기계보유 '!$A$18:$K$1275
Name AAA: '[5]18.농업용기계보유 '!$A$18:$K$1275
Name AAA: '[4]18.농업용기계보유 '!$A$18:$K$1275
Name AAA: '[4]18.농업용기계보유 '!$A$18:$K$1275
Name AAA: '[2]18.농업용기계보유 '!$A$18:$K$1275
Name AAA: '[6]18.농업용기계보유 '!$A$18:$K$1275
Name AAA: '[7]18.농업용기계보유 '!$A$18:$K$1275
Name AAA: '[8]18.농업용기계보유 '!$A$18:$K$1275

Sheet 0.간지

Sheet 0-1.이면
A3: 1. 농가 및 농가인구 | F3: 30. 임상별 입목 축적
A4: 2. 연령별 농가인구 | F4: 31. 임산물 생산량
A5: 3. 경지면적 | F5: 32. 입목벌채 허가(신고)
A6: 4. 경지규모별 농가 | F6: 33. 수렵
A7: 5. 농업진흥지역 지정 | F7: 34. 수렵면허장 발급
A8: 6. 한국농어촌공사 | F8: 35. 사방사업
A9: 7. 수리답 및 경지정리 현황 | F9: 36. 조림
A10: 8. 수리시설 및 방조제 현황 | F10: 37. 불법산림훼손 피해현황
A11: 9. 식량작물 생산량(정곡) | F11: 38. 산림전용허가내역
A12: 9-1. 미곡 | F12: 39. 산림보호지역지정현황
A13: 9-2. 맥류 | F13: 40. 병해충 발생 및 방제상황
A14: 9-3. 잡곡 | F14: 41. 토석채취현황
... A36: 29. 임상별 산림 면적 | F36: 57. 화훼류 재배현황

Sheet 1.농가및농가인구
I1: Ⅵ. Agriculture, Forestry and Fishing / 195
A3: 1. 농가 및 농가인구
A4: 1. Farm Households and Population
A5: 단위 : 가구, 명 | I5: Unit : household, person
A6: 연별 및 시군별 Year & Si, Gun | C6: 농 가 Farm households | G6: 농가인구 Farm population
D8: 전 업 Full-time | E8: 1종겸업 Part-time Class Ⅰ | F8: 2종겸업 Part-time Class Ⅱ | H8: 남 Male | I8: 여 Female
A10: 2009 | C10: 200252 | D10: 132889 | E10: 22988 | F10: 44375 | G10: 479517 | H10: 229758 | I10: 249759
A11: 2010 | C11: 201651 | D11: 124895 | E11: 30833 | F11: 45923 | G11: 491225 | H11: 240088 | I11: 251137
A12: 2011 | C12: 197218 | D12: 124342 | E12: 29253 | F12: 43622 | G12: 471076 | H12: 230494 | I12: 240580
A13: 2012 | C13: 195779 | D13: 123697 | E13: 28282 | F13: 43800 | G13: 465408 | H13: 227577 | I13: 237831
A14: 2013 | C14: 195108 | D14: 122009 | E14: 27580 | F14: 45520 | G14: 458791 | H14: 223221 | I14: 235569
A16: 포항시 | B16: Pohang | C16: 14116 | D16: 6627 | E16: … | F16: … | G16: 32278 | H16: 15417 | I16: 16860
A17: 경주시 | B17: Gyeongju | C17: 16272 | D17: 8613 | E17: … | F17: … | G17: 41646 | H17: 20472 | I17: 21174
A18: 김천시 | B18: Gimcheon | C18: 14120 | D18: 8304 | E18: … | F18: … | G18: 34523 | H18: 17011 | I18: 17512
A19: 안동시 | B19: Andong | C19: 15142 | D19: 10138 | E19: … | F19: … | G19: 33479 | H19: 16064 | I19: 17415
A20: 구미시 | B20: Gumi | C20: 9193 | D20: 4548 | E20: … | F20: … | G20: 24086 | H20: 12130 | I20: 11956
A21: 영주시 | B21: Yeongju | C21: 8229 | D21: 5367 | E21: … | F21: … | G21: 19769 | H21: 9746 | I21: 10023
A22: 영천시 | B22: Yeongcheon | C22: 11293 | D22: 8328 | E22: … | F22: … | G22: 25942 | H22: 12538 | I22: 13404
A23: 상주시 | B23: Sangju | C23: 14975 | D23: 8530 | E23: … | F23: … | G23: 35311 | H23: 16876 | I23: 18435
A24: 문경시 | B24: Mungyeong | C24: 8282 | D24: 5355 | E24: … | F24: … | G24: 19860 | H24: 9820 | I24: 10040
A25: 경산시 | B25: Gyeongsan | C25: 8237 | D25: 5124 | E25: … | F25: … | G25: 21221 | H25: 10355 | I25: 10866
A26: 군위군 | B26: Gunwi | C26: 4969 | D26: 3564 | E26: … | F26: … | G26: 10266 | H26: 4806 | I26: 5459
A27: 의성군 | B27: Uiseong | C27: 11818 | D27: 9436 | E27: … | F27: … | G27: 25241 | H27: 12335 | I27: 12906
... A38: 울릉군 | B38: Ulleung | C38: 496 | D38: 234 | E38: … | F38: … | G38: 1045 | H38: 507 | I38: 538
A39: 자료 : 통계청, 「농림어업조사」,「농림어업총조사(0,5년)」 | I39: Source : Statistics Korea
A40: 주 : 통계표에 수록된 숫자는 추정과정의 반올림으로 인해 세목과 그 총계가 일치되지 않는 경우도 있음.
A41: 농가 1종, 2종 겸업자료는 0.5자 연도에만 시군자료가 있음.
A42: 주 : 2013년 부터 단위 변경("호"→"가구")

Sheet 2.연령별농가인구
A1: 196 / Ⅵ. 농림수산업 | L1: Ⅵ. Agriculture, Forestry and Fishing / 197
A3: 2. 연령별 농가인구 | G3: 2. Farm Population by Age-Group
A5: 단위 : 천명 | L5: Unit : 1,000 person
A6: 연 별 | B6: 합 계 | D6: 0세 ∼ 14세 | F6: 15세 ~ 19세 | H6: 20세 ∼ 29세 | J6: 30세 ∼39세 | L6: Year
B7: Total | D7: 0 ∼ 14 years | F7: 15 ~ 19 years | H7: 20 ∼ 29 years | J7: 30 ∼ 39 years
C8: 남 | E8: 남 | G8: 남 | I8: 남 | K8: 남
C9: Male | E9: Male | G9: Male | I9: Male | K9: Male
A10: 2009 | B10: 479517 | C10: 229758 | D10: 31719 | E10: 16934 | F10: 14528 | G10: 7604 | H10: 26125 | I10: 13808 | J10: 25713 | K10: 14971 | L10: 2009
A11: 2010 | B11: 491225 | C11: 240088 | D11: 36002 | E11: 19084 | F11: 17078 | G11: 9349 | H11: 28553 | I11: 15123 | J11: 30744 | K11: 17510 | L11: 2010
A12: 2011 | B12: 471076 | C12: 230494 | D12: 31972 | E12: 17496 | F12: 15808 | G12: 8948 | H12: 24151 | I12: 12476 | J12: 24658 | K12: 14188 | L12: 2011
A13: 2012 | B13: 465408 | C13: 227577 | D13: 29353 | E13: 16202 | F13: 16366 | G13: 9149 | H13: 22758 | I13: 12236 | J13: 23870 | K13: 13170 | L13: 2012
A14: 2013 | B14: 458791 | C14: 223221 | D14: 27486 | E14: 14907 | F14: 15920 | G14: 9028 | H14: 20270 | I14: 10792 | J14: 22764 | K14: 13028 | L14: 2013
A16: 연 별 | B16: 40세 ∼ 49세 | D16: 50세 ∼ 59세 | F16: 60세 ~ 64세 | H16: 65세 ∼ 69세 | J16: 70세 이상
B17: 40 ∼ 49 years | D17: 50 ∼ 59 years | F17: 60 ~ 64 years | H17: 65 ∼ 69 years | J17: 70 Years old & over | L17: Year
C18: 남 | E18: 남 | G18: 남 | I18: 남 | K18: 남
C19: Male | E19: Male | G19: Male | I19: Male | K19: Male
A20: 2009 | B20: 46565 | C20: 22884 | D20: 95222 | E20: 42916 | F20: 54997 | G20: 26973 | H20: 61847 | I20: 28248 | J20: 122802 | K20: 55420 | L20: 2009
A21: 2010 | B21: 53719 | C21: 27188 | D21: 97359 | E21: 45417 | F21: 53641 | G21: 26420 | H21: 55358 | I21: 25462 | J21: 118771 | K21: 54535 | L21: 2010
A22: 2011 | B22: 48087 | C22: 23773 | D22: 95317 | E22: 43754 | F22: 54984 | G22: 27049 | H22: 52698 | I22: 24719 | J22: 123400 | K22: 58090 | L22: 2011
A23: 2012 | B23: 43176 | C23: 22207 | D23: 93571 | E23: 42714 | F23: 54223 | G23: 25998 | H23: 51290 | I23: 24691 | J23: 130801 | K23: 61211 | L23: 2012
A24: 2013 | B24: 40544 | C24: 20697 | D24: 91827 | E24: 42729 | F24: 52138 | G24: 24133 | H24: 52982 | I24: 26173 | J24: 134861 | K24: 61734 | L24: 2013
A25: 자료 : 통계청, 「농림어업조사」,「농림어업총조사(0,5년)」 | L25: Source : Statistics Korea

Sheet 3.경지면적
A1: 198 / Ⅵ. 농림수산업
A3: 3. 경지면적
A4: 3. Area of Cultivated Land
A5: 단위 : ha | H5: Unit : ha
A6: 연별 및 시군별 Year & Si, Gun | C6: 합 계 Total | D6: 논 Rice paddy | E6: 밭 Dry paddy | F6: 가구당 경지면적(a) Area of cultivated land per household (a)
G8: 논 Rice paddy | H8: 밭 Dry paddy
A10: 2009 | C10: 278665 | D10: 144150 | E10: 134515 | F10: 139.15716 | G10: 71.9843 | H10: 67.172862
A11: 2010 | C11: 276233 | D11: 141005 | E11: 135228 | F11: 136.98568 | G11: 69.925267 | H11: 67.060416
A12: 2011 | C12: 274631 | D12: 138427 | E12: 136204 | F12: 139.2525 | G12: 70.189841 | H12: 69.062662
A13: 2012 | C13: 281885 | D13: 139843 | E13: 142039 | F13: 143.97969 | G13: 71.429009 | H13: 72.550682
A14: 2013 | C14: 279484 | D14: 140500 | E14: 138984 | F14: =C14/'1.농가및농가인구'!$C$14*100 -> 143.24579 | G14: =D14/'1.농가및농가인구'!$C$14*100 -> 72.011399 | H14: =E14/'1.농가및농가인구'!$C$14*100 -> 71.234393
A16: 포항시 | B16: Pohang | C16: 14322 | D16: 9162 | E16: 5160 | F16: =C16/'1.농가및농가인구'!$C$16*100 -> 101.45934 | G16: =D16/'1.농가및농가인구'!$C$16*100 -> 64.905072 | H16: =E16/'1.농가및농가인구'!$C$16*100 -> 36.554265
A17: 경주시 | B17: Gyeongju | C17: 20455 | D17: 15171 | E17: 5284 | F17: =C17/'1.농가및농가인구'!$C$17*100 -> 125.70674 | G17: =D17/'1.농가및농가인구'!$C$17*100 -> 93.233776 | H17: =E17/'1.농가및농가인구'!$C$17*100 -> 32.47296
A18: 김천시 | B18: Gimcheon | C18: 16006 | D18: 6434 | E18: 9573 | F18: =C18/'1.농가및농가인구'!$C$18*100 -> 113.35694 | G18: =D18/'1.농가및농가인구'!$C$18*100 -> 45.566572 | H18: =E18/'1.농가및농가인구'!$C$18*100 -> 67.79745
A19: 안동시 | B19: Andong | C19: 20734 | D19: 7503 | E19: 13231 | F19: =C19/'1.농가및농가인구'!$C$19*100 -> 136.93039 | G19: =D19/'1.농가및농가인구'!$C$19*100 -> 49.550918 | H19: =E19/'1.농가및농가인구'!$C$19*100 -> 87.379474
A20: 구미시 | B20: Gumi | C20: 11995 | D20: 9517 | E20: 2477 | F20: =C20/'1.농가및농가인구'!$C$20*100 -> 130.47971 | G20: =D20/'1.농가및농가인구'!$C$20*100 -> 103.52442 | H20: =E20/'1.농가및농가인구'!$C$20*100 -> 26.944414
A21: 영주시 | B21: Yeongju | C21: 14698 | D21: 5888 | E21: 8810 | F21: =C21/'1.농가및농가인구'!$C$21*100 -> 178.61223 | G21: =D21/'1.농가및농가인구'!$C$21*100 -> 71.551829 | H21: =E21/'1.농가및농가인구'!$C$21*100 -> 107.0604
A22: 영천시 | B22: Yeongcheon | C22: 14753 | D22: 4859 | E22: 9894 | F22: =C22/'1.농가및농가인구'!$C$22*100 -> 130.63845 | G22: =D22/'1.농가및농가인구'!$C$22*100 -> 43.026654 | H22: =E22/'1.농가및농가인구'!$C$22*100 -> 87.611795
A23: 상주시 | B23: Sangju | C23: 26324 | D23: 15276 | E23: 11047 | F23: =C23/'1.농가및농가인구'!$C$23*100 -> 175.78631 | G23: =D23/'1.농가및농가인구'!$C$23*100 -> 102.01002 | H23: =E23/'1.농가및농가인구'!$C$23*100 -> 73.769616
A24: 문경시 | B24: Mungyeong | C24: 11459 | D24: 5577 | E24: 5882 | F24: =C24/'1.농가및농가인구'!$C$24*100 -> 138.3603 | G24: =D24/'1.농가및농가인구'!$C$24*100 -> 67.338807 | H24: =E24/'1.농가및농가인구'!$C$24*100 -> 71.021492
A25: 경산시 | B25: Gyeongsan | C25: 9666 | D25: 1874 | E25: 7792 | F25: =C25/'1.농가및농가인구'!$C$25*100 -> 117.34855 | G25: =D25/'1.농가및농가인구'!$C$25*100 -> 22.751002 | H25: =E25/'1.농가및농가인구'!$C$25*100 -> 94.597548
A26: 군위군 | B26: Gunwi | C26: 7493 | D26: 3343 | E26: 4151 | F26: =C26/'1.농가및농가인구'!$C$26*100 -> 150.79493 | G26: =D26/'1.농가및농가인구'!$C$26*100 -> 67.277118 | H26: =E26/'1.농가및농가인구'!$C$26*100 -> 83.537935
A27: 의성군 | B27: Uiseong | C27: 21182 | D27: 12213 | E27: 8969 | F27: =C27/'1.농가및농가인구'!$C$27*100 -> 179.23507 | G27: =D27/'1.농가및농가인구'!$C$27*100 -> 103.34236 | H27: =E27/'1.농가및농가인구'!$C$27*100 -> 75.892706
A28: 청송군 | B28: Cheongsong | C28: 7764 | D28: 1714 | E28: 6050 | F28: =C28/'1.농가및농가인구'!$C$28*100 -> 147.46439 | G28: =D28/'1.농가및농가인구'!$C$28*100 -> 32.554606 | H28: =E28/'1.농가및농가인구'!$C$28*100 -> 114.90978
A29: 영양군 | B29: Yeongyang | C29: 6357 | D29: 1658 | E29: 4699 | F29: =C29/'1.농가및농가인구'!$C$29*100 -> 190.50045 | G29: =D29/'1.농가및농가인구'!$C$29*100 -> 49.685346 | H29: =E29/'1.농가및농가인구'!$C$29*100 -> 140.8151
A30: 영덕군 | B30: Yeongdeok | C30: 6316 | D30: 3226 | E30: 3090 | F30: =C30/'1.농가및농가인구'!$C$30*100 -> 134.09766 | G30: =D30/'1.농가및농가인구'!$C$30*100 -> 68.492569 | H30: =E30/'1.농가및농가인구'!$C$30*100 -> 65.605096
A31: 청도군 | B31: Cheongdo | C31: 10491 | D31: 3788 | E31: 6703 | F31: =C31/'1.농가및농가인구'!$C$31*100 -> 139.91731 | G31: =D31/'1.농가및농가인구'!$C$31*100 -> 50.520139 | H31: =E31/'1.농가및농가인구'!$C$31*100 -> 89.397173
A32: 고령군 | B32: Goryeong | C32: 6256 | D32: 4769 | E32: 1487 | F32: =C32/'1.농가및농가인구'!$C$32*100 -> 144.41367 | G32: =D32/'1.농가및농가인구'!$C$32*100 -> 110.08772 | H32: =E32/'1.농가및농가인구'!$C$32*100 -> 34.325946
A33: 성주군 | B33: Seongju | C33: 9964 | D33: 7553 | E33: 2411 | F33: =C33/'1.농가및농가인구'!$C$33*100 -> 132.64111 | G33: =D33/'1.농가및농가인구'!$C$33*100 -> 100.54579 | H33: =E33/'1.농가및농가인구'!$C$33*100 -> 32.095314
A34: 칠곡군 | B34: Chilgok | C34: 6110 | D34: 3052 | E34: 3059 | F34: =C34/'1.농가및농가인구'!$C$34*100 -> 110.86917 | G34: =D34/'1.농가및농가인구'!$C$34*100 -> 55.380149 | H34: =E34/'1.농가및농가인구'!$C$34*100 -> 55.507167
A35: 예천군 | B35: Yecheon | C35: 18192 | D35: 10883 | E35: 7310 | F35: =C35/'1.농가및농가인구'!$C$35*100 -> 203.23986 | G35: =D35/'1.농가및농가인구'!$C$35*100 -> 121.58418 | H35: =E35/'1.농가및농가인구'!$C$35*100 -> 81.666853
A36: 봉화군 | B36: Bonghwa | C36: 12243 | D36: 3482 | E36: 8762 | F36: =C36/'1.농가및농가인구'!$C$36*100 -> 198.20301 | G36: =D36/'1.농가및농가인구'!$C$36*100 -> 56.370406 | H36: =E36/'1.농가및농가인구'!$C$36*100 -> 141.84879
A37: 울진군 | B37: Uljin | C37: 5493 | D37: 3558 | E37: 1934 | F37: =C37/'1.농가및농가인구'!$C$37*100 -> 117.57277 | G37: =D37/'1.농가및농가인구'!$C$37*100 -> 76.155822 | H37: =E37/'1.농가및농가인구'!$C$37*100 -> 41.395548
A38: 울릉군 | B38: Ulleung | C38: 1209 | D38: 0 | E38: 1209 | F38: =C38/'1.농가및농가인구'!$C$38*100 -> 243.75 | G38: =D38/'1.농가및농가인구'!$C$38*100 -> 0 | H38: =E38/'1.농가및농가인구'!$C$38*100 -> 243.75
A39: 자료 : 통계청,「농업면적조사(경지면적통계)」
A40: 주 : 통계표에 수록된 숫자는 추정과정의 반올림으로 인해 세목과 그 총계가 일치되지 않는 경우도 있음.

Sheet 4.경지규모별농가
G1: Ⅵ. Agriculture, Forestry and Fishing / 199
A3: 4. 경지규모별 농가
A5: 4. Farm Households by Size of Cultivated Land
A6: 단위 : 가구 | G6: Unit : household
A7: 연 별 Year | B7: 합 계 Total | D7: 경지없는 농가수 Farm households without cultivated land | E7: 0.1㏊ 미만 less than 0.1 | F7: 0.1㏊ 이상 ∼0.5㏊ 미만 0.1 and over less than 0.5 | G7: 0.5㏊ 이상 ∼1.0㏊ 미만 0.5 over and less than 1
A11: 2009 | B11: 200252 | D11: 2802 | E11: 1842 | F11: 73380 | G11: 52352
A12: 2010 | B12: 201651 | D12: 2752 | E12: 3097 | F12: 74403 | G12: 52283
A13: 2011 | B13: 197218 | D13: 3447 | E13: 1204 | F13: 76976 | G13: 49542
A14: 2012 | B14: 195779 | D14: 3187 | E14: 2070 | F14: 75605 | G14: 49002
A15: 2013 | B15: 195108 | D15: 2759 | E15: 2089 | F15: 75383 | G15: 48719
A18: 연 별 Year | B18: 1.0㏊ 이상 ∼1.5㏊ 미만 1 and over less than 1.5 | C18: 1.5㏊ 이상 ∼2.0㏊ 미만 1.5 and over less than 2 | D18: 2.0㏊ 이상 ∼3.0㏊ 미만 2 and over less than 3 | E18: 3.0㏊ 이상 ∼5.0㏊ 미만 3 and over less than 5 | F18: 5.0㏊ 이상 ∼10.0㏊ 미만 5 and over less than 10 | G18: 10.0㏊ 이상 10 or larger
A22: 2009 | B22: 28570 | C22: 16651 | D22: 13648 | E22: 7642 | F22: 2855 | G22: 511
A23: 2010 | B23: 27121 | C23: 16295 | D23: 13564 | E23: 8241 | F23: 3286 | G23: 609
A24: 2011 | B24: 26222 | C24: 15368 | D24: 12984 | E24: 8026 | F24: 2914 | G24: 536
A25: 2012 | B25: 25342 | C25: 15558 | D25: 13000 | E25: 8192 | F25: 3156 | G25: 666
A26: 2013 | B26: 25418 | C26: 15464 | D26: 13193 | E26: 8214 | F26: 3184 | G26: 685
A28: 자료 : 통계청, 「농림어업조사」,「농림어업총조사(0,5년)」 | G28: Source : Statistics Korea

Sheet 5.농업진흥지역지정
A1: 200 / Ⅵ. 농림수산업
A3: 5. 농업진흥지역 지정
A4: 5. Land Designated for Agricultural Promotion
A5: 단위 : ha | E5: Unit : ha
A6: 연별 및 시군별 Year & Si, Gun | C6: 합 계 Total | D6: 농업진흥구역 Agricultural promotion land | E6: 농업보호구역 Agricultural conservation land
A8: 2009 | C8: 152821.4 | D8: 134988.5 | E8: 17832.9
A9: 2010 | C9: 152677 | D9: 134874.3 | E9: 17802.7
A10: 2011 | C10: 152430 | D10: 134664.1 | E10: 17765.9
A11: 2012 | C11: 152148.6 | D11: 134422.6 | E11: 17726
A12: 2013 | C12: =SUM(C14:C36) -> 152078.6 | D12: =SUM(D14:D36) -> 134370.1 | E12: =SUM(E14:E36) -> 17708.5
A14: 포항시 | B14: Pohang | C14: 8195.3 | D14: 7247.3 | E14: 948
A15: 경주시 | B15: Gyeongju | C15: 10686.1 | D15: 9415.1 | E15: 1271
A16: 김천시 | B16: Gimcheon | C16: 7816.8 | D16: 7141.6 | E16: 675.2
A17: 안동시 | B17: Andong | C17: 7292.1 | D17: 6695.7 | E17: 596.4
A18: 구미시 | B18: Gumi | C18: 7799.7 | D18: 7341.6 | E18: 458.1
A19: 영주시 | B19: Yeongju | C19: 6482 | D19: 6028.7 | E19: 453.3
A20: 영천시 | B20: Yeongcheon | C20: 10466.2 | D20: 7630.9 | E20: 2835.3
A21: 상주시 | B21: Sangju | C21: 17097.5 | D21: 15900.6 | E21: 1196.9
A22: 문경시 | B22: Mungyeong | C22: 6511 | D22: 5953.4 | E22: 557.6
A23: 경산시 | B23: Gyeongsan | C23: 6106.3 | D23: 4784.2 | E23: 1322.1
A24: 군위군 | B24: Gunwi | C24: 5061.2 | D24: 4434.3 | E24: 626.9
A25: 의성군 | B25: Uiseong | C25: 15209.2 | D25: 13160.5 | E25: 2048.7
... A36: 울릉군 | B36: Ulleung | C36: 0 | D36: 0 | E36: 0
A37: 자료 : 농업정책과 | E37: Source : Division of Agricultural Policy
A38: 주 : 2008년 자료부터 서식 변경(필지수 삭제)

Sheet 6.한국농어촌공사
G1: Ⅵ. Agriculture, Forestry and Fishing / 201
A3: 6. 한국농어촌공사
A4: 6. Korea Rural Community Corporation
A5: 단위 : ha, 명, 천원 | G5: Unit : ha, person, 1,000 Won
A6: 연별 및 지사별 Year & Branch | C6: 수혜면적 Benefited area | D6: 수혜자수 Beneficiaries | G6: 예산액 Budget
E7: 남 Male | F7: 여 Female
A8: 2009 | C8: 65996.6 | D8: 156761 | E8: … | F8: … | G8: 13868179
A9: 2010 | C9: 67560.6 | D9: 145287 | E9: … | F9: … | G9: 21341621
A10: 2011 | C10: 67967 | D10: 136048 | E10: … | F10: … | G10: 14394944
A11: 2012 | C11: 68873.4 | D11: 134576 | E11: … | F11: … | G11: 16064443
A12: 2013 | C12: =SUM(C14:C29) -> 66182.4 | D12: =SUM(D14:D29) -> 112157 | E12: … | F12: … | G12: =SUM(G14:G29) -> 15847308
A14: 포항지사 | B14: Pohang | C14: 4695.9 | D14: 8683 | E14: … | F14: … | G14: 1136694
A15: 경주지사 | B15: Gyeongju | C15: 8073 | D15: 10230 | E15: … | F15: … | G15: 1576230
A16: 안동지사 | B16: Andong | C16: 3644.5 | D16: 4189 | E16: … | F16: … | G16: 838597
A17: 구미지사 | B17: Gumi | C17: 5902.2 | D17: 10878 | E17: … | F17: … | G17: 1433342
A18: 영주지사 | B18: Yeongju | C18: 2432.6 | D18: 3365 | E18: … | F18: … | G18: 553442
A19: 영천지사 | B19: Yeongcheon | C19: 2735.8 | D19: 7414 | E19: … | F19: … | G19: 793312
A20: 상주지사 | B20: Sangju | C20: 6203.9 | D20: 8526 | E20: … | F20: … | G20: 1521343
A21: 문경지사 | B21: Mungyeong | C21: 2441.3 | D21: 4749 | E21: … | F21: … | G21: 765977
A22: 경산지사 | B22: Gyeongsan | C22: 2724.9 | D22: 9957 | E22: … | F22: … | G22: 690065
A23: 의성.군위지사 | B23: Uiseong.Gunwi | C23: 7365.2 | D23: 10485 | E23: … | F23: … | G23: 1773977
A24: 청송지사 | B24: Cheongsong | C24: 1479.3 | D24: 4996 | E24: … | F24: … | G24: 866776
A25: 영덕.울진지사 | B25: Yeongdeok.Uljin | C25: 2940.7 | D25: 4579 | E25: … | F25: … | G25: 699028
... A29: 예천지사 | B29: Yecheon | C29: 5372.1 | D29: 3542 | E29: … | F29: … | G29: 719475
A30: 자료 : 한국농어촌공사 경북본부 | G30: Source : Korea Rural Community Corporation

Sheet 7.수리답 및 경지정리
A1: 202 / Ⅵ. 농림수산업
A3: 7. 수리답 및 경지정리 현황
A4: 7. Status of Rice Paddy Irrigation and Land Cultivation
A5: 단위 : ha, % | F5: Unit : ha, %
A6: 연 별 Year | B6: 면 적 Area | D6: 수리담수율 Water containing rate | E6: 경지정리 대상면적 Area of land subject to cultivation | F6: 경지정리율 Land cultivation rate
B8: 수리안전답 Well irrigated paddy | C8: 기타수리답 Other irrigated paddy
A11: 2009 | B11: 75418 | C11: 49468 | D11: 86.6 | E11: 200947 | F11: 92.4
A12: 2010 | B12: 74734.5 | C12: 47260 | D12: 86.5 | E12: 114167 | F12: 88.9
A13: 2011 | B13: 78358 | C13: 42102 | D13: 87 | E13: 113868 | F13: 89.4
A14: 2012 | B14: 81632 | C14: 39038 | D14: 86.3 | E14: 107653 | F14: 64.5
A15: 2013 | B15: 80963 | C15: 38955 | D15: 85.4 | E15: 113584 | F15: 89.8
A16: 자료 : 농촌개발과 | F16: Source : Division of Rural Development
N24: 0

Sheet 8.수리시설 및 방조제
I1: Ⅵ. Agriculture, Forestry and Fishing / 203
A3: 8. 수리시설 및 방조제 현황
A4: 8. Irrigation Facilities and Sea Walls
A5: 단위 : ha | I5: Unit : ha
A6: 연별 Year | B6: 저수지 Reservoir | C6: 양수장 Water-gathering placer | D6: 집수암거 Underdrain for collective water | E6: 취입보 Irrigation reservoir | F6: 방 조 제 Sea walls management
F8: 국가 Nation-run | G8: 도 Province | H8: 시군 Si, Gun | I8: 민간관리자 Civilian
A11: 2009 | B11: 5553 | C11: 1647 | D11: 503 | E11: 3121 | F11: 0 | G11: 0 | H11: 0 | I11: 0
A12: 2010 | B12: 5551 | C12: 1657 | D12: 502 | E12: 3122 | F12: 0 | G12: 0 | H12: 0 | I12: 0
A13: 2011 | B13: 5547 | C13: 1774 | D13: 502 | E13: 3122 | F13: 0 | G13: 0 | H13: 0 | I13: 0
A14: 2012 | B14: 5544 | C14: 1813 | D14: 502 | E14: 3124 | F14: 0 | G14: 0 | H14: 0 | I14: 0
A15: 2013 | B15: 5229 | C15: 1707 | D15: 501 | E15: 3124 | F15: 0 | G15: 0 | H15: 0 | I15: 0
A16: 자료 : 농촌개발과 | I16: Source : Division of Rural Development
N24: 0

Sheet 9.식량작물생산량(정곡)
A1: 204 / Ⅵ. 농림수산업
A3: 9. 식량작물 생산량(정곡)
A4: 9. Production of Food Grain(polished)
A5: 단위 : ha, M/T | G5: Unit : ha, M/T
A6: 연 별 Year | B6: 합 계 Total | D6: 미 곡 Rice | F6: 맥 류 Wheat & Barley
B8: 면 적 Area | C8: 생산량 Production | D8: 면 적 Area | E8: 생산량 Production | F8: 면 적 Area | G8: 생산량 Production
A10: 2009 | B10: 145539 | C10: 743665 | D10: 122616 | E10: 680334 | F10: 1427 | G10: 3437
A11: 2010 | B11: 139092 | C11: 640932 | D11: 116596 | E11: 590301 | F11: 1125 | G11: 2871
A12: 2011 | B12: 135712 | C12: 633465 | D12: 110550 | E12: 570176 | F12: 928 | G12: 2429
A13: 2012 | B13: 136283 | C13: 630809 | D13: 111505 | E13: 563960 | F13: 697 | G13: 1789 | H13: 0.048702539
A14: 2013 | B14: 136052 | C14: 650013 | D14: 108501 | E14: 572207 | F14: 1014 | G14: 2755 | H14: =E24/C14 -> 0.054429681
A16: 연 별 Year | B16: 잡 곡 Miscellaneous grains | D16: 두 류 Beans | F16: 서 류 Potatoes
B18: 면 적 Area | C18: 생산량 Production | D18: 면 적 Area | E18: 생산량 Production | F18: 면 적 Area | G18: 생산량 Production
A20: 2009 | B20: 2555 | C20: 7931 | D20: 14295 | E20: 27340 | F20: 4646 | G20: 24623
A21: 2010 | B21: 2173 | C21: 5755 | D21: 14118 | E21: 19128 | F21: 5080 | G21: 22877
A22: 2011 | B22: 2579 | C22: 6135 | D22: 15947 | E22: 29102 | F22: 5708 | G22: 25623
A23: 2012 | B23: 2947 | C23: 7444 | D23: 15718 | E23: 30722 | F23: 5416 | G23: 26894
A24: 2013 | B24: 2593 | C24: 6024 | D24: 17571 | E24: 35380 | F24: 6373 | G24: 33647
A25: 자료 : 통계청, 「농작물생산조사」 | G25: Source : Statistics Korea

Sheet 9-1.미곡
I1: Ⅵ. Agriculture, Forestry and Fishing / 205
A3: 9-1. 미 곡
A4: 9-1. RICE
A5: 단위 : ha, M/T | I5: Unit : ha, M/T
A6: 연 별 Year | B6: 합 계 Total | D6: 논 벼 Paddy rice | G6: 밭 벼 Upland rice
B8: 면 적 Area | C8: 생산량 Production | D8: 면 적 Area | E8: 생산량 Production | G8: 면 적 Area | H8: 생산량 Production
F9: Kg/10a | I9: Kg/10a
A10: 2009 | B10: 122616 | C10: 680334 | D10: 122441 | E10: 679872 | F10: 555.26498 | G10: 175 | H10: 461 | I10: 264
A11: 2010 | B11: 116596 | C11: 590301.32 | D11: 116472 | E11: 589985.97 | F11: 506.54747 | G11: 124 | H11: 315.34764 | I11: 254.31261
A12: 2011 | B12: 110550 | C12: 570175.59 | D12: 110458 | E12: 569948.33 | F12: 515.98646 | G12: 92 | H12: 227.26221 | I12: 247.02414
A13: 2012 | B13: 111505 | C13: 563960 | D13: 111459 | E13: 563846 | F13: 506 | G13: 46 | H13: 114 | I13: 248
A14: 2013 | B14: 108501 | C14: 556808 | D14: 108479 | E14: 556769 | F14: 513 | G14: 22 | H14: 40 | I14: 180
A15: 자료 : 통계청, 「농작물생산조사」 | I15: Source : Statistics Korea
A16: 주 : 미곡 중 백미의 생산량 수록

Sheet 9-2.맥류
A1: 206 / Ⅵ. 농림수산업
A3: 9-2. 맥 류
A4: 9-2. Wheat and Barley
A5: 단위 : ha, M/T | I5: Unit : ha, M/T
A6: 연 별 Year | B6: 합 계 Total | D6: 겉보리 Unhulled barley | G6: 쌀보리 Naked barley
B8: 면 적 Area | C8: 생산량 Production | D8: 면 적 Area | E8: 생산량 Production | G8: 면 적 Area | H8: 생 산 량 Production
F9: Kg/10a | I9: Kg/10a
A10: 2009 | B10: 1427 | C10: 3437 | D10: 1078 | E10: 2569 | F10: 238.31169 | G10: 341 | H10: 851 | I10: 249
A11: 2010 | B11: 1125 | C11: 2871 | D11: 583 | E11: 1385 | F11: 237 | G11: 414 | H11: 1011 | I11: 244
A12: 2011 | B12: 928 | C12: 2429 | D12: 450 | E12: 1090 | F12: 242 | G12: 314 | H12: 726 | I12: 231
A13: 2012 | B13: 697 | C13: 1789 | D13: 460 | E13: 1029 | F13: 224 | G13: 132 | H13: 392 | I13: 297
A14: 2013 | B14: 1014 | C14: 2653 | D14: 668 | E14: 1763 | F14: 264 | G14: 229 | H14: 649 | I14: 283
A16: 연 별 Year | B16: 밀 Wheat | E16: 호 밀 Rye | H16: 맥주보리 Beer barley
B18: 면 적 Area | C18: 생산량 Production | E18: 면 적 Area | F18: 생 산 량 Production | H18: 면 적 Area | I18: 생 산 량 Production
D19: Kg/10a | G19: Kg/10a
A20: 2009 | B20: 8 | C20: 17 | D20: 216 | E20: 0 | F20: 0 | G20: 0 | H20: 0 | I20: 0
A21: 2010 | B21: 128 | C21: 475 | D21: 371 | E21: 0 | F21: 0 | G21: 0 | H21: 0 | I21: 0
A22: 2011 | B22: 164 | C22: 613 | D22: 374 | E22: 0 | F22: 0 | G22: 0 | H22: 0 | I22: 0
A23: 2012 | B23: 105 | C23: 368 | D23: 350 | E23: 0 | F23: 0 | G23: 0 | H23: 0 | I23: 0
A24: 2013 | B24: 117 | C24: 241 | D24: 206 | E24: 0 | F24: 0 | G24: 0 | H24: 0 | I24: 0
A25: 자료 : 통계청,「농작물생산조사」 | I25: Source : Statistics Korea

Sheet 9-3.잡곡
J1: Ⅵ. Agriculture, Forestry and Fishing / 207
A3: 9-3. 잡 곡
A4: 9-3. Miscellaneous Grains
A5: 단위 : ha, M/T | J5: Unit : ha, M/T
A6: 연 별 Year | B6: 합 계 Total | E6: 조 Millet | H6: 수 수 Sorghum
B8: 면 적 Area | C8: 생산량 Production | E8: 면 적 Area | F8: 생산량 Production | H8: 면 적 Area | I8: 생산량 Production
G9: Kg/10a | J9: Kg/10a
A10: 2009 | B10: 2555 | C10: 7931 | E10: 107 | F10: 152 | G10: 142.05607 | H10: 252 | I10: 451 | J10: 178.96825
A11: 2010 | B11: 2173 | C11: 5755 | E11: 0 | F11: 0 | G11: 0 | H11: 0 | I11: 0 | J11: 0
A12: 2011 | B12: 2579 | C12: 6135 | E12: 0 | F12: 0 | G12: 0 | H12: 0 | I12: 0 | J12: 0
A13: 2012 | B13: 2947 | C13: 7444 | E13: 0 | F13: 0 | G13: 0 | H13: 0 | I13: 0 | J13: 0
A14: 2013 | B14: 2593 | C14: 6024 | E14: 0 | F14: 0 | G14: 0 | H14: 0 | I14: 0 | J14: 0
A16: 연 별 Year | B16: 옥수수 Corn | E16: 메 밀 Buckwheat | H16: 기 타 Others
B18: 면 적 Area | C18: 생산량 Production | E18: 면 적 Area | F18: 생산량 Production | H18: 면 적 Area | I18: 생산량 Production
D19: Kg/10a | G19: Kg/10a | J19: Kg/10a
A20: 2009 | B20: 1308 | C20: 6148 | D20: 470 | E20: 523 | F20: 596 | G20: 113.95793 | H20: 365 | I20: 584 | J20: 160
A21: 2010 | B21: 1048 | C21: 4276 | D21: 408.01527 | E21: 365 | F21: 369 | G21: 101.09589 | H21: 760 | I21: 1110 | J21: 146.05263
A22: 2011 | B22: 1028 | C22: 4482 | D22: 435.99222 | E22: 526 | F22: 484 | G22: 92.015209 | H22: 1025 | I22: 1169 | J22: 114.04878
A23: 2012 | B23: 1280 | C23: 5427 | D23: 423.98438 | E23: 360 | F23: 331 | G23: 91.944444 | H23: 1307 | I23: 1686 | J23: 128.9977
A24: 2013 | B24: 884 | C24: 3766 | D24: 426 | E24: 488 | F24: 439 | G24: 90 | H24: 1221 | I24: 1819 | J24: 149
A25: 자료 : 통계청,「농작물생산조사」 | J25: Source : Statistics Korea

Sheet 9-4.두류
A1: 208 / Ⅵ. 농림수산업
A3: 9-4. 두 류
A4: 9-4. Beans
A5: 단위 : ha, M/T | J5: Unit : ha, M/T
A6: 연 별 Year | B6: 합 계 Total | E6: 콩 Soybean | H6: 팥 Redbean
B8: 면 적 Area | C8: 생산량 Production | E8: 면 적 Area | F8: 생산량 Production | H8: 면 적 Area | I8: 생산량 Production
G9: Kg/10a | J9: Kg/10a
A10: 2009 | B10: 14295 | C10: 27340 | E10: 12694 | F10: 25014 | G10: 197.05373 | H10: 803 | I10: 859 | J10: 106.97385
A11: 2010 | B11: 14118 | C11: 19128 | E11: 12606 | F11: 17179 | G11: 136.27638 | H11: 604 | I11: 628 | J11: 103.97351
A12: 2011 | B12: 15947 | C12: 29101.637 | E12: 14497 | F12: 27344.637 | G12: 188.62273 | H12: 578 | I12: 590 | J12: 102.07612
A13: 2012 | B13: 15718 | C13: 30722 | E13: 14288 | F13: 29075 | G13: 203.49244 | H13: 581 | I13: 529 | J13: 91.049914
A14: 2013 | B14: 17571 | C14: 35380 | E14: 15695 | F14: 33102 | G14: 211 | H14: 892 | I14: 838 | J14: 94
A16: 연 별 Year | B16: 녹 두 Green bean | E16: 기 타 Others | H16: 비 고 Note
B18: 면 적 Area | C18: 생산량 Production | E18: 면 적 Area | F18: 생산량 Production
D19: Kg/10a | G19: Kg/10a
A20: 2009 | B20: 57 | C20: 67 | D20: 117 | E20: 741 | F20: 1400 | G20: 188.93387
A21: 2010 | B21: 130 | C21: 131 | D21: 100.76923 | E21: 778 | F21: 1190 | G21: 152.9563
A22: 2011 | B22: 85 | C22: 89 | D22: 104.70588 | E22: 787 | F22: 1078 | G22: 136.97586
A23: 2012 | B23: 54 | C23: 53 | D23: 98.148148 | E23: 795 | F23: 1065 | G23: 133.96226
A24: 2013 | B24: 78 | C24: 72 | D24: 92 | E24: 906 | F24: 1368 | G24: 151
A25: 자료 : 통계청,「농작물생산조사」 | J25: Source : Statistics Korea

Sheet 9-5.서류
F1: Ⅵ. Agriculture, Forestry and Fishing / 209
A3: 9-5. 서 류
A4: 9-5. Potatoes
A5: 단위 : ha, M/T | F5: Unit : ha, M/T
A6: 연 별 Year | B6: 합계 Total | D6: 고구마 Sweet potato
B7: 면적 Area | C7: 생산량 Production | D7: 면적 Area | E7: 생산량 Production
F8: ㎏/10a
A9: 2009 | B9: 4646 | C9: 107529 | D9: 1866 | E9: 28363 | F9: 1519.9893
A10: 2010 | B10: 5080 | C10: 98527 | D10: 1974 | E10: 28860 | F10: 1462.0061
A11: 2011 | B11: 5708 | C11: 114533 | D11: 1816 | E11: 24643 | F11: 1356.9934
A12: 2012 | B12: 5416 | C12: 118514 | D12: 2093 | E12: 29051 | F12: 1388.0076
A13: 2013 | B13: 6373 | C13: 153563 | D13: 1951 | E13: 26592 | F13: 1363
A15: 연 별 Year | B15: 감자 White potato | E15: 비 고 Note
B16: 면적 Area | C16: 생산량 Production
D17: ㎏/10a
A18: 2009 | B18: 2780 | C18: 79166 | D18: 2847.6978
A19: 2010 | B19: 3106 | C19: 69667 | D19: 2242.9813
A20: 2011 | B20: 3892 | C20: 89890 | D20: 2309.6095
A21: 2012 | B21: 3323 | C21: 89463 | D21: 2692.2359
A22: 2013 | B22: 4422 | C22: 126971 | D22: 2871
A23: 자료 : 통계청,「농작물생산조사」 | F23: Source : Statistics Korea
A24: 주 : 2009년 자료부터 서식 변경("정곡" 항목 삭제)

Sheet 10.채소류생산량 
A1: 210 / Ⅵ. 농림수산업
A3: 10. 채소류 생산량
A5: 단위 : ha, M/T | J5: Unit : ha, M/T
A6: 연 별 | B6: 과채류 Fruit vegetables
E7: 수박 Water melon | H7: 참외 Sweet melon
B8: 면적 Area | C8: 생산량 Production | E8: 면적 Area | F8: 생산량 Production | H8: 면적 Area | I8: 생산량 Production
G9: Kg/10a | J9: Kg/10a
A11: 2009 | B11: 12237 | C11: 488181 | E11: 3131 | F11: 123118 | G11: 3932 | H11: 5635 | I11: 198170 | J11: 3517
A12: 2010 | B12: 11042 | C12: 446961 | E12: 2435 | F12: 96759 | G12: 3973.6756 | H12: 5393 | I12: 186028 | J12: 3449.4345
A13: 2011 | B13: 10576 | C13: 394530 | E13: 2411 | F13: 86400 | G13: 3583.5753 | H13: 5149 | I13: 161622 | J13: 3138.9008
A14: 2012 | B14: 10573 | C14: 400435 | E14: 2329 | F14: 85886 | G14: 3687.6771 | H14: 5054 | I14: 165767 | J14: 3279.9169
A15: 2013 | B15: 10512 | C15: 402086 | E15: 2288 | F15: 97098 | G15: 4243.7937 | H15: 4848 | I15: 159540 | J15: 3290.8416
A17: 연 별 | B17: 과 채 류 Fruit vegetables
B18: 딸기 Strawberry | E18: 오이 Cucumber | H18: 호박 Pumpkin
B19: 면적 Area | C19: 생산량 Production | E19: 면적 Area | F19: 생산량 Production | H19: 면적 Area | I19: 생산량 Production
D20: Kg/10a | G20: Kg/10a | J20: Kg/10a
A22: 2009 | B22: 363 | C22: 10720 | D22: 2953 | E22: 796 | F22: 67727 | G22: 8508 | H22: 1610 | I22: 44794 | J22: 2782
A23: 2010 | B23: 338 | C23: 8999 | D23: 2662.426 | E23: 632 | F23: 58634 | G23: 9277.5316 | H23: 1555 | I23: 43274 | J23: 2782.8939
A24: 2011 | B24: 255 | C24: 7002 | D24: 2745.8824 | E24: 610 | F24: 57451 | G24: 9418.1967 | H24: 1580 | I24: 39807 | J24: 2519.4304
A25: 2012 | B25: 270 | C25: 7724 | D25: 2860.7407 | E25: 581 | F25: 49981 | G25: 8602.5818 | H25: 1721 | I25: 43306 | J25: 2516.3277
A26: 2013 | B26: 390 | C26: 11938 | D26: 3061.0256 | E26: 561 | F26: 46624 | G26: 8310.8734 | H26: 1816 | I26: 46040 | J26: 2535.2423
A27: 자료 : 통계청,「농작물생산조사」
J28: Ⅵ. Agriculture, Forestry and Fishing / 211
A30: 10. Vegetable Production
J32: Unit : ha, M/T
A33: 과채류 Fruit vegetables | D33: 엽채류 Leafy and Stem vegetables | J33: Year
A34: 토마토 Tomato | G34: 배추 Chinese cabbage
A35: 면적 Area | B35: 생산량 Production | D35: 면적 Area | E35: 생산량 Production | G35: 면적 Area | H35: 생산량 Production
C36: Kg/10a | I36: Kg/10a
A38: 702 | B38: 43652 | C38: 6218 | D38: 6329 | E38: 348651 | G38: 4321 | H38: 293110 | I38: 6783 | J38: 2009
A39: 689 | B39: 53267 | C39: 7731.0595 | D39: 5594 | E39: 258343 | G39: 3590 | H39: 202820 | I39: 5649.5822 | J39: 2010
A40: 571 | B40: 42248 | C40: 7398.9492 | D40: 6939 | E40: 391436 | G40: 4765 | H40: 331542 | I40: 6957.8594 | J40: 2011
A41: 618 | B41: 47771 | C41: 7729.9353 | D41: 5502 | E41: 292144 | G41: 3365 | H41: 231990 | I41: 6894.2051 | J41: 2012
A42: 609 | B42: 40846 | C42: 6707.0608 | D42: 5663 | E42: 310220 | G42: 3918 | H42: 260926 | I42: 6659.6733 | J42: 2013
A44: 엽채류 Leafy and Stem vegetable | J44: Year
A45: 시금치 Spinach | D45: 상추 Lettuce | G45: 양배추 cabbage
A46: 면적 Area | B46: 생산량 Production | D46: 면적 Area | E46: 생산량 Production | G46: 면적 Area | H46: 생산량 Production
C47: Kg/10a | F47: Kg/10a | I47: Kg/10a
A49: 760 | B49: 11152 | C49: 1467 | D49: 559 | E49: 13894 | F49: 2486 | G49: 689 | H49: 30495 | I49: 4426 | J49: 2009
A50: 734 | B50: 12315 | C50: 1677.7929 | D50: 704 | E50: 17461 | F50: 2480.2557 | G50: 566 | H50: 25747 | I50: 4548.9399 | J50: 2010
A51: 918 | B51: 15594 | C51: 1698.6928 | D51: 585 | E51: 14608 | F51: 2497.094 | G51: 671 | H51: 29692 | I51: 4425.0373 | J51: 2011
A52: 724 | B52: 11711 | C52: 1617.5414 | D52: 690 | E52: 18077 | F52: 2619.8551 | G52: 723 | H52: 30366 | I52: 4200 | J52: 2012
A53: 669 | B53: 9563 | C53: 1429.4469 | D53: 439 | E53: 11760 | F53: 2678.8155 | G53: 637 | H53: 27971 | I53: 4391.0518 | J53: 2013
E54: Source : Statistics Korea
A55: 212 / Ⅵ. 농림수산업
A57: 10. 채소류 생산량(계속)
A59: 단위 : ha, M/T
B60: 근채류 Root vegetables
E61: 무 Radish | H61: 당근 Carrot
A62: 연 별 | B62: 면적 Area | C62: 생산량 Production | E62: 면적 Area | F62: 생산량 Production | H62: 면적 Area | I62: 생산량 Production
G63: Kg/10a | J63: Kg/10a
A65: 2009 | B65: 2250 | C65: 95202 | E65: 2115 | F65: 92267 | G65: 4363 | H65: 135 | I65: 2935 | J65: 2174
A66: 2010 | B66: 1773 | C66: 63812 | E66: 1671 | F66: 61702 | G66: 3692.5194 | H66: 102 | I66: 2110 | J66: 2068.6275
A67: 2011 | B67: 2221 | C67: 87216 | E67: 2048 | F67: 83465 | G67: 4075.4395 | H67: 173 | I67: 3751 | J67: 2168.2081
A68: 2012 | B68: 1733 | C68: 67520 | E68: 1503 | F68: 61915 | G68: 4119.4278 | H68: 230 | I68: 5605 | J68: 2436.9565
A69: 2013 | B69: 2188 | C69: 80812 | E69: 1868 | F69: 73695 | G69: 3945.1285 | H69: 320 | I69: 7117 | J69: 2224.0625
B71: 조미채소 Flovour vegetables
E72: 고추 Red pepper | H72: 파 Welsh onion
A73: 연 별 | B73: 면적 Area | C73: 생산량 Production | E73: 면적 Area | F73: 생산량 Production | H73: 면적 Area | I73: 생산량 Production
G74: Kg/10a | J74: Kg/10a
A76: 2009 | B76: 15886 | C76: 306090 | E76: 12075 | F76: 43202 | G76: 310 | H76: 1075 | I76: 23412 | J76: 2178
A77: 2010 | B77: 16527 | C77: 289153.33 | E77: 12122 | F77: 37735.059 | G77: 311.29401 | H77: 1190 | I77: 25863 | J77: 2173.3613
A78: 2011 | B78: 15739 | C78: 289171.59 | E78: 11157 | F78: 32136.14 | G78: 288.03567 | H78: 1449 | I78: 32026 | J78: 2210.2139
A79: 2012 | B79: 16623 | C79: 290040 | E79: 12354 | F79: 40084 | G79: 324.46171 | H79: 1258 | I79: 27682 | J79: 2200.4769
A80: 2013 | B80: 19862 | C80: 324868 | E80: 11002 | F80: 40728 | G80: 370.18724 | H80: 1152 | I80: 25610 | J80: 2223.0903
A81: 자료 : 통계청,「농작물생산조사」
J82: Ⅵ. Agriculture, Forestry and Fishing / 213
A84: 10. Vegetable Production(Cont'd)
J86: Unit : ha, M/T
A87: 조미채소 Flavour vegetables | J87: Year
A88: 양파 Onion | E88: 생강 Ginger
A89: 면적 Area | B89: 생산량 Production | E89: 면적 Area | G89: 생산량 Production
D90: Kg/10a | I90: Kg/10a
A92: 2368 | B92: 186610 | D92: 7880 | E92: 368 | G92: 5792 | I92: 1574 | J92: 2009
A93: 2695 | B93: 178229.56 | D93: 6613.3417 | E93: 520 | G93: 8440 | I93: 1623 | J93: 2010
A94: 2397 | B94: 169395.49 | D94: 7066.979 | E94: 736 | G94: 11504 | I94: 1563 | J94: 2011
A95: 2370 | B95: 152452 | D95: 6433 | E95: 641 | G95: 9743 | I95: 1520 | J95: 2012
A96: 2373 | B96: 177115 | D96: 7463.759 | E96: 840 | G96: 13171 | I96: 1567.9762 | J96: 2013
A98: 조미채소 Flavour vegetables | J98: Year
A99: 마늘 Garlic | H99: 비 고 Note
A100: 면적 Area | C100: 생산량 Production
F101: Kg/10a
A103: 3492 | D103: 47075 | F103: 1348 | J103: 2009
A104: 3019 | D104: 38885.714 | F104: 1288.0329 | J104: 2010
A105: 3518 | D105: 44109.96 | F105: 1253.8363 | J105: 2011
A106: 4381 | D106: 60079 | F106: 1371 | J106: 2012
A107: 4495 | D107: 68244 | F107: 1518.2202 | J107: 2013
J108: Source : Statistics Korea

Sheet 11.특용작물생산량
A1: 214 / Ⅵ. 농림수산업
A3: 11. 특용작물 생산량
A4: 11. Production of Oil seeds and Cash Crops
A5: 단위 : ha, M/T | G5: Unit : ha, M/T
A6: 연 별 Year | B6: 참 깨 Sesame | E6: 들 깨 Wild sesame
B8: 면 적 Area | C8: 생산량 Production | E8: 면 적 Area | F8: 생산량 Production
D9: Kg/10a | G9: Kg/10a
A10: 2009 | B10: 6294 | C10: 2675 | D10: 42 | E10: 2304 | F10: 1912 | G10: 83
A11: 2010 | B11: 5204 | C11: 2548 | D11: 49 | E11: 4496 | F11: 3956 | G11: 88
A12: 2011 | B12: 5304 | C12: 2562 | D12: 48 | E12: 3160 | F12: 3034 | G12: 96.08
A13: 2012 | B13: 4929 | C13: 2419 | D13: 49 | E13: 2637 | F13: 3006 | G13: 114
A14: 2013 | B14: 4599 | C14: 2744 | D14: 60 | E14: 2798 | F14: 4197 | G14: 150
A16: 연 별 Year | B16: 땅 콩 Peanut | E16: 유 채 Rapeseed
B18: 면 적 Area | C18: 생산량 Production | E18: 면 적 Area | F18: 생산량 Production
D19: Kg/10a | F19: Production | G19: Kg/10a
A20: 2009 | B20: 1176 | C20: 2646 | D20: 225 | E20: 0 | F20: 0 | G20: 0
A21: 2010 | B21: 1339 | C21: 3455 | D21: 258 | E21: 0 | F21: 0 | G21: 0
A22: 2011 | B22: 1434 | C22: 4001 | D22: 279.52 | E22: 0 | F22: 0 | G22: 0
A23: 2012 | B23: 1280 | C23: 3187 | D23: 249 | E23: 0 | F23: 0 | G23: 0
A24: 2013 | B24: 1049 | C24: 2612 | D24: 249 | E24: 0 | F24: 0 | G24: 0
A25: 자료 : 통계청,「농작물생산조사」 | G25: Source : Statistics Korea

Sheet 12.과실류생산량
G1: Ⅵ. Agriculture, Forestry and Fishing / 215 | H1: 216 / Ⅵ. 농림수산업
A3: 12. 과실류 생산량 | I3: 12. 과실류 생산량(계속)
A4: 12. Fruit Production | I4: 12. Fruit Production(Cont'd)
A5: 단위 : ha, M/T | G5: Unit : ha, M/T | H5: 단위 : ha, M/T | N5: Unit : ha, M/T
A6: 연 별 Year | B6: 합 계 Total | E6: 사 과 Apple | H6: 연 별 Year | I6: 포 도 Grape | L6: 감 Persimmon | O6: 연 별 Year
B8: 면 적 Area | C8: 생산량 Production | E8: 면 적 Area | F8: 생산량 Production | I8: 면 적 Area | J8: 생산량 Production | L8: 면 적 Area | M8: 생산량 Production
G9: Kg/10a | K9: Kg/10a | N9: Kg/10a
A10: 2009 | B10: 54310 | D10: 837254 | E10: 19339 | F10: 304517 | G10: 1575 | H10: 2009 | I10: 8347 | J10: 165771 | K10: 1986 | L10: 8426 | M10: 134542 | N10: 1597 | O10: 2009
A11: 2010 | B11: 55021 | D11: 775193 | E11: 19543 | F11: 292707 | G11: 1498 | H11: 2010 | I11: 8341 | J11: 157058 | K11: 1883 | L11: 8578 | M11: 135938 | N11: 1585 | O11: 2010
A12: 2011 | B12: 54920 | C12: 728275 | E12: 19470 | F12: 240865 | G12: 1237 | H12: 2011 | I12: 8306 | J12: 132398 | K12: 1594 | L12: 8512 | M12: 136888 | N12: 1608.1767 | O12: 2011
A13: 2012 | B13: 54321 | C13: 767395 | E13: 19024 | F13: 251661 | G13: 1323 | H13: 2012 | I13: 8306 | J13: 152415 | K13: 1835 | L13: 8378 | M13: 147767 | N13: 1764 | O13: 2012
A14: 2013 | B14: 53974 | D14: 789619 | E14: 18895 | F14: 309129 | G14: 1636 | H14: 2013 | I14: 8247 | J14: 140199 | K14: 1700 | L14: 7968 | M14: 121979 | N14: 1531 | O14: 2012
A16: 연 별 Year | B16: 배 Pear | E16: 복숭아 Peach | H16: 연 별 Year | I16: 자 두 Korean plums | L16: 기 타 Others | O16: Year
B18: 면 적 Area | C18: 생산량 Production | E18: 면 적 Area | F18: 생산량 Production | I18: 면 적 Area | J18: 생산량 Production | L18: 면 적 Area | M18: 생산량 Production
D19: Kg/10a | G19: Kg/10a | K19: Kg/10a | N19: Kg/10a
A20: 2009 | B20: 2197 | C20: 47701 | D20: 2171 | E20: 5608 | F20: 87148 | G20: 1554 | H20: 2009 | I20: 4689 | J20: 54111 | K20: 1154 | L20: 5704 | M20: 43464 | N20: 762 | O20: 2009
A21: 2010 | B21: 1995 | C21: 36167 | D21: 1813 | E21: 6011 | F21: 60587 | G21: 1008 | H21: 2010 | I21: 4926 | J21: 53737 | K21: 1091 | L21: 5627 | M21: 38999 | N21: 693 | O21: 2010
A22: 2011 | B22: 1849 | C22: 39548 | D22: 2139 | E22: 6335 | F22: 95595 | G22: 1509 | H22: 2011 | I22: 4786 | J22: 49009 | K22: 1024 | L22: 5662 | M22: 33972 | N22: 600 | O22: 2011
A23: 2012 | B23: 1789 | C23: 30309 | D23: 1694 | E23: 6730 | F23: 111583 | G23: 1658 | H23: 2012 | I23: 4787 | J23: 49354 | K23: 1031 | L23: 5307 | M23: 24306 | N23: 458 | O23: 2012
A24: 2013 | B24: 1748 | C24: 33387 | D24: 1910 | E24: 7180 | F24: 111793 | G24: 1557 | H24: 2013 | I24: 4706 | J24: 47766 | K24: 1015 | L24: 5230 | M24: 25366 | N24: 485 | O24: 2012
A25: 자료 : 통계청,「농작물생산조사」 | G25: Source : Statistics Korea | H25: 자료 : 통계청,「농작물생산조사」 | N25: Source : Statistics Korea

Sheet 13.공공비축 미곡 매입실적
K1: Ⅵ. Agriculture, Forestry and Fishing / 217
A3: 13. 공공비축 미곡 매입실적(정곡)
A4: 13. Government-Purchased Rice by Class and Kind(Polished)
A5: 단위 : 1,000㎏ | K5: Unit : 1,000 ㎏
A6: 연별 및 시군별 Year & Si, Gun | C6: 실적 Purchased quantity | D6: 등급별 By class | I6: 종류별 By Kind
D8: 특등 Special grade | E8: 1등 1st grade | F8: 2등 2nd grade | G8: 3등 3rd grade | H8: 잠정등외 Potential off-grade | I8: 일반매입 Ordinary purchase | J8: 종자 Seed | K8: 기 타 (회수) Others
A11: 2009 | C11: 154939.48 | D11: 70973.8 | E11: 79667.08 | F11: 3945.56 | G11: 353.04 | H11: 0 | I11: 154939.48 | J11: 0 | K11: 0
A12: 2010 | C12: 65443.565 | D12: 14387.558 | E12: 47610.432 | F12: 3375.8496 | G12: 69.7248 | H12: 0 | I12: 65443.565 | J12: 0 | K12: 0
A13: 2011 | C13: 46890.92 | D13: 15721.98 | E13: 30211.86 | F13: 934.24 | G13: 22.84 | H13: 0 | I13: 46890.92 | J13: 0 | K13: 0
A14: 2012 | C14: 62346.23 | D14: 14521.05 | E14: 44390.06 | F14: 3268.23 | G14: 166.89 | H14: 0 | I14: 62346.23 | J14: 0 | K14: 0
A15: 2013 | C15: =SUM(C17:C39) -> 63945.78 | D15: =SUM(D17:D39) -> 20351.03 | E15: =SUM(E17:E39) -> 41613.57 | F15: =SUM(F17:F39) -> 1901.31 | G15: =SUM(G17:G39) -> 79.87 | H15: =SUM(H17:H39) -> 0 | I15: =SUM(I17:I39) -> 63945.78 | J15: =SUM(J17:J39) -> 0 | K15: =SUM(K17:K39) -> 0
A17: 포항시 | B17: Pohang | C17: 3784.32 | D17: 1308.96 | E17: 2439.53 | F17: 35.83 | G17: 0 | H17: 0 | I17: 3784.32 | J17: 0 | K17: 0
A18: 경주시 | B18: Gyeongju | C18: 5362.56 | D18: 1965.43 | E18: 3360.24 | F18: 36.89 | G18: 0 | H18: 0 | I18: 5362.56 | J18: 0 | K18: 0
A19: 김천시 | B19: Gimcheon | C19: 4075.2 | D19: 1372.23 | E19: 2565.13 | F19: 132.91 | G19: 4.93 | H19: 0 | I19: 4075.2 | J19: 0 | K19: 0
A20: 안동시 | B20: Andong | C20: 1765.44 | D20: 409.51 | E20: 1292.05 | F20: 63.88 | G20: 0 | H20: 0 | I20: 1765.44 | J20: 0 | K20: 0
A21: 구미시 | B21: Gumi | C21: 3215.2 | D21: 1524.38 | E21: 1687.71 | F21: 3.11 | G21: 0 | H21: 0 | I21: 3215.2 | J21: 0 | K21: 0
A22: 영주시 | B22: Yeongju | C22: 1862.24 | D22: 620.75 | E22: 1209.23 | F22: 32.26 | G22: 0 | H22: 0 | I22: 1862.24 | J22: 0 | K22: 0
A23: 영천시 | B23: Yeongcheon | C23: 4146.48 | D23: 850.67 | E23: 2661.98 | F23: 571.31 | G23: 62.52 | H23: 0 | I23: 4146.48 | J23: 0 | K23: 0
A24: 상주시 | B24: Sangju | C24: 5302.08 | D24: 1582.1 | E24: 3647.43 | F24: 72.4 | G24: 0.15 | H24: 0 | I24: 5302.08 | J24: 0 | K24: 0
A25: 문경시 | B25: Mungyeong | C25: 4213.44 | D25: 1337.67 | E25: 2856.39 | F25: 19.38 | G25: 0 | H25: 0 | I25: 4213.44 | J25: 0 | K25: 0
A26: 경산시 | B26: Gyeongsan | C26: 1736.64 | D26: 782.96 | E26: 938.88 | F26: 14.8 | G26: 0 | H26: 0 | I26: 1736.64 | J26: 0 | K26: 0
A27: 군위군 | B27: Gunwi | C27: 3144 | D27: 994.8 | E27: 2081.24 | F27: 66.36 | G27: 1.6 | H27: 0 | I27: 3144 | J27: 0 | K27: 0
A28: 의성군 | B28: Uiseong | C28: 4933.44 | D28: 1803.17 | E28: 2711.46 | F28: 412.82 | G28: 5.99 | H28: 0 | I28: 4933.44 | J28: 0 | K28: 0
... A39: 울릉군 | B39: Ulleung | C39: 0 | D39: 0 | E39: 0 | F39: 0 | G39: 0 | H39: 0 | I39: 0 | J39: 0 | K39: 0
A40: 자료 : 친환경농업과 | K40: Source : Division of Environment-Friendly Agriculture

Sheet 14.정부관리양곡보관창고
A1: 218 / Ⅵ. 농림수산업 | Q1: Ⅵ. Agriculture, Forestry and Fishing / 219
A3: 14. 정부관리양곡 보관창고 | J3: 14. Warehouse of Government-controlled Grains
A5: 단위 : 개소, ㎡, M/T | Q5: Unit : number, ㎡, M/T
A6: 연별 및 시군별 | B6: 합 계 Total | E6: 정부창고 Government-run warehouse | H6: 농협창고 NACF-run warehouse | K6: 통운창고 Korea Express-run warehouse | N6: 민간창고 Private warehouse | Q6: Year & Si, Gun
B9: 동수 No.of warehouses | C9: 면적 Area | D9: 보관능력 Capacity | E9: 동수 No.of warehouses | F9: 면적 Area | G9: 보관능력 Capacity | H9: 동수 No.of warehouses | I9: 면적 Area | J9: 보관능력 Capacity | K9: 동수 No.of warehouses | L9: 면적 Area | M9: 보관능력 Capacity | N9: 동수 No.of warehouses | O9: 면적 Area | P9: 보관능력 Capacity
A11: 2009 | B11: 653 | C11: 241439 | D11: 452901 | E11: 0 | F11: 0 | G11: 0 | H11: 391 | I11: 132360 | J11: 239222 | K11: 0 | L11: 0 | M11: 0 | N11: 262 | O11: 109079 | P11: 213679 | Q11: 2009
A12: 2010 | B12: 653 | C12: 241439 | D12: 452901 | E12: 0 | F12: 0 | G12: 0 | H12: 391 | I12: 132360 | J12: 239222 | K12: 0 | L12: 0 | M12: 0 | N12: 262 | O12: 109079 | P12: 213679 | Q12: 2010
A13: 2011 | B13: 672 | C13: 249381.56 | D13: 471119 | E13: 0 | F13: 0 | G13: 0 | H13: 402 | I13: 134633.23 | J13: 245708 | K13: 0 | L13: 0 | M13: 0 | N13: 270 | O13: 114748.33 | P13: 225411 | Q13: 2011
A14: 2012 | B14: 672 | C14: 249381.56 | D14: 471119 | E14: 0 | F14: 0 | G14: 0 | H14: 402 | I14: 134633.23 | J14: 245708 | K14: 0 | L14: 0 | M14: 0 | N14: 270 | O14: 114748.33 | P14: 225411 | Q14: 2012
A15: 2013 | B15: =SUM(B17:B39) -> 594 | C15: =SUM(C17:C39) -> 223776.58 | D15: =SUM(D17:D39) -> 418566 | E15: =SUM(E17:E39) -> 0 | F15: =SUM(F17:F39) -> 0 | G15: =SUM(G17:G39) -> 0 | H15: =SUM(H17:H39) -> 328 | I15: =SUM(I17:I39) -> 111281.9 | ... P15: =SUM(P17:P39) -> 219604 | Q15: 2013
A17: 포항시 | B17: =SUM(E17,H17,K17,N17) -> 7 | C17: =SUM(F17,I17,L17,O17) -> 4374 | D17: =SUM(G17,J17,M17,P17) -> 8834 | E17: 0 | F17: 0 | G17: 0 | H17: 1 | I17: 331 | J17: 637 | K17: 0 | L17: 0 | M17: 0 | N17: 6 | O17: 4043 | P17: 8197 | Q17: Pohang
A18: 경주시 | B18: =SUM(E18,H18,K18,N18) -> 33 | C18: =SUM(F18,I18,L18,O18) -> 13674 | D18: =SUM(G18,J18,M18,P18) -> 24701 | E18: 0 | F18: 0 | G18: 0 | H18: 24 | I18: 9458 | J18: 16668 | K18: 0 | L18: 0 | M18: 0 | N18: 9 | O18: 4216 | P18: 8033 | Q18: Gyeongju
A19: 김천시 | B19: =SUM(E19,H19,K19,N19) -> 27 | C19: =SUM(F19,I19,L19,O19) -> 9918 | D19: =SUM(G19,J19,M19,P19) -> 18374 | E19: 0 | F19: 0 | G19: 0 | H19: 12 | I19: 4005 | J19: 7179 | K19: 0 | L19: 0 | M19: 0 | N19: 15 | O19: 5913 | P19: 11195 | Q19: Gimcheon
A20: 안동시 | B20: =SUM(E20,H20,K20,N20) -> 33 | C20: =SUM(F20,I20,L20,O20) -> 11863 | D20: =SUM(G20,J20,M20,P20) -> 23455 | E20: 0 | F20: 0 | G20: 0 | H20: 19 | I20: 6306 | J20: 11528 | K20: 0 | L20: 0 | M20: 0 | N20: 14 | O20: 5557 | P20: 11927 | Q20: Andong
A21: 구미시 | B21: =SUM(E21,H21,K21,N21) -> 27 | C21: =SUM(F21,I21,L21,O21) -> 9863 | D21: =SUM(G21,J21,M21,P21) -> 18486 | E21: 0 | F21: 0 | G21: 0 | H21: 14 | I21: 5290 | J21: 9912 | K21: 0 | L21: 0 | M21: 0 | N21: 13 | O21: 4573 | P21: 8574 | Q21: Gumi
A22: 영주시 | B22: =SUM(E22,H22,K22,N22) -> 17 | C22: =SUM(F22,I22,L22,O22) -> 6936 | D22: =SUM(G22,J22,M22,P22) -> 11531 | E22: 0 | F22: 0 | G22: 0 | H22: 14 | I22: 4621 | J22: 7650 | K22: 0 | L22: 0 | M22: 0 | N22: 3 | O22: 2315 | P22: 3881 | Q22: Yeongju
A23: 영천시 | B23: =SUM(E23,H23,K23,N23) -> 23 | C23: =SUM(F23,I23,L23,O23) -> 11159 | D23: =SUM(G23,J23,M23,P23) -> 21203 | E23: 0 | F23: 0 | G23: 0 | H23: 16 | I23: 5193 | J23: 9968 | K23: 0 | L23: 0 | M23: 0 | N23: 7 | O23: 5966 | P23: 11235 | Q23: Yeongcheon
A24: 상주시 | B24: =SUM(E24,H24,K24,N24) -> 109 | C24: =SUM(F24,I24,L24,O24) -> 38319.69 | D24: =SUM(G24,J24,M24,P24) -> 70272 | E24: 0 | F24: 0 | G24: 0 | H24: 57 | I24: 18430 | J24: 33098 | K24: 0 | L24: 0 | M24: 0 | N24: 52 | O24: 19889.69 | P24: 37174 | Q24: Sangju
A25: 문경시 | B25: =SUM(E25,H25,K25,N25) -> 41 | C25: =SUM(F25,I25,L25,O25) -> 13335.39 | D25: =SUM(G25,J25,M25,P25) -> 24565 | E25: 0 | F25: 0 | G25: 0 | H25: 15 | I25: 4931.9 | J25: 8674 | K25: 0 | L25: 0 | M25: 0 | N25: 26 | O25: 8403.49 | P25: 15891 | Q25: Mungyeong
A26: 경산시 | B26: =SUM(E26,H26,K26,N26) -> 7 | C26: =SUM(F26,I26,L26,O26) -> 2737 | D26: =SUM(G26,J26,M26,P26) -> 4444 | E26: 0 | F26: 0 | G26: 0 | H26: 7 | I26: 2737 | J26: 4444 | K26: 0 | L26: 0 | M26: 0 | N26: 0 | O26: 0 | P26: 0 | Q26: Gyeongsan
A27: 군위군 | B27: =SUM(E27,H27,K27,N27) -> 17 | C27: =SUM(F27,I27,L27,O27) -> 6499 | D27: =SUM(G27,J27,M27,P27) -> 10487 | E27: 0 | F27: 0 | G27: 0 | H27: 12 | I27: 4352 | J27: 6744 | K27: 0 | L27: 0 | M27: 0 | N27: 5 | O27: 2147 | P27: 3743 | Q27: Gunwi
A28: 의성군 | B28: =SUM(E28,H28,K28,N28) -> 55 | C28: =SUM(F28,I28,L28,O28) -> 19028.22 | D28: =SUM(G28,J28,M28,P28) -> 35625 | E28: 0 | F28: 0 | G28: 0 | H28: 15 | I28: 5169 | J28: 9345 | K28: 0 | L28: 0 | M28: 0 | N28: 40 | O28: 13859.22 | P28: 26280 | Q28: Uiseong
... A39: 울릉군 | B39: =SUM(E39,H39,K39,N39) -> 1 | C39: =SUM(F39,I39,L39,O39) -> 178 | D39: =SUM(G39,J39,M39,P39) -> 220 | E39: 0 | F39: 0 | G39: 0 | H39: 1 | I39: 178 | J39: 220 | K39: 0 | L39: 0 | M39: 0 | N39: 0 | O39: 0 | P39: 0 | Q39: Ulleung
A40: 자료 : 친환경농업과 | Q40: Source : Division of Environment-Friendly Agriculture

Sheet 15.정부양곡가공공장
A1: 220 / Ⅵ. 농림수산업
A3: 15. 정부관리양곡 가공공장
A4: 15. Processing Plants of Government-controlled Grains
A5: 단위 : 개 | I5: Unit : number
A6: 연별 및 시군별 Year & Si, Gun | C6: 공장수 Number of plants | D6: 원동기 By motor type(HP) | F6: 생산능력(t/일) Production capacity(ton/day)
D8: 전동기 Electric motor | E8: 발동기 Motor | F8: 정미 Polished rice | G8: 정맥 Polished barley | H8: 압맥 Pressed wheat | I8: 제분 Flour
A10: 2009 | C10: 22 | D10: 6206 | E10: 0 | F10: 852 | G10: 60 | H10: 0 | I10: 0
A11: 2010 | C11: 22 | D11: 6206 | E11: 0 | F11: 852 | G11: 60 | H11: 0 | I11: 0
A12: 2011 | C12: 22 | D12: 6206 | E12: 0 | F12: 852 | G12: 95 | H12: 0 | I12: 0
A13: 2012 | C13: 22 | D13: 6206 | E13: 0 | F13: 852 | G13: 95 | H13: 0 | I13: 0
A14: 2013 | C14: =SUM(C16:C38) -> 22 | D14: =SUM(D16:D38) -> 6206 | E14: =SUM(E16:E38) -> 0 | F14: =SUM(F16:F38) -> 863 | G14: =SUM(G16:G38) -> 42 | H14: =SUM(H16:H38) -> 0 | I14: =SUM(I16:I38) -> 0
A16: 포항시 | B16: Pohang | C16: 2 | D16: 316 | E16: 0 | F16: 60 | G16: 0 | H16: 0 | I16: 0
A17: 경주시 | B17: Gyeongju | C17: 1 | D17: 140 | E17: 0 | F17: 50 | G17: 0 | H17: 0 | I17: 0
A18: 김천시 | B18: Gimcheon | C18: 1 | D18: 155 | E18: 0 | F18: 37 | G18: 0 | H18: 0 | I18: 0
A19: 안동시 | B19: Andong | C19: 2 | D19: 599 | E19: 0 | F19: 80 | G19: 19 | H19: 0 | I19: 0
A20: 구미시 | B20: Gumi | C20: 1 | D20: 144 | E20: 0 | F20: 50 | G20: 0 | H20: 0 | I20: 0
A21: 영주시 | B21: Yeongju | C21: 1 | D21: 85 | E21: 0 | F21: 26 | G21: 0 | H21: 0 | I21: 0
A22: 영천시 | B22: Yeongcheon | C22: 2 | D22: 1130 | E22: 0 | F22: 60 | G22: 0 | H22: 0 | I22: 0
A23: 상주시 | B23: Sangju | C23: 1 | D23: 500 | E23: 0 | F23: 48 | G23: 0 | H23: 0 | I23: 0
A24: 문경시 | B24: Mungyeong | C24: 1 | D24: 160 | E24: 0 | F24: 40 | G24: 0 | H24: 0 | I24: 0
A25: 경산시 | B25: Gyeongsan | C25: 0 | D25: 0 | E25: 0 | F25: 0 | G25: 0 | H25: 0 | I25: 0
A26: 군위군 | B26: Gunwi | C26: 0 | D26: 0 | E26: 0 | F26: 0 | G26: 0 | H26: 0 | I26: 0
A27: 의성군 | B27: Uiseong | C27: 1 | D27: 130 | E27: 0 | F27: 40 | G27: 0 | H27: 0 | I27: 0
... A38: 울릉군 | B38: Ulleung | C38: 0 | D38: 0 | E38: 0 | F38: 0 | G38: 0 | H38: 0 | I38: 0
A39: 자료 : 친환경농업과 | I39: Source : Division of Environment-Friendly Agriculture

Sheet 16.농업협동조합
I1: Ⅵ.Agriculture, Forestry and Fishing / 221 | J1: 222 / Ⅵ. 농림수산업 | Y1: Ⅵ. Agriculture, Forestry and Fishing / 223
A3: 16. 농업협동조합 | J3: 16. 농업협동조합(계속) | R3: 16. National Agricultural Cooperative Federation(Cont'd)
A4: 16. National Agricultural Cooperative Federation
A5: 단위 : 개, 명, 백만원 | I5: Unit : number, person, million won | J5: 단위 : 개, 명, 백만원 | Y5: Unit : number, person, million won
A6: 연별 및 조합별 Year & Union | C6: 조합수 Number of unions | D6: 조합원수 Members | E6: 직원수 Staffs | H6: 주요경제사업실적 | J6: 연별 및 조합별 | L6: 주요경제사업실적 Major Economic business | R6: 연중여신실적 Credit business by the Whole year | U6: 연말현재수신잔고 Balance in deposit as of year-end | X6: Year & Union
F8: 남 Male | G8: 여 Female | H8: 판매 Sale | I8: 구매 Purchasing | L8: 생활물자 Commodities | M8: 가공 Processing | N8: 창고 Warehouse | O8: 운송 Transpor tation | P8: 공제 Mutual aid | Q8: 이용 기타 Other utility | S8: 금융자금 Credit banking fund | T8: 정책자금 Policy fund | V8: 저축성예금 Time and Savings deposit | W8: 요구불예금 Demand deposit
A11: 2009 | C11: 219 | D11: 387263 | E11: 9635 | F11: 6250 | G11: 3385 | H11: 2856320 | I11: 1241265 | J11: 2009 | L11: 606841 | M11: 498952 | N11: 8521 | O11: 2442 | P11: 8995455 | Q11: 25052 | R11: 16607315 | S11: 14538856 | T11: 863751 | U11: 25978570 | V11: 23722056 | W11: 2256514 | X11: 2009
A12: 2010 | C12: 168 | D12: 386913 | E12: 8677 | F12: 5682 | G12: 2995 | H12: 2978381 | I12: 1280962 | J12: 2010 | L12: 678295 | M12: 466332 | N12: 10699 | O12: 2424 | P12: 895118 | Q12: 109389 | R12: 15575716 | S12: 13601400 | T12: 1974316 | U12: 30065951 | V12: 27617157 | W12: 2448794 | X12: 2010
A13: 2011 | C13: 168 | D13: 387682 | E13: 9859 | F13: 6394 | G13: 3465 | H13: 3206647 | I13: 1469440 | J13: 2011 | L13: 762127 | M13: 528610 | N13: 9250 | O13: 2289 | P13: 1045387 | Q13: 128028 | R13: 18110567 | S13: 16140663 | T13: 1969904 | U13: 31065641 | V13: 28353671 | W13: 2711970 | X13: 2011
A14: 2012 | C14: 168 | D14: 386655 | E14: 10114 | F14: 6506 | G14: 3608 | H14: 3567278 | I14: 1695896 | J14: 2012 | L14: 818576 | M14: 525584 | N14: 7161 | O14: 2573 | P14: 1089844 | Q14: 127567 | R14: 36456644 | S14: 16994519 | T14: 1915277 | U14: 33588632 | V14: 30622746 | W14: 2965886 | X14: 2012
A15: 2013 | C15: =SUM(C17:C22) -> 167 | D15: =SUM(D17:D22) -> 384073 | E15: =SUM(E17:E22) -> 10420 | F15: =SUM(F17:F22) -> 6638 | G15: =SUM(G17:G22) -> 3782 | H15: =SUM(H17:H22) -> 3794611 | I15: =SUM(I17:I22) -> 1753522 | J15: 2013 | L15: =SUM(L17:L22) -> 872836 | M15: =SUM(M17:M22) -> 520021 | N15: =SUM(N17:N22) -> 6111 | O15: =SUM(O17:O22) -> 2671 | P15: =SUM(P18:P22) -> 1176648 | Q15: =SUM(Q17:Q22) -> 142930 | R15: =SUM(R17:R22) -> 20757657 | S15: =SUM(S17:S22) -> 18882448 | T15: =SUM(T17:T22) -> 1875209 | U15: =SUM(U17:U22) -> 44150473 | V15: =SUM(V17:V22) -> 39812854 | W15: =SUM(W17:W22) -> 4337619 | X15: 2013
A17: 중 앙 회 | B17: 지역본부 | C17: 0 | D17: 0 | E17: =+F17+G17 -> 253 | F17: 193 | G17: 60 | H17: 0 | I17: 0 | J17: 중 앙 회 | K17: 지역본부 | L17: 0 | M17: 0 | N17: 0 | O17: 0 | P17: 0 | Q17: 0 | R17: =S17+T17 -> 20176 | S17: 19975 | T17: 201 | U17: =V17+W17 -> 8962159 | V17: 7724418 | W17: 1237741 | X17: 중 앙 회 | Y17: 지역본부
B18: 시군지부 | C18: 0 | D18: 0 | E18: =+F18+G18 -> 514 | F18: 292 | G18: 222 | H18: 0 | I18: 0 | K18: 시군지부 | L18: 0 | M18: 0 | N18: 0 | O18: 0 | P18: 0 | Q18: 0 | R18: =S18+T18 -> 2950939 | S18: 2644719 | T18: 306220 | U18: =V18+W18 -> 6852814 | V18: 5829847 | W18: 1022967 | Y18: 시군지부
B19: 지점 | C19: 0 | D19: 0 | E19: =+F19+G19 -> 300 | F19: 154 | G19: 146 | H19: 0 | I19: 0 | K19: 지점 | L19: 0 | M19: 0 | N19: 0 | O19: 0 | P19: 0 | Q19: 0 | R19: =S19+T19 -> 1967047 | S19: 1948585 | T19: 18462 | U19: =V19+W19 -> 2109345 | V19: 1894571 | W19: 214774 | Y19: 지점
A20: 농협 | C20: 145 | D20: 344371 | E20: =+F20+G20 -> 7281 | F20: 4683 | G20: 2598 | H20: 2887900 | I20: 1284378 | J20: 농협 | L20: 678048 | M20: 272761 | N20: 5992 | O20: 1369 | P20: 948033 | Q20: 91332 | R20: =S20+T20 -> 11867526 | S20: 10902525 | T20: 965001 | U20: =V20+W20 -> 21386544 | V20: 19814107 | W20: 1572437 | X20: 농협
A21: 축협 | C21: 21 | D21: 38797 | E21: =+F21+G21 -> 1986 | F21: 1292 | G21: 694 | H21: 894155 | I21: 466304 | J21: 축협 | L21: 194788 | M21: 238330 | N21: 119 | O21: 1302 | P21: 226618 | Q21: 51437 | R21: =S21+T21 -> 3920440 | S21: 3346462 | T21: 573978 | U21: =V21+W21 -> 4810258 | V21: 4523525 | W21: 286733 | X21: 축협
A22: 인삼협 | C22: 1 | D22: 905 | E22: =+F22+G22 -> 86 | F22: 24 | G22: 62 | H22: 12556 | I22: 2840 | J22: 인삼협 | L22: 0 | M22: 8930 | N22: 0 | O22: 0 | P22: 1997 | Q22: 161 | R22: =S22+T22 -> 31529 | S22: 20182 | T22: 11347 | U22: =V22+W22 -> 29353 | V22: 26386 | W22: 2967 | X22: 인삼협
A23: 자료 : 농협중앙회 경북지역본부 | I23: Source : National Agricultural Cooperative Federation | J23: 자료 : 농협중앙회 경북지역본부 | Y23: Source : National Agricultural Cooperative Federation

Sheet 17.농업용기계보유 
A1: 224 / Ⅵ. 농림수산업 | P1: Ⅵ. Agriculture, Forestry and Fishing / 225 | Q1: 226 / Ⅵ. 농림수산업
A3: 17. 농업용 기계보유 | I3: 17. Agricultural Machinery Holdings | Q3: 17. 농업용 기계보유(계속)
Q4: 17. Agricultural Machinery Holdings(Cont'd)
A5: 단위 : 대 | P5: Unit : each | Q5: 단위 : 대 | X5: Unit : each
A6: 연별 및 시군별 | B6: 총계 Total | C6: 동력경운기 Power tiller | D6: 농용트랙터 | H6: 스피드 스프레이어 (SS기) speedsplayer | I6: 광역방제기 Wide area pesticide applicator | J6: 동력이앙기 | M6: 관리기 Controller | P6: Year & Si, Gun | Q6: 연별 및 시군별 Year & Si, Gun | S6: 콤바인 Combine | W6: 곡물건조기 Grain dryer | X6: 농산물 건조기 Agri. Products Dryer
D7: Farm tractor | J7: Power rice transplanter
E8: 소형 Small | F8: 중형 Medium | G8: 대형 Big | K8: 보행형 Walking | L8: 승용형 Taking | N8: 보행형 Walking | O8: 승용형 Taking | T8: 3조 이하 -3Rows | U8: 4조 4Rows | V8: 5조 이상 +5Rows
A12: 2009 | B12: 492327 | C12: 151689 | D12: 41363 | E12: 13732 | F12: 23256 | G12: 4375 | H12: 16909 | I12: … | J12: 52123 | K12: 20393 | L12: 31730 | M12: 111283 | N12: … | O12: … | P12: 2009 | Q12: 2009 | S12: 11788 | T12: 4313 | U12: 6122 | V12: 1353 | W12: 7785 | X12: 58278
A13: 2010 | B13: 460413 | C13: 150517 | D13: 42429 | E13: 13082 | F13: 24819 | G13: 4528 | H13: 17474 | I13: 48 | J13: 54856 | K13: 34852 | L13: 20004 | M13: 112881 | N13: 110016 | O13: 2865 | P13: 2010 | Q13: 2010 | S13: 12791 | T13: 4563 | U13: 6762 | V13: 1466 | W13: 8076 | X13: 61341
A14: 2011 | B14: 426959 | C14: 139093 | D14: 42266 | E14: 13094 | F14: 23996 | G14: 5176 | H14: 16684 | I14: 24 | J14: 47971 | K14: 33879 | L14: 14092 | M14: 105901 | N14: 99434 | O14: 6467 | P14: 2011 | Q14: 2011 | S14: 12022 | T14: 4038 | U14: 6548 | V14: 1436 | W14: 7698 | X14: 55300
A15: 2012 | B15: 450474 | C15: 142717 | D15: 44908 | E15: 13324 | F15: 26424 | G15: 5160 | H15: 19107 | I15: 0 | J15: 50432 | K15: 34509 | L15: 15923 | M15: 111205 | N15: 104692 | O15: 6513 | P15: 2012 | Q15: 2012 | S15: 13355 | T15: 4203 | U15: 7051 | V15: 2101 | W15: 8455 | X15: 60295
A16: 2013 | B16: =SUM(B18:B40) -> 445419 | C16: =SUM(C18:C40) -> 137588 | D16: =SUM(D18:D40) -> 45288 | E16: =SUM(E18:E40) -> 13362 | F16: =SUM(F18:F40) -> 26183 | G16: =SUM(G18:G40) -> 5743 | H16: =SUM(H18:H40) -> 19532 | I16: =SUM(I18:I40) -> 0 | ... O16: =SUM(O18:O40) -> 5531 | P16: 2013 | Q16: 2013 | S16: =SUM(S18:S40) -> 13286 | T16: =SUM(T18:T40) -> 4095 | U16: =SUM(U18:U40) -> 6949 | V16: =SUM(V18:V40) -> 2242 | W16: =SUM(W18:W40) -> 8734 | X16: =SUM(X18:X40) -> 60205
A18: 포항시 | B18: =C18+D18+H18+I18+J18+M18+S18+W18+X18 -> 18885 | C18: 5292 | D18: =SUM(E18:G18) -> 2269 | E18: 753 | F18: 1153 | G18: 363 | H18: 2031 | I18: 0 | J18: =SUM(K18:L18) -> 2443 | K18: 1204 | L18: 1239 | M18: =SUM(N18:O18) -> 3536 | N18: 2619 | O18: 917 | P18: Pohang | Q18: 포항시 | R18: Pohang | S18: =SUM(T18:V18) -> 1168 | T18: 245 | U18: 582 | V18: 341 | W18: 528 | X18: 1618
A19: 경주시 | B19: =C19+D19+H19+I19+J19+M19+S19+W19+X19 -> 30417 | C19: 10642 | D19: =SUM(E19:G19) -> 3885 | E19: 1332 | F19: 2089 | G19: 464 | H19: 429 | I19: 0 | J19: =SUM(K19:L19) -> 5572 | K19: 4252 | L19: 1320 | M19: =SUM(N19:O19) -> 5686 | N19: 5352 | O19: 334 | P19: Gyeongju | Q19: 경주시 | R19: Gyeongju | S19: =SUM(T19:V19) -> 1659 | T19: 567 | U19: 864 | V19: 228 | W19: 984 | X19: 1560
A20: 김천시 | B20: =C20+D20+H20+I20+J20+M20+S20+W20+X20 -> 27576 | C20: 9381 | D20: =SUM(E20:G20) -> 2725 | E20: 1088 | F20: 1395 | G20: 242 | H20: 841 | I20: 0 | J20: =SUM(K20:L20) -> 2711 | K20: 2146 | L20: 565 | M20: =SUM(N20:O20) -> 9048 | N20: 8912 | O20: 136 | P20: Gimcheon | Q20: 김천시 | R20: Gimcheon | S20: =SUM(T20:V20) -> 777 | T20: 277 | U20: 395 | V20: 105 | W20: 305 | X20: 1788
A21: 안동시 | B21: =C21+D21+H21+I21+J21+M21+S21+W21+X21 -> 35475 | C21: 9641 | D21: =SUM(E21:G21) -> 3120 | E21: 913 | F21: 1942 | G21: 265 | H21: 1518 | I21: 0 | J21: =SUM(K21:L21) -> 3102 | K21: 2220 | L21: 882 | M21: =SUM(N21:O21) -> 9411 | N21: 9286 | O21: 125 | P21: Andong | Q21: 안동시 | R21: Andong | S21: =SUM(T21:V21) -> 555 | T21: 155 | U21: 335 | V21: 65 | W21: 521 | X21: 7607
A22: 구미시 | B22: =C22+D22+H22+I22+J22+M22+S22+W22+X22 -> 20048 | C22: 6247 | D22: =SUM(E22:G22) -> 2927 | E22: 819 | F22: 1624 | G22: 484 | H22: 215 | I22: 0 | J22: =SUM(K22:L22) -> 3262 | K22: 2186 | L22: 1076 | M22: =SUM(N22:O22) -> 4650 | N22: 4538 | O22: 112 | P22: Gumi | Q22: 구미시 | R22: Gumi | S22: =SUM(T22:V22) -> 931 | T22: 233 | U22: 567 | V22: 131 | W22: 554 | X22: 1262
A23: 영주시 | B23: =C23+D23+H23+I23+J23+M23+S23+W23+X23 -> 19230 | C23: 5662 | D23: =SUM(E23:G23) -> 1687 | E23: 282 | F23: 1119 | G23: 286 | H23: 1107 | I23: 0 | J23: =SUM(K23:L23) -> 1753 | K23: 1150 | L23: 603 | M23: =SUM(N23:O23) -> 5679 | N23: 5192 | O23: 487 | P23: Yeongju | Q23: 영주시 | R23: Yeongju | S23: =SUM(T23:V23) -> 381 | T23: 55 | U23: 275 | V23: 51 | W23: 305 | X23: 2656
A24: 영천시 | B24: =C24+D24+H24+I24+J24+M24+S24+W24+X24 -> 25528 | C24: 9519 | D24: =SUM(E24:G24) -> 1520 | E24: 354 | F24: 929 | G24: 237 | H24: 1738 | I24: 0 | J24: =SUM(K24:L24) -> 1863 | K24: 1537 | L24: 326 | M24: =SUM(N24:O24) -> 7933 | N24: 7792 | O24: 141 | P24: Yeongcheon | Q24: 영천시 | R24: Yeongcheon | S24: =SUM(T24:V24) -> 395 | T24: 115 | U24: 210 | V24: 70 | W24: 174 | X24: 2386
A25: 상주시 | B25: =C25+D25+H25+I25+J25+M25+S25+W25+X25 -> 40800 | C25: 12238 | D25: =SUM(E25:G25) -> 4993 | E25: 1590 | F25: 2771 | G25: 632 | H25: 1881 | I25: 0 | J25: =SUM(K25:L25) -> 5279 | K25: 3643 | L25: 1636 | M25: =SUM(N25:O25) -> 9683 | N25: 9570 | O25: 113 | P25: Sangju | Q25: 상주시 | R25: Sangju | S25: =SUM(T25:V25) -> 1344 | T25: 442 | U25: 656 | V25: 246 | W25: 1035 | X25: 4347
A26: 문경시 | B26: =C26+D26+H26+I26+J26+M26+S26+W26+X26 -> 17104 | C26: 5155 | D26: =SUM(E26:G26) -> 1684 | E26: 319 | F26: 1104 | G26: 261 | H26: 981 | I26: 0 | J26: =SUM(K26:L26) -> 1803 | K26: 1242 | L26: 561 | M26: =SUM(N26:O26) -> 3802 | N26: 3584 | O26: 218 | P26: Mungyeong | Q26: 문경시 | R26: Mungyeong | S26: =SUM(T26:V26) -> 434 | T26: 114 | U26: 233 | V26: 87 | W26: 336 | X26: 2909
A27: 경산시 | B27: =C27+D27+H27+I27+J27+M27+S27+W27+X27 -> 16147 | C27: 5200 | D27: =SUM(E27:G27) -> 833 | E27: 374 | F27: 401 | G27: 58 | H27: 1648 | I27: 0 | J27: =SUM(K27:L27) -> 760 | K27: 520 | L27: 240 | M27: =SUM(N27:O27) -> 5573 | N27: 4998 | O27: 575 | P27: Gyeongsan | Q27: 경산시 | R27: Gyeongsan | S27: =SUM(T27:V27) -> 134 | T27: 57 | U27: 57 | V27: 20 | W27: 59 | X27: 1940
A28: 군위군 | B28: =C28+D28+H28+I28+J28+M28+S28+W28+X28 -> 14674 | C28: 4687 | D28: =SUM(E28:G28) -> 1244 | E28: 403 | F28: 683 | G28: 158 | H28: 637 | I28: 0 | J28: =SUM(K28:L28) -> 1567 | K28: 1186 | L28: 381 | M28: =SUM(N28:O28) -> 4036 | N28: 3998 | O28: 38 | P28: Gunwi | Q28: 군위군 | R28: Gunwi | S28: =SUM(T28:V28) -> 346 | T28: 118 | U28: 206 | V28: 22 | W28: 199 | X28: 1958
A29: 의성군 | B29: =C29+D29+H29+I29+J29+M29+S29+W29+X29 -> 40226 | C29: 11781 | D29: =SUM(E29:G29) -> 4216 | E29: 1369 | F29: 2322 | G29: 525 | H29: 2245 | I29: 0 | J29: =SUM(K29:L29) -> 4252 | K29: 2699 | L29: 1553 | M29: =SUM(N29:O29) -> 9301 | N29: 9259 | O29: 42 | P29: Uiseong | Q29: 의성군 | R29: Uiseong | S29: =SUM(T29:V29) -> 1243 | T29: 353 | U29: 677 | V29: 213 | W29: 922 | X29: 6266
... A40: 울릉군 | B40: =C40+D40+H40+I40+J40+M40+S40+W40+X40 -> 385 | C40: 67 | D40: =SUM(E40:G40) -> 11 | E40: 9 | F40: 2 | G40: 0 | H40: 0 | I40: 0 | J40: =SUM(K40:L40) -> 0 | K40: 0 | L40: 0 | M40: =SUM(N40:O40) -> 245 | N40: 245 | O40: 0 | P40: Ulleung | Q40: 울릉군 | R40: Ulleung | S40: =SUM(T40:V40) -> 7 | T40: 7 | U40: 0 | V40: 0 | W40: 0 | X40: 55
A41: 자료 : 친환경농업과 | P41: Source : Division of Environmentally friendly Agriculture | Q41: 자료 : 친환경농업과 | X41: Source : Division of Environmentally friendly Agriculture
A42: 주 : 2010년 자료부터 서식 변경 | Q42: 주 : 2010년 자료부터 서식 변경
A43: ("광역방제기" 항목 추가 / "관리기" 항목을 "보행형", "승용형"으로 세분 / "바인더", "수도일반용방제기" 항목 삭제) | Q43: ("광역방제기" 항목 추가 / "관리기" 항목을 "보행형", "승용형"으로 세분 / "바인더", "수도일반용방제기" 항목 삭제)

Sheet 18.비료공급
J1: Ⅵ. Agriculture, Forestry and Fishing / 227 | K1: 228 / Ⅵ. 농림수산업
A3: 18. 비료공급 | K3: 18. 비료공급(계속)
A4: 18. Supply of Chemical Fertilizers | K4: 18. Supply of Chemical Fertilizers(Cont'd)
A5: 단위 : M/T | J5: Unit : M/T | K5: 단위 : M/T | R5: Unit : M/T
A6: 연별 및 시군별 Year & Si, Gun | C6: 성분별 by element | H6: 종류별 by type | K6: 연별 및 시군별 Year & Si, Gun | M6: 종류별 by type
D8: 질소질 Nitrogenous | E8: 인산질 Phosphate | F8: 가리질 Potash | G8: 기타 Others | I8: 유안 Ammonium sulfate | J8: 요소 Urea | M8: 과석 Super phosphate | N8: 중과석 Triple super phosphate | O8: 용성인비 Fused phosphate | P8: 염화가리1) Potassium chloride | Q8: 복합비료 Complex fertilizer | R8: 용과린 Fused & su-perphosphate
A11: 2009 | C11: 61300 | D11: 32234 | E11: 12349 | F11: 16717 | G11: 0 | H11: 93090 | I11: 2152 | J11: 16658 | K11: 2009 | M11: 1057 | N11: 1018 | O11: 71815 | P11: 390 | Q11: 0 | R11: 0
A12: 2010 | C12: 48088 | D12: 26311 | E12: 9820 | F12: 11957 | G12: 0 | H12: 74892 | I12: 1957 | J12: 14700 | K12: 2010 | M12: 0 | N12: 0 | O12: 700 | P12: 531 | Q12: 56743 | R12: 261
A13: 2011 | C13: 51795 | D13: 28453 | E13: 10599 | F13: 12743 | G13: 0 | H13: 129790 | I13: 2067 | J13: 16309 | K13: 2011 | M13: 0 | N13: 0 | O13: 662 | P13: 1171 | Q13: 109277 | R13: 304
A14: 2012 | C14: 53720 | D14: 29541 | E14: 10694 | F14: 13485 | G14: 0 | H14: 134749 | I14: 2103 | J14: 16967 | K14: 2012 | M14: 0 | N14: 0 | O14: 791 | P14: 1110 | Q14: 113465 | R14: 313
A15: 2013 | C15: =SUM(C17:C39) -> 47478 | D15: =SUM(D17:D39) -> 26175 | E15: =SUM(E17:E39) -> 9537 | F15: =SUM(F17:F39) -> 11766 | G15: =SUM(G17:G39) -> 0 | H15: =SUM(H17:H39) -> 116825 | I15: =SUM(I17:I39) -> 2027 | J15: =SUM(J17:J39) -> 15898 | K15: 2013 | M15: =SUM(M17:M39) -> 0 | N15: =SUM(N17:N39) -> 0 | O15: =SUM(O17:O39) -> 918 | P15: =SUM(P17:P39) -> 685 | Q15: =SUM(Q17:Q39) -> 97011 | R15: =SUM(R17:R39) -> 286
A17: 포항시 | B17: Pohang | C17: =SUM(D17:G17) -> 2964 | D17: 1660 | E17: 556 | F17: 748 | G17: 0 | H17: =SUM(I17:J17,M17:R17) -> 7431 | I17: 104 | J17: 916 | K17: 포항시 | L17: Pohang | M17: 0 | N17: 0 | O17: 41 | P17: 19 | Q17: 6323 | R17: 28
A18: 경주시 | B18: Gyeongju | C18: =SUM(D18:G18) -> 3055 | D18: 1859 | E18: 549 | F18: 647 | G18: 0 | H18: =SUM(I18:J18,M18:R18) -> 7999 | I18: 54 | J18: 1615 | K18: 경주시 | L18: Gyeongju | M18: 0 | N18: 0 | O18: 22 | P18: 18 | Q18: 6288 | R18: 2
A19: 김천시 | B19: Gimcheon | C19: =SUM(D19:G19) -> 2851 | D19: 1532 | E19: 618 | F19: 701 | G19: 0 | H19: =SUM(I19:J19,M19:R19) -> 7399 | I19: 253 | J19: 954 | K19: 김천시 | L19: Gimcheon | M19: 0 | N19: 0 | O19: 153 | P19: 57 | Q19: 5975 | R19: 7
A20: 안동시 | B20: Andong | C20: =SUM(D20:G20) -> 3069 | D20: 1696 | E20: 590 | F20: 783 | G20: 0 | H20: =SUM(I20:J20,M20:R20) -> 7862 | I20: 114 | J20: 1088 | K20: 안동시 | L20: Andong | M20: 0 | N20: 0 | O20: 60 | P20: 38 | Q20: 6552 | R20: 10
A21: 구미시 | B21: Gumi | C21: =SUM(D21:G21) -> 2372 | D21: 1298 | E21: 447 | F21: 627 | G21: 0 | H21: =SUM(I21:J21,M21:R21) -> 5897 | I21: 65 | J21: 706 | K21: 구미시 | L21: Gumi | M21: 0 | N21: 0 | O21: 25 | P21: 18 | Q21: 5076 | R21: 7
A22: 영주시 | B22: Yeongju | C22: =SUM(D22:G22) -> 2483 | D22: 1455 | E22: 446 | F22: 582 | G22: 0 | H22: =SUM(I22:J22,M22:R22) -> 6491 | I22: 55 | J22: 1096 | K22: 영주시 | L22: Yeongju | M22: 0 | N22: 0 | O22: 46 | P22: 26 | Q22: 5248 | R22: 20
A23: 영천시 | B23: Yeongcheon | C23: =SUM(D23:G23) -> 3738 | D23: 1853 | E23: 869 | F23: 1016 | G23: 0 | H23: =SUM(I23:J23,M23:R23) -> 7818 | I23: 141 | J23: 1297 | K23: 영천시 | L23: Yeongcheon | M23: 0 | N23: 0 | O23: 26 | P23: 94 | Q23: 6200 | R23: 60
A24: 상주시 | B24: Sangju | C24: =SUM(D24:G24) -> 3783 | D24: 2189 | E24: 665 | F24: 929 | G24: 0 | H24: =SUM(I24:J24,M24:R24) -> 10054 | I24: 202 | J24: 1170 | K24: 상주시 | L24: Sangju | M24: 0 | N24: 0 | O24: 166 | P24: 51 | Q24: 8422 | R24: 43
A25: 문경시 | B25: Mungyeong | C25: =SUM(D25:G25) -> 1858 | D25: 1052 | E25: 358 | F25: 448 | G25: 0 | H25: =SUM(I25:J25,M25:R25) -> 4814 | I25: 88 | J25: 520 | K25: 문경시 | L25: Mungyeong | M25: 0 | N25: 0 | O25: 29 | P25: 19 | Q25: 4153 | R25: 5
A26: 경산시 | B26: Gyeongsan | C26: =SUM(D26:G26) -> 2086 | D26: 1107 | E26: 434 | F26: 545 | G26: 0 | H26: =SUM(I26:J26,M26:R26) -> 4463 | I26: 58 | J26: 833 | K26: 경산시 | L26: Gyeongsan | M26: 0 | N26: 0 | O26: 10 | P26: 22 | Q26: 3530 | R26: 10
A27: 군위군 | B27: Gunwi | C27: =SUM(D27:G27) -> 1312 | D27: 745 | E27: 282 | F27: 285 | G27: 0 | H27: =SUM(I27:J27,M27:R27) -> 3294 | I27: 88 | J27: 427 | K27: 군위군 | L27: Gunwi | M27: 0 | N27: 0 | O27: 16 | P27: 19 | Q27: 2717 | R27: 27
A28: 의성군 | B28: Uiseong | C28: =SUM(D28:G28) -> 4038 | D28: 2314 | E28: 844 | F28: 880 | G28: 0 | H28: =SUM(I28:J28,M28:R28) -> 10177 | I28: 393 | J28: 1185 | K28: 의성군 | L28: Uiseong | M28: 0 | N28: 0 | O28: 64 | P28: 46 | Q28: 8482 | R28: 7
... A39: 울릉군 | B39: Ulleung | C39: =SUM(D39:G39) -> 121 | D39: 74 | E39: 24 | F39: 23 | G39: 0 | H39: =SUM(I39:J39,M39:R39) -> 243 | I39: 0 | J39: 90 | K39: 울릉군 | L39: Ulleung | M39: 0 | N39: 0 | O39: 0 | P39: 0 | Q39: 153 | R39: 0
A40: 자료 : 농협중앙회 경북지역본부, 2006년 자료부터 토지개량제 삭제 | J40: Source : National Agricultural Cooperarive Federation | K40: 자료 : 농협중앙회 경북지역본부, 2006년 자료부터 토지개량제 삭제 | R40: Source : National Agricultural Cooperarive Federation
A41: 주 : 1) 황산가리 포함 Including Pot. sulp. | K41: 주 : 1) 황산가리 포함 Including Pot. sulp.

Sheet 19.농약공급 실적
G1: Ⅵ. Agriculture, Forestry and Fishing / 229
A3: 19. 농약공급 실적
A4: 19. Supply of Agricultural chemicals
A5: 단위 : M/T | G5: Unit : M/T
A6: 연 별 Year | B6: 합 계 Grand total | C6: 수 도 용 For paddy farming
D7: 도열병 Rice blast | E7: 문고병 Sheath blight | F7: 백엽고병 Bacterial leaf blight | G7: 모엽고병 Rice strip disease
A10: 2009 | B10: 3791 | C10: 274 | D10: 187 | E10: 16 | F10: 0 | G10: 0
A11: 2010 | B11: 1898 | C11: 140 | D11: 73 | E11: 6 | F11: 0 | G11: 0
A12: 2011 | B12: 1945 | C12: 146 | D12: 76 | E12: 7 | F12: 0 | G12: 0
A13: 2012 | B13: 1779 | C13: 111 | D13: 54 | E13: 5 | F13: 0 | G13: 0
A14: 2013 | B14: =C14+E24+F24 -> 2090 | C14: =SUM(D14:G14,B24:D24) -> 85 | D14: 57 | E14: 6 | F14: 0 | G14: 0
A16: 연 별 Year | B16: 수 도 용 For paddy farming | E16: 제초제 For weeding | F16: 원예용 For horticulture
B17: 이화명충 Rice stem borer | C17: 벼멸구 Rice hopper | D17: 종자소독제Seeddisinfect
A20: 2009 | B20: 0 | C20: 68 | D20: 3 | E20: 1140 | F20: 2377
A21: 2010 | B21: 0 | C21: 59 | D21: 2 | E21: 501 | F21: 1257
A22: 2011 | B22: 0 | C22: 63 | D22: 0 | E22: 556 | F22: 1243
A23: 2012 | B23: 0 | C23: 49 | D23: 3 | E23: 420 | F23: 1248
A24: 2013 | B24: 0 | C24: 20 | D24: 2 | E24: 343 | F24: 1662
A25: 자료 : 농협중앙회 경북지역본부, 2007년 자료부터 수록 | G25: Source : National Agricultural Cooperative Federation

Sheet 20.농업용지하수
A1: 230 / Ⅵ. 농림수산업
A3: 20. 농업용 지하수
A4: 20. Underground water Development
A5: 단위 : 개, 천원 | K5: Unit : number, 1,000 won
A6: 연별 및 시군별 Year & Si, Gun | C6: 착정 Well drilling | E6: 이용시설(비) Underground-water facilities | J6: 총 투자액Gross amount invested | K6: 용수 개발량Amount of water developed
C8: 공 수 No. of drilled holes | D8: 투 자 액Invested amount | E8: 지구수 Number of areas | F8: 재원별 사업비 Business expenses by financing source
G10: 국비 National gov't | H10: 지 방 비 Local gov't | I10: 주 민Residents
A12: 2009 | C12: 220 | D12: 7500104 | E12: 220 | F12: 7630708 | G12: 2986028 | H12: 4644680 | I12: 0 | J12: 12039262 | K12: 47310 | L12: 2007
A13: 2010 | C13: 72 | D13: 4032000 | E13: 72 | F13: 4032000 | G13: 1238000 | H13: 2794000 | I13: 0 | J13: 4032000 | K13: 10800 | L13: 2008
A14: 2011 | C14: 65 | D14: 3513000 | E14: 65 | F14: 3513000 | G14: 720000 | H14: 2793000 | I14: 0 | J14: 3513000 | K14: 9750 | L14: 2008
A15: 2012 | C15: 94 | D15: 5417000 | E15: 94 | F15: 5417000 | G15: 1503000 | H15: 3914000 | I15: 0 | J15: 3914000 | K15: 13350 | L15: 2008
A16: 2013 | C16: =SUM(C18:C40) -> 68 | D16: =SUM(D18:D40) -> 3760000 | E16: =SUM(E18:E40) -> 68 | F16: =SUM(F18:F40) -> 3760000 | G16: =SUM(G18:G40) -> 528000 | H16: =SUM(H18:H40) -> 3232000 | I16: =SUM(I18:I40) -> 0 | J16: =SUM(J18:J40) -> 3760000 | K16: =SUM(K18:K40) -> 10200 | L16: 2008
A18: 포항시 | B18: Pohang | C18: 4 | D18: 240000 | E18: 4 | F18: =SUM(G18:I18) -> 240000 | G18: 0 | H18: 240000 | I18: 0 | J18: 240000 | K18: 600 | L18: Pohang
A19: 경주시 | B19: Gyeongju | C19: 2 | D19: 130000 | E19: 2 | F19: =SUM(G19:I19) -> 130000 | G19: 48000 | H19: 82000 | I19: 0 | J19: 130000 | K19: 300 | L19: Gyeongju
A20: 김천시 | B20: Gimcheon | C20: 5 | D20: 270000 | E20: 5 | F20: =SUM(G20:I20) -> 270000 | G20: 48000 | H20: 222000 | I20: 0 | J20: 270000 | K20: 750 | L20: Gimcheon
A21: 안동시 | B21: Andong | C21: 3 | D21: 220000 | E21: 3 | F21: =SUM(G21:I21) -> 220000 | G21: 48000 | H21: 172000 | I21: 0 | J21: 220000 | K21: 450 | L21: Andong
A22: 구미시 | B22: Gumi | C22: 1 | D22: 80000 | E22: 1 | F22: =SUM(G22:I22) -> 80000 | G22: 0 | H22: 80000 | I22: 0 | J22: 80000 | K22: 150 | L22: Gumi
A23: 영주시 | B23: Yeongju | C23: 5 | D23: 300000 | E23: 5 | F23: =SUM(G23:I23) -> 300000 | G23: 48000 | H23: 252000 | I23: 0 | J23: 300000 | K23: 750 | L23: Yeongju
A24: 영천시 | B24: Yeongcheon | C24: 4 | D24: 240000 | E24: 4 | F24: =SUM(G24:I24) -> 240000 | G24: 48000 | H24: 192000 | I24: 0 | J24: 240000 | K24: 600 | L24: Yeongcheon
A25: 상주시 | B25: Sangju | C25: 4 | D25: 250000 | E25: 4 | F25: =SUM(G25:I25) -> 250000 | G25: 48000 | H25: 202000 | I25: 0 | J25: 250000 | K25: 600 | L25: Sangju
A26: 문경시 | B26: Mungyeong | C26: 1 | D26: 60000 | E26: 1 | F26: =SUM(G26:I26) -> 60000 | G26: 48000 | H26: 12000 | I26: 0 | J26: 60000 | K26: 150 | L26: Mungyeong
A27: 경산시 | B27: Gyeongsan | C27: 1 | D27: 100000 | E27: 1 | F27: =SUM(G27:I27) -> 100000 | G27: 0 | H27: 100000 | I27: 0 | J27: 100000 | K27: 150 | L27: Gyeongsan
A28: 군위군 | B28: Gunwi | C28: 3 | D28: 240000 | E28: 3 | F28: =SUM(G28:I28) -> 240000 | G28: 0 | H28: 240000 | I28: 0 | J28: 240000 | K28: 450 | L28: Gunwi
A29: 의성군 | B29: Uiseong | C29: 4 | D29: 160000 | E29: 4 | F29: =SUM(G29:I29) -> 160000 | G29: 0 | H29: 160000 | I29: 0 | J29: 160000 | K29: 600 | L29: Uiseong
... A40: 울릉군 | B40: Ulleung | C40: 0 | D40: 0 | E40: 0 | F40: =SUM(G40:I40) -> 0 | G40: 0 | H40: 0 | I40: 0 | J40: 0 | K40: 0 | L40: Ulleung
A41: 자료 : 농촌개발과, 2007년 자료부터 수록 | K41: Source : Division of Rural Development

Sheet 21.가축사육
I1: Ⅵ. Agriculture, Forestry and Fishing / 231 | J1: 232 / Ⅵ. 농림수산업
A3: 21. 가축사육 | J3: 21. 가축사육(계속)
A4: 21. Number of Livestock, Poultry and Feeders | J4: 21. Number of Livestock, Poultry and Feeders(Cont'd)
A5: 단위 : 마리 | I5: Unit : head | J5: 단위 : 마리 | R5: Unit : head
A6: 연 별 Year | B6: 한육우1) | D6: 젖소1) | F6: 돼지1) | H6: 닭1)2) | J6: 연 별 Year | K6: 토끼 | M6: 개 | O6: 오리 | Q6: 칠면조
B7: Native and beef cattle | D7: Dairy cattle | F7: Pigs | H7: Chicken | K7: Rabbits | M7: Dogs | O7: Ducks | Q7: Turkeys
B8: 사육가구 | C8: 마리수 Heads | D8: 사육가구 | E8: 마리수 Heads | F8: 사육가구 | G8: 마리수 Heads | H8: 사육가구 | I8: 마리수 Heads | K8: 사육가구 | L8: 마리수 Heads | M8: 사육가구 | N8: 마리수 Heads | O8: 사육가구 | P8: 마리수 Heads | Q8: 사육가구 | R8: 마리수 Heads
B9: Households | D9: Households | F9: Households | H9: Households | K9: Households | M9: Households | O9: Households | Q9: Households
A10: 2009 | B10: 37133 | C10: 510744 | D10: 640 | E10: 39376 | F10: 833 | G10: 1209310 | H10: 606 | I10: 20024887 | J10: 2009 | K10: 609 | L10: 38602 | M10: 24723 | N10: 34991 | O10: 434 | P10: 258388 | Q10: 63 | R10: 331
A11: 2010 | B11: 36653 | C11: 576711 | D11: 600 | E11: 37322 | F11: 762 | G11: 1238961 | H11: 539 | I11: 19990948 | J11: 2010 | K11: 563 | L11: 49413 | M11: 23226 | N11: 131414 | O11: 395 | P11: 209747 | Q11: 52 | R11: 213
A12: 2011 | B12: 34660 | C12: 581034 | D12: 568 | E12: 35175 | F12: 553 | G12: 954149 | H12: 535 | I12: 21092409 | J12: 2011 | K12: 539 | L12: 60375 | M12: 23059 | N12: 128767 | O12: 391 | P12: 267152 | Q12: 68 | R12: 228
A13: 2012 | B13: 31075 | C13: 628729 | D13: 551 | E13: 36395 | F13: 558 | G13: 1198973 | H13: 476 | I13: 20200867 | J13: 2012 | K13: 419 | L13: 51638 | M13: 20548 | N13: 116830 | O13: 291 | P13: 212577 | Q13: 60 | R13: 207
A14: 2013 | B14: 29575 | C14: 682202 | D14: 653 | E14: 37653 | F14: 813 | G14: 1404922 | H14: 5952 | I14: 30065334 | J14: 2013 | K14: 327 | L14: 31948 | M14: 25831 | N14: 123319 | O14: 197 | P14: 146815 | Q14: 65 | R14: 379
A16: 연 별 Year | B16: 마필 | D16: 산양 | F16: 면양 | H16: 사슴 | J16: 연 별 Year | K16: 거위 | O16: 꿀벌
B17: Horses | D17: Goats | F17: Sheep | H17: Deer | K17: Goose | O17: Bees
B18: 사육가구 | C18: 마리수 Heads | D18: 사육가구 | E18: 마리수 Heads | F18: 사육가구 | G18: 마리수 Heads | H18: 사육가구 | I18: 마리수 Heads | K18: 사육가구 | M18: 마리수 Heads | O18: 사육가구 | Q18: 군수 Group Num
B19: Households | D19: Households | F19: Households | H19: Households | K19: Households | O19: Households
A20: 2009 | B20: 97 | C20: 609 | D20: 1738 | E20: 37192 | F20: 9 | G20: 94 | H20: 513 | I20: 6798 | J20: 2009 | K20: 101 | M20: 372 | O20: 7389 | Q20: 425591
A21: 2010 | B21: 116 | C21: 685 | D21: 1966 | E21: 45827 | F21: 7 | G21: 146 | H21: 550 | I21: 6313 | J21: 2010 | K21: 97 | M21: 348 | O21: 6830 | Q21: 514824
A22: 2011 | B22: 121 | C22: 789 | D22: 2133 | E22: 50769 | F22: 8 | G22: 46 | H22: 460 | I22: 5693 | J22: 2011 | K22: 106 | M22: 518 | O22: 6310 | Q22: 417551
A23: 2012 | B23: 129 | C23: 846 | D23: 1590 | E23: 41633 | F23: 17 | G23: 263 | H23: 362 | I23: 4478 | J23: 2012 | K23: 77 | M23: 303 | O23: 4978 | Q23: 358152
A24: 2013 | B24: 149 | C24: 988 | D24: 1516 | E24: 43493 | F24: 9 | G24: 200 | H24: 322 | I24: 4163 | J24: 2013 | K24: 70 | M24: 341 | O24: 5267 | Q24: 398460
A25: 자료 : 축산경영과 | I25: Source : Division of Livestock Management | J25: 자료 : 축산경영과 | R25: Source : Division of Livestock Management
A26: 주 : 1) 12월 1일 기준 Based on Dec. 1. | J26: 주 : 1) 12월 1일 기준 Based on Dec. 1.
A27: 2) 2006년부터 3천수 이상 사육농가대상 전수조사 자료임. | J27: 2) 2006년부터 3천수 이상 사육농가대상 전수조사 자료임.

Sheet 22.가축전염병발생
I1: Ⅵ. Agriculture, Forestry and Fishing / 233 | J1: 234 / Ⅵ. 농림수산업
A3: 22. 가축전염병 발생 | J3: 22. 가축전염병 발생(계속)
A4: 22. Infectious Livestock Diseases by Case | J4: 22. Infectious Livestock Diseases by Case(Cont'd)
A6: 단위 : 마리 | I6: Unit : head | J6: 단위 : 마리 | Q6: Unit : head
A7: 연별 및 시군별 Year & Si, Gun | C7: 기종저 Black leg | D7: 돼지열병 Hog cholera | E7: 돼지 오제스키병 Aujeszky's | F7: 돼지단독 Swine erysipelas | G7: 광견병 Rabies | H7: 뉴캐슬병 Newcastle disease | I7: 추백리 Pullorum disease | J7: 연별 및 시군별 Year & Si, Gun | L7: 우결핵 Tubercu-losis | M7: 브루세라 Brucellosis | N7: 돼지전염성 위장염 TGE | O7: 닭티프스 Fowltyphoid | P7: 전염성 F낭염 | Q7: 기타 Others
A10: 2009 | C10: 6 | D10: 0 | E10: 0 | F10: 0 | G10: 0 | H10: 0 | I10: 7 | J10: 2009 | L10: 13 | M10: 1086 | N10: 0 | O10: 2148 | P10: 1 | Q10: 221
A11: 2010 | C11: 0 | D11: 0 | E11: 0 | F11: 0 | G11: 0 | H11: 0 | I11: 0 | J11: 2010 | L11: 109 | M11: 995 | N11: 0 | O11: 0 | P11: 3029 | Q11: 232
A12: 2011 | C12: 4 | D12: 0 | E12: 0 | F12: 0 | G12: 0 | H12: 0 | I12: 0 | J12: 2011 | L12: 299 | M12: 593 | N12: 0 | O12: 887 | P12: 15050 | Q12: 110409
A13: 2012 | C13: 1 | D13: 0 | E13: 0 | F13: 0 | G13: 0 | H13: 0 | I13: 0 | J13: 2012 | L13: 185 | M13: 512 | N13: 0 | O13: 0 | P13: 11 | Q13: 151
A14: 2013 | C14: =SUM(C16:C38) -> 6 | D14: =SUM(D16:D38) -> 0 | E14: =SUM(E16:E38) -> 0 | F14: =SUM(F16:F38) -> 0 | G14: =SUM(G16:G38) -> 0 | H14: =SUM(H16:H38) -> 0 | I14: =SUM(I16:I38) -> 0 | J14: 2013 | L14: =SUM(L16:L38) -> 161 | M14: =SUM(M16:M38) -> 289 | N14: =SUM(N16:N38) -> 0 | O14: =SUM(O16:O38) -> 2 | P14: =SUM(P16:P38) -> 14001 | Q14: =SUM(Q16:Q38) -> 4390
A16: 포항시 | B16: Pohang | C16: 0 | D16: 0 | E16: 0 | F16: 0 | G16: 0 | H16: 0 | I16: 0 | J16: 포항시 | K16: Pohang | L16: 13 | M16: 10 | N16: 0 | O16: 0 | P16: 0 | Q16: 1
A17: 경주시 | B17: Gyeongju | C17: 0 | D17: 0 | E17: 0 | F17: 0 | G17: 0 | H17: 0 | I17: 0 | J17: 경주시 | K17: Gyeongju | L17: 47 | M17: 101 | N17: 0 | O17: 0 | P17: 0 | Q17: 0
A18: 김천시 | B18: Gimcheon | C18: 0 | D18: 0 | E18: 0 | F18: 0 | G18: 0 | H18: 0 | I18: 0 | J18: 김천시 | K18: Gimcheon | L18: 35 | M18: 1 | N18: 0 | O18: 0 | P18: 0 | Q18: 0
A19: 안동시 | B19: Andong | C19: 0 | D19: 0 | E19: 0 | F19: 0 | G19: 0 | H19: 0 | I19: 0 | J19: 안동시 | K19: Andong | L19: 3 | M19: 0 | N19: 0 | O19: 0 | P19: 1 | Q19: 0
A20: 구미시 | B20: Gumi | C20: 0 | D20: 0 | E20: 0 | F20: 0 | G20: 0 | H20: 0 | I20: 0 | J20: 구미시 | K20: Gumi | L20: 5 | M20: 13 | N20: 0 | O20: 0 | P20: 0 | Q20: 0
A21: 영주시 | B21: Yeongju | C21: 0 | D21: 0 | E21: 0 | F21: 0 | G21: 0 | H21: 0 | I21: 0 | J21: 영주시 | K21: Yeongju | L21: 7 | M21: 0 | N21: 0 | O21: 0 | P21: 0 | Q21: 0
A22: 영천시 | B22: Yeongcheon | C22: 0 | D22: 0 | E22: 0 | F22: 0 | G22: 0 | H22: 0 | I22: 0 | J22: 영천시 | K22: Yeongcheon | L22: 15 | M22: 49 | N22: 0 | O22: 0 | P22: 0 | Q22: 1756
A23: 상주시 | B23: Sangju | C23: 0 | D23: 0 | E23: 0 | F23: 0 | G23: 0 | H23: 0 | I23: 0 | J23: 상주시 | K23: Sangju | L23: 6 | M23: 2 | N23: 0 | O23: 0 | P23: 0 | Q23: 0
A24: 문경시 | B24: Mungyeong | C24: 1 | D24: 0 | E24: 0 | F24: 0 | G24: 0 | H24: 0 | I24: 0 | J24: 문경시 | K24: Mungyeong | L24: 0 | M24: 2 | N24: 0 | O24: 0 | P24: 0 | Q24: 15
A25: 경산시 | B25: Gyeongsan | C25: 0 | D25: 0 | E25: 0 | F25: 0 | G25: 0 | H25: 0 | I25: 0 | J25: 경산시 | K25: Gyeongsan | L25: 8 | M25: 49 | N25: 0 | O25: 0 | P25: 0 | Q25: 2598
A26: 군위군 | B26: Gunwi | C26: 0 | D26: 0 | E26: 0 | F26: 0 | G26: 0 | H26: 0 | I26: 0 | J26: 군위군 | K26: Gunwi | L26: 1 | M26: 0 | N26: 0 | O26: 2 | P26: 0 | Q26: 1
A27: 의성군 | B27: Uiseong | C27: 0 | D27: 0 | E27: 0 | F27: 0 | G27: 0 | H27: 0 | I27: 0 | J27: 의성군 | K27: Uiseong | L27: - | M27: 3 | N27: - | O27: - | P27: - | Q27: -
A28: 청송군 | B28: Cheongsong | C28: 0 | D28: 0 | E28: 0 | F28: 0 | G28: 0 | H28: 0 | I28: 0 | J28: 청송군 | K28: Cheongsong | L28: - | M28: 1 | N28: - | O28: - | P28: - | Q28: -
A29: 영양군 | B29: Yeongyang | C29: 0 | D29: 0 | E29: 0 | F29: 0 | G29: 0 | H29: 0 | I29: 0 | J29: 영양군 | K29: Yeongyang | L29: 0 | M29: 0 | N29: 0 | O29: 0 | P29: 0 | Q29: 0
A30: 영덕군 | B30: Yeongdeok | C30: 0 | D30: 0 | E30: 0 | F30: 0 | G30: 0 | H30: 0 | I30: 0 | J30: 영덕군 | K30: Yeongdeok | L30: 0 | M30: 0 | N30: 0 | O30: 0 | P30: 0 | Q30: 0
A31: 청도군 | B31: Cheongdo | C31: 4 | D31: 0 | E31: 0 | F31: 0 | G31: 0 | H31: 0 | I31: 0 | J31: 청도군 | K31: Cheongdo | L31: 13 | M31: 54 | N31: 0 | O31: 0 | P31: 0 | Q31: 0
A32: 청송군 | B32: Cheongsong | C32: 0 | D32: 0 | E32: 0 | F32: 0 | G32: 0 | H32: 0 | I32: 0 | J32: 청송군 | K32: Cheongsong | L32: 4 | M32: 0 | N32: 0 | O32: 0 | P32: 0 | Q32: 16
A33: 성주군 | B33: Seongju | C33: 0 | D33: 0 | E33: 0 | F33: 0 | G33: 0 | H33: 0 | I33: 0 | J33: 성주군 | K33: Seongju | L33: 0 | M33: 0 | N33: 0 | O33: 0 | P33: 0 | Q33: 1
A34: 칠곡군 | B34: Chilgok | C34: 0 | D34: 0 | E34: 0 | F34: 0 | G34: 0 | H34: 0 | I34: 0 | J34: 칠곡군 | K34: Chilgok | L34: 0 | M34: 0 | N34: 0 | O34: 0 | P34: 0 | Q34: 0
A35: 예천군 | B35: Yecheon | C35: 1 | D35: 0 | E35: 0 | F35: 0 | G35: 0 | H35: 0 | I35: 0 | J35: 예천군 | K35: Yecheon | L35: 4 | M35: 2 | N35: 0 | O35: 0 | P35: 0 | Q35: 1
A36: 봉화군 | B36: Bonghwa | C36: 0 | D36: 0 | E36: 0 | F36: 0 | G36: 0 | H36: 0 | I36: 0 | J36: 봉화군 | K36: Bonghwa | L36: 0 | M36: 2 | N36: 0 | O36: 0 | P36: 14000 | Q36: 1
A37: 울진군 | B37: Uljin | C37: 0 | D37: 0 | E37: 0 | F37: 0 | G37: 0 | H37: 0 | I37: 0 | J37: 울진군 | K37: Uljin | L37: 0 | M37: 0 | N37: 0 | O37: 0 | P37: 0 | Q37: 0
A38: 울릉군 | B38: Ulleung | C38: 0 | D38: 0 | E38: 0 | F38: 0 | G38: 0 | H38: 0 | I38: 0 | J38: 울릉군 | K38: Ulleung | L38: 0 | M38: 0 | N38: 0 | O38: 0 | P38: 0 | Q38: 0
A39: 자료 : 축산경영과 | I39: Source : Division of Livestock Management | J39: 자료 : 축산경영과 | Q39: Source : Division of Livestock Management
A40: 주:2011년 자료부터 "돼지콜레라"→"돼지열병"으로 항목명칭 변경 | J40: 주:2011년 자료부터 "돼지콜레라"→"돼지열병"으로 항목명칭 변경

Sheet 23.가축전염병예방주사실적
H1: Ⅵ. Agriculture, Forestry and Fishing / 235 | I1: 236 / Ⅵ. 농림수산업
A3: 23. 가축전염병 예방주사 실적 | I3: 23. 가축전염병 예방주사 실적(계속)
A4: 23. Livestock Vaccinated Against Infectious Diseases | I4: 23. Livestock Vaccinated Against Infectious Diseases(Cont'd)
A5: 단위 : 마리 | H5: Unit : head | I5: 단위 : 마리 | O5: Unit : head
A6: 연별 및 시군별 Year & Si, Gun | C6: 탄저·기종저 Anthrax, Black Leg | D6: 소전염성 비기관염 Infectious ovine rhinotracheities | E6: 돼 지 일본뇌염 Japanese encephalitis | F6: 돼지전염성 위장병 Transmissible gastroenteritis | G6: 돼 지 오제스키병 Aujeszky's | H6: 뉴캣슬병 Newcastle disease | I6: 연별 및 시군별 Year & Si, Gun | K6: 광견병 Rabies | L6: 소유행열 Bovine epidemic fever | M6: 소 아까바네병 Akabane disease | N6: 돼지열병 Hog cholera | O6: 기타 Others
A9: 2009 | C9: 133877 | D9: 71895 | E9: 278434 | F9: 32909 | G9: 0 | H9: 86077614 | I9: 2009 | K9: 40259 | L9: 121810 | M9: 120723 | N9: 2959419 | O9: 13298907
A10: 2010 | C10: 146095 | D10: 83385 | E10: 224112 | F10: 15710 | G10: 0 | H10: 89869628 | I10: 2010 | K10: 35859 | L10: 124702 | M10: 104614 | N10: 3257896 | O10: 9078568
A11: 2011 | C11: 131001 | D11: 71620 | E11: 235111 | F11: 30152 | G11: 0 | H11: 94782154 | I11: 2011 | K11: 33192 | L11: 123713 | M11: 99928 | N11: 2931387 | O11: 25958755
A12: 2012 | C12: 108826 | D12: 83985 | E12: 268841 | F12: 75594 | G12: 0 | H12: 101193570 | I12: 2012 | K12: 39800 | L12: 130352 | M12: 100000 | N12: 3945431 | O12: 44927835
A13: 2013 | C13: =SUM(C15:C37) -> 83076 | D13: =SUM(D15:D37) -> 84954 | E13: =SUM(E15:E37) -> 245684 | F13: =SUM(F15:F37) -> 54015 | G13: =SUM(G15:G37) -> 0 | H13: =SUM(H15:H37) -> 82208704 | I13: 2013 | K13: =SUM(K15:K37) -> 52337 | L13: =SUM(L15:L37) -> 129262 | M13: =SUM(M15:M37) -> 108967 | N13: =SUM(N15:N37) -> 3772964 | O13: =SUM(O15:O37) -> 28302393
A15: 포항시 | B15: Pohang | C15: 1646 | D15: 2578 | E15: 0 | F15: 0 | G15: 0 | H15: 0 | I15: 포항시 | J15: Pohang | K15: 1053 | L15: 4418 | M15: 3276 | N15: 0 | O15: 2024
A16: 경주시 | B16: Gyeongju | C16: 7130 | D16: 21020 | E16: 37230 | F16: 22710 | G16: 0 | H16: 2462470 | I16: 경주시 | J16: Gyeongju | K16: 3880 | L16: 26550 | M16: 14930 | N16: 337630 | O16: 510000
A17: 김천시 | B17: Gimcheon | C17: 3120 | D17: 3660 | E17: 9790 | F17: 5890 | G17: 0 | H17: 11243770 | I17: 김천시 | J17: Gimcheon | K17: 7100 | L17: 6420 | M17: 5450 | N17: 181340 | O17: 317650
A18: 안동시 | B18: Andong | C18: 3570 | D18: 5340 | E18: 16440 | F18: 0 | G18: 0 | H18: 8940000 | I18: 안동시 | J18: Andong | K18: 4373 | L18: 5001 | M18: 4071 | N18: 235000 | O18: 3713240
A19: 구미시 | B19: Gumi | C19: 5600 | D19: 3860 | E19: 14000 | F19: 0 | G19: 0 | H19: 2600000 | I19: 구미시 | J19: Gumi | K19: 1600 | L19: 6660 | M19: 7470 | N19: 245600 | O19: 5138720
A20: 영주시 | B20: Yeongju | C20: 4120 | D20: 3900 | E20: 10980 | F20: 6700 | G20: 0 | H20: 7600000 | I20: 영주시 | J20: Yeongju | K20: 1050 | L20: 6852 | M20: 5232 | N20: 137830 | O20: 4949423
A21: 영천시 | B21: Yeongcheon | C21: 3770 | D21: 3960 | E21: 25100 | F21: 0 | G21: 0 | H21: 3525000 | I21: 영천시 | J21: Yeongcheon | K21: 2820 | L21: 6960 | M21: 6111 | N21: 679800 | O21: 2257174
A22: 상주시 | B22: Sangju | C22: 7300 | D22: 8000 | E22: 13100 | F22: 0 | G22: 0 | H22: 16121164 | I22: 상주시 | J22: Sangju | K22: 5075 | L22: 13290 | M22: 9120 | N22: 100000 | O22: 0
A23: 문경시 | B23: Mungyeong | C23: 2720 | D23: 3946 | E23: 10300 | F23: 0 | G23: 0 | H23: 4140000 | I23: 문경시 | J23: Mungyeong | K23: 2620 | L23: 6420 | M23: 4320 | N23: 189820 | O23: 2943352
A24: 경산시 | B24: Gyeongsan | C24: 3000 | D24: 2050 | E24: 5300 | F24: 0 | G24: 0 | H24: 358000 | I24: 경산시 | J24: Gyeongsan | K24: 1891 | L24: 3600 | M24: 14025 | N24: 134260 | O24: 0
A25: 군위군 | B25: Gunwi | C25: 1500 | D25: 2000 | E25: 2000 | F25: 0 | G25: 0 | H25: 4000000 | I25: 군위군 | J25: Gunwi | K25: 800 | L25: 3600 | M25: 2700 | N25: 400000 | O25: 3721500
A26: 의성군 | B26: Uiseong | C26: 2980 | D26: 3510 | E26: 11910 | F26: - | G26: - | H26: 9078130 | I26: 의성군 | J26: Uiseong | K26: 2770 | L26: 6170 | M26: 5360 | N26: 326780 | O26: -
A27: 청송군 | B27: Cheongsong | C27: 250 | D27: 300 | E27: 900 | F27: - | G27: - | H27: 2200000 | I27: 청송군 | J27: Cheongsong | K27: 1700 | L27: - | M27: 300 | N27: 1100 | O27: 2706230
A28: 영양군 | B28: Yeongyang | C28: 460 | D28: 462 | E28: 220 | F28: 115 | G28: 0 | H28: 6000 | I28: 영양군 | J28: Yeongyang | K28: 1262 | L28: 804 | M28: 663 | N28: 300 | O28: 12746
A29: 영덕군 | B29: Yeongdeok | C29: 400 | D29: 818 | E29: 2440 | F29: 0 | G29: 0 | H29: 59060 | I29: 영덕군 | J29: Yeongdeok | K29: 702 | L29: 471 | M29: 397 | N29: 32090 | O29: 308992
A30: 청도군 | B30: Cheongdo | C30: 2743 | D30: 2907 | E30: 9000 | F30: 0 | G30: 0 | H30: 571000 | I30: 청도군 | J30: Cheongdo | K30: 910 | L30: 3611 | M30: 3705 | N30: 75000 | O30: 0
A31: 고령군 | B31: Goryeong | C31: 18634 | D31: 3000 | E31: 36774 | F31: 0 | G31: 0 | H31: 190000 | I31: 고령군 | J31: Goryeong | K31: 1000 | L31: 5270 | M31: 4560 | N31: 204544 | O31: 342607
A32: 성주군 | B32: Seongju | C32: 1840 | D32: 1680 | E32: 24800 | F32: 18000 | G32: 0 | H32: 2410000 | I32: 성주군 | J32: Seongju | K32: 6400 | L32: 2850 | M32: 4839 | N32: 220000 | O32: 997056
A33: 칠곡군 | B33: Chilgok | C33: 5733 | D33: 890 | E33: 5280 | F33: 0 | G33: 0 | H33: 4110760 | I33: 칠곡군 | J33: Chilgok | K33: 1790 | L33: 1570 | M33: 2070 | N33: 126090 | O33: 182210
A34: 예천군 | B34: Yecheon | C34: 3640 | D34: 7672 | E34: 8420 | F34: 0 | G34: 0 | H34: 2584000 | I34: 예천군 | J34: Yecheon | K34: 1906 | L34: 13476 | M34: 6438 | N34: 126780 | O34: 191879
A35: 봉화군 | B35: Bonghwa | C35: 1760 | D35: 2471 | E35: 0 | F35: 0 | G35: 0 | H35: 0 | I35: 봉화군 | J35: Bonghwa | K35: 1035 | L35: 3849 | M35: 2070 | N35: 0 | O35: 0
A36: 울진군 | B36: Uljin | C36: 1100 | D36: 800 | E36: 1700 | F36: 600 | G36: 0 | H36: 0 | I36: 울진군 | J36: Uljin | K36: 540 | L36: 1200 | M36: 1770 | N36: 19000 | O36: 4250
A37: 울릉군 | B37: Ulleung | C37: 60 | D37: 130 | E37: 0 | F37: 0 | G37: 0 | H37: 9350 | I37: 울릉군 | J37: Ulleung | K37: 60 | L37: 220 | M37: 90 | N37: 0 | O37: 3340
A38: 자료 : 축산경영과 | H38: Source : Division of Livestock Management | I38: 자료 : 축산경영과 | O38: Source : Division of Livestock Management
A39: 주:2011년 자료부터 "돼지콜레라"→"돼지열병"으로 항목명칭 변경 | I39: 주:2011년 자료부터 "돼지콜레라"→"돼지열병"으로 항목명칭 변경

Sheet 24.수의사현황
L1: Ⅵ. Agriculture, Forestry and Fishing / 237
A3: 24. 수의사 현황
A4: 24. Number of Veterinarians
A5: 단위 : 명 | K5: Unit : person
A6: 연별 및 시군별 Year & Si, Gun | B6: 성별 Gender | E6: 직 업 별 By occupation
C8: 남 Male | D8: 여 Female | F8: 행정 Admini strative | G8: 연구 Research | H8: 공수의 Public veterinarian | I8: 개업수의 Practitioner | J8: 학교 School | K8: 단체 Corpo- ration | L8: 기타 Others
A10: 2009 | B10: 440 | C10: 380 | D10: 60 | E10: 440 | F10: 95 | G10: 18 | H10: 160 | I10: 98 | J10: 1 | K10: 4 | L10: 64
A11: 2010 | B11: 472 | C11: 408 | D11: 64 | E11: 472 | F11: 112 | G11: 17 | H11: 160 | I11: 104 | J11: 0 | K11: 7 | L11: 72
A12: 2011 | B12: 461 | C12: 397 | D12: 64 | E12: 461 | F12: 131 | G12: 17 | H12: 168 | I12: 101 | J12: 3 | K12: 3 | L12: 38
A13: 2012 | B13: 498 | C13: 422 | D13: 76 | E13: 498 | F13: 141 | G13: 1 | H13: 166 | I13: 114 | J13: 2 | K13: 17 | L13: 57
A14: 2013 | B14: =SUM(B16:B39) -> 432 | C14: =SUM(C16:C39) -> 376 | D14: =SUM(D16:D39) -> 56 | E14: =SUM(E16:E39) -> 433 | F14: =SUM(F16:F39) -> 109 | G14: =SUM(G16:G39) -> 6 | H14: =SUM(H16:H39) -> 160 | I14: =SUM(I16:I39) -> 111 | ... L14: =SUM(L16:L39) -> 40
A16: 도 Province | B16: =SUM(C16:D16) -> 54 | C16: 42 | D16: 12 | E16: =SUM(F16:L16) -> 54 | F16: 42 | G16: 5 | H16: 0 | I16: 0 | J16: 0 | K16: 0 | L16: 7
A17: 포항시 Pohang | B17: =SUM(C17:D17) -> 32 | C17: 27 | D17: 5 | E17: =SUM(F17:L17) -> 32 | F17: 5 | G17: 0 | H17: 8 | I17: 19 | J17: 0 | K17: 0 | L17: 0
A18: 경주시 Gyeongju | B18: =SUM(C18:D18) -> 46 | C18: 41 | D18: 5 | E18: =SUM(F18:L18) -> 46 | F18: 7 | G18: 0 | H18: 20 | I18: 18 | J18: 0 | K18: 1 | L18: 0
A19: 김천시 Gimcheon | B19: =SUM(C19:D19) -> 15 | C19: 13 | D19: 2 | E19: =SUM(F19:L19) -> 15 | F19: 4 | G19: 0 | H19: 8 | I19: 2 | J19: 0 | K19: 0 | L19: 1
A20: 안동시 Andong | B20: =SUM(C20:D20) -> 26 | C20: 24 | D20: 2 | E20: =SUM(F20:L20) -> 26 | F20: 5 | G20: 0 | H20: 10 | I20: 3 | J20: 0 | K20: 0 | L20: 8
A21: 구미시 Gumi | B21: =SUM(C21:D21) -> 35 | C21: 30 | D21: 5 | E21: =SUM(F21:L21) -> 35 | F21: 4 | G21: 0 | H21: 8 | I21: 23 | J21: 0 | K21: 0 | L21: 0
A22: 영주시 Yeongju | B22: =SUM(C22:D22) -> 23 | C22: 18 | D22: 5 | E22: =SUM(F22:L22) -> 23 | F22: 4 | G22: 1 | H22: 8 | I22: 7 | J22: 0 | K22: 0 | L22: 3
A23: 영천시 Yeongcheon | B23: =SUM(C23:D23) -> 23 | C23: 20 | D23: 3 | E23: =SUM(F23:L23) -> 23 | F23: 5 | G23: 0 | H23: 10 | I23: 5 | J23: 0 | K23: 1 | L23: 2
A24: 상주시 Sangju | B24: =SUM(C24:D24) -> 31 | C24: 24 | D24: 7 | E24: =SUM(F24:L24) -> 31 | F24: 4 | G24: 0 | H24: 11 | I24: 6 | J24: 1 | K24: 0 | L24: 9
A25: 문경시 Mungyeong | B25: =SUM(C25:D25) -> 12 | C25: 11 | D25: 1 | E25: =SUM(F25:L25) -> 12 | F25: 2 | G25: 0 | H25: 8 | I25: 1 | J25: 0 | K25: 1 | L25: 0
A26: 경산시 Gyeongsan | B26: =SUM(C26:D26) -> 29 | C26: 25 | D26: 4 | E26: =SUM(F26:L26) -> 29 | F26: 4 | G26: 0 | H26: 7 | I26: 13 | J26: 0 | K26: 0 | L26: 5
A27: 군위군 Gunwi | B27: =SUM(C27:D27) -> 8 | C27: 8 | D27: 0 | E27: =SUM(F27:L27) -> 8 | F27: 2 | G27: 0 | H27: 5 | I27: 0 | J27: 0 | K27: 0 | L27: 1
A28: 의성군 Uiseong | B28: =SUM(C28:D28) -> 13 | C28: 13 | D28: 0 | E28: =SUM(F28:L28) -> 13 | F28: 2 | G28: 0 | H28: 10 | I28: 1 | J28: 0 | K28: 0 | L28: 0
A29: 청송군 Cheongsong | B29: =SUM(C29:D29) -> 7 | C29: 7 | D29: - | E29: =SUM(F29:L29) -> 7 | F29: 2 | G29: - | H29: 5 | I29: 0 | J29: - | K29: - | L29: -
A30: 영양군 Yeongyang | B30: =SUM(C30:D30) -> 3 | C30: 3 | D30: 0 | E30: =SUM(F30:L30) -> 3 | F30: 1 | G30: 0 | H30: 1 | I30: 0 | J30: 0 | K30: 1 | L30: 0
A31: 영덕군 Yeongdeok | B31: =SUM(C31:D31) -> 3 | C31: 3 | D31: 0 | E31: =SUM(F31:L31) -> 4 | F31: 1 | G31: 0 | H31: 1 | I31: 1 | J31: 0 | K31: 1 | L31: 0
A32: 청도군 Cheongdo | B32: =SUM(C32:D32) -> 13 | C32: 13 | D32: 0 | E32: =SUM(F32:L32) -> 13 | F32: 3 | G32: 0 | H32: 6 | I32: 3 | J32: 0 | K32: 1 | L32: 0
A33: 고령군 Goryeong | B33: =SUM(C33:D33) -> 10 | C33: 8 | D33: 2 | E33: =SUM(F33:L33) -> 10 | F33: 1 | G33: 0 | H33: 8 | I33: 0 | J33: 0 | K33: 0 | L33: 1
A34: 성주군 Seongju | B34: =SUM(C34:D34) -> 10 | C34: 9 | D34: 1 | E34: =SUM(F34:L34) -> 10 | F34: 1 | G34: 0 | H34: 8 | I34: 0 | J34: 0 | K34: 0 | L34: 1
A35: 칠곡군 Chilgok | B35: =SUM(C35:D35) -> 11 | C35: 10 | D35: 1 | E35: =SUM(F35:L35) -> 11 | F35: 2 | G35: 0 | H35: 5 | I35: 3 | J35: 0 | K35: 0 | L35: 1
A36: 예천군 Yecheon | B36: =SUM(C36:D36) -> 12 | C36: 11 | D36: 1 | E36: =SUM(F36:L36) -> 12 | F36: 3 | G36: 0 | H36: 7 | I36: 2 | J36: 0 | K36: 0 | L36: 0
A37: 봉화군 Bonghwa | B37: =SUM(C37:D37) -> 7 | C37: 7 | D37: 0 | E37: =SUM(F37:L37) -> 7 | F37: 1 | G37: 0 | H37: 4 | I37: 2 | J37: 0 | K37: 0 | L37: 0
A38: 울진군 Uljin | B38: =SUM(C38:D38) -> 7 | C38: 7 | D38: 0 | E38: =SUM(F38:L38) -> 7 | F38: 3 | G38: 0 | H38: 2 | I38: 1 | J38: 0 | K38: 0 | L38: 1
A39: 울릉군 Ulleung | B39: =SUM(C39:D39) -> 2 | C39: 2 | D39: 0 | E39: =SUM(F39:L39) -> 2 | F39: 1 | G39: 0 | H39: 0 | I39: 1 | J39: 0 | K39: 0 | L39: 0
A40: 자료 : 축산경영과, 2006년 자료부터 남녀 구분 | L40: Source : Division of Livestock Management

Sheet 25.도축검사
A1: 238 / Ⅵ. 농림수산업 | N1: Ⅵ. Agriculture, Forestry and Fishing / 239
A3: 25. 도축검사 | H3: 25. Inspection of Slaughtered Livestock
A5: 단위 : 마리, 톤 | N5: Unit : head, ton
A6: 연별 및 시군별 | B6: 소 Cattle | E6: 돼지 Pigs | H6: 닭 Chickens | K6: 기타 Others | N6: Year & Si, Gun
B8: 두수 No.of heads | C8: 생체량 Alive | D8: 지육량 Meat | E8: 두수 No.of heads | F8: 생체량 Alive | G8: 지육량 Meat | H8: 두수 No.of heads | I8: 생체량 Alive | J8: 지육량 Meat | K8: 두수 No.of heads | L8: 생체량 Alive | M8: 지육량 Meat
A10: 2009 | B10: 85040 | C10: 57827 | D10: 33540 | E10: 1157234 | F10: 136554 | G10: 96953 | H10: 59924488 | I10: 55729.774 | J10: 36224.353 | K10: 731 | L10: 380 | M10: 0 | N10: 2009
A11: 2010 | B11: 78812 | C11: 53592.16 | D11: 31083.453 | E11: 1196285 | F11: 141161.63 | G11: 100224.76 | H11: 48021174 | I11: 44659.692 | J11: 29028.8 | K11: 488 | L11: 253.76 | M11: 0 | N11: 2010
A12: 2011 | B12: 101318 | C12: 68896.24 | D12: 39959.819 | E12: 1051581 | F12: 124086.56 | G12: 88101.456 | H12: 80664469 | I12: 75017.956 | J12: 48761.672 | K12: 465 | L12: 241.8 | M12: 0 | N12: 2011
A13: 2012 | B13: 111063 | C13: 75501.2 | D13: 43788.576 | E13: 1338598 | F13: 157954.49 | G13: 112147.14 | H13: 77579684 | I13: 72149.106 | J13: 46896.919 | K13: 760 | L13: 383.2 | M13: - | N13: 2012
A14: 2013 | B14: =SUM(B16:B38) -> 122439 | C14: =SUM(C16:C38) -> 83258 | D14: =SUM(D16:D38) -> 48291 | E14: =SUM(E16:E38) -> 1476342 | F14: =SUM(F16:F38) -> 174210 | G14: =SUM(G16:G38) -> 123689 | H14: =SUM(H16:H38) -> 69483443 | I14: =SUM(I16:I38) -> 64620 | ... L14: =SUM(L16:L38) -> 4354 | M14: - | N14: 2013
A16: 포항시 | B16: 0 | C16: 0 | D16: 0 | E16: 0 | F16: 0 | G16: 0 | H16: 0 | I16: 0 | J16: 0 | K16: 0 | L16: 0 | M16: 0 | N16: Pohang
A17: 경주시 | B17: 0 | C17: 0 | D17: 0 | E17: 0 | F17: 0 | G17: 0 | H17: 0 | I17: 0 | J17: 0 | K17: 0 | L17: 0 | M17: 0 | N17: Gyeongju
A18: 김천시 | B18: 0 | C18: 0 | D18: 0 | E18: 338124 | F18: 39899 | G18: 28328 | H18: 0 | I18: 0 | J18: 0 | K18: 0 | L18: 0 | M18: 0 | N18: Gimcheon
A19: 안동시 | B19: 10791 | C19: 7338 | D19: 4256 | E19: 87107 | F19: 10279 | G19: 7298 | H19: 0 | I19: 0 | J19: 0 | K19: 943 | L19: 490 | M19: 0 | N19: Andong
A20: 구미시 | B20: 5032 | C20: 3422 | D20: 1985 | E20: 134384 | F20: 15857 | G20: 11259 | H20: 0 | I20: 0 | J20: 0 | K20: 0 | L20: 0 | M20: 0 | N20: Gumi
A21: 영주시 | B21: 9977 | C21: 6784 | D21: 3935 | E21: 33649 | F21: 3971 | G21: 2819 | H21: 0 | I21: 0 | J21: 0 | K21: 1081 | L21: 562 | M21: 0 | N21: Yeongju
A22: 영천시 | B22: 8605 | C22: 5851 | D22: 3394 | E22: 140670 | F22: 16599 | G22: 11785 | H22: 0 | I22: 0 | J22: 0 | K22: 2274 | L22: 1182 | M22: 0 | N22: Yeongcheon
A23: 상주시 | B23: 0 | C23: 0 | D23: 0 | E23: 0 | F23: 0 | G23: 0 | H23: 69483443 | I23: 64620 | J23: 42003 | K23: 0 | L23: 0 | M23: 0 | N23: Sangju
A24: 문경시 | B24: 0 | C24: 0 | D24: 0 | E24: 0 | F24: 0 | G24: 0 | H24: 0 | I24: 0 | J24: 0 | K24: 0 | L24: 0 | M24: 0 | N24: Mungyeong
A25: 경산시 | B25: 12543 | C25: 8529 | D25: 4947 | E25: 124691 | F25: 14714 | G25: 10447 | H25: 0 | I25: 0 | J25: 0 | K25: 4055 | L25: 2109 | M25: 0 | N25: Gyeongsan
A26: 군위군 | B26: 12964 | C26: 8816 | D26: 5113 | E26: 331579 | F26: 39126 | G26: 27780 | H26: 0 | I26: 0 | J26: 0 | K26: 0 | L26: 0 | M26: 0 | N26: Gunwi
A27: 의성군 | B27: 0 | C27: 0 | D27: 0 | E27: 0 | F27: 0 | G27: 0 | H27: 0 | I27: 0 | J27: 0 | K27: 0 | L27: 0 | M27: 0 | N27: Uiseong
... A38: 울릉군 | B38: 306 | C38: 208 | D38: 121 | E38: 175 | F38: 21 | G38: 15 | H38: 0 | I38: 0 | J38: 0 | K38: 22 | L38: 11 | M38: 0 | N38: Ulleung
A39: 자료 : 축산경영과 | N39: Source : Division of Livestock Management
A40: 주 : 기타에는 오리, 말, 양, 사슴, 토끼, 칠면조, 거위, 메추리, 꿩 등 합산

Sheet 26.배합사료생산
A1: 240 / Ⅵ. 농림수산업
A3: 26. 배합사료생산
A4: 26. Production of Assorted Feed
A5: 단위 : M/T | H5: Unit : M/T
A6: 연별 및 시군별 Year & Si, Gun | C6: 합 계 Total | D6: 양계용 For poultry | E6: 양돈용 For swine | F6: 낙농용 For dairy | G6: 비육용 For beef cattle | H6: 기 타 Others
A10: 2009 | C10: 990447 | D10: 293724 | E10: 234212 | F10: 31022 | G10: 399299 | H10: 32190
A11: 2010 | C11: 848403 | D11: 250421 | E11: 194137 | F11: 25348 | G11: 371227 | H11: 7270
A12: 2011 | C12: 908312 | D12: 266384 | E12: 205777 | F12: 27368 | G12: 388898 | H12: 19885
A13: 2012 | C13: 1115227 | D13: 295323 | E13: 262006 | F13: 30141 | G13: 487166 | H13: 40591
A14: 2013 | C14: =SUM(C16:C38) -> 1124434 | D14: =SUM(D16:D38) -> 266677 | E14: =SUM(E16:E38) -> 298032 | F14: =SUM(F16:F38) -> 28294 | G14: =SUM(G16:G38) -> 497736 | H14: =SUM(H16:H38) -> 33695
A16: 포항시 | B16: Pohang | C16: 0 | D16: 0 | E16: 0 | F16: 0 | G16: 0 | H16: 0
A17: 경주시 | B17: Gyeongju | C17: 141790 | D17: 67023 | E17: 65545 | F17: 0 | G17: 0 | H17: 9222
A18: 김천시 | B18: Gimcheon | C18: 0 | D18: 0 | E18: 0 | F18: 0 | G18: 0 | H18: 0
A19: 안동시 | B19: Andong | C19: 487145 | D19: 17053 | E19: 39318 | F19: 12415 | G19: 416387 | H19: 1972
A20: 구미시 | B20: Gumi | C20: 0 | D20: 0 | E20: 0 | F20: 0 | G20: 0 | H20: 0
A21: 영주시 | B21: Yeongju | C21: 0 | D21: 0 | E21: 0 | F21: 0 | G21: 0 | H21: 0
A22: 영천시 | B22: Yeongcheon | C22: 203629 | D22: 99155 | E22: 71734 | F22: 2181 | G22: 27269 | H22: 3290
A23: 상주시 | B23: Sangju | C23: 0 | D23: 0 | E23: 0 | F23: 0 | G23: 0 | H23: 0
A24: 문경시 | B24: Mungyeong | C24: 0 | D24: 0 | E24: 0 | F24: 0 | G24: 0 | H24: 0
A25: 경산시 | B25: Gyeongsan | C25: 291870 | D25: 83446 | E25: 121435 | F25: 13698 | G25: 54080 | H25: 19211
A26: 군위군 | B26: Gunwi | C26: 0 | D26: 0 | E26: 0 | F26: 0 | G26: 0 | H26: 0
A27: 의성군 | B27: Uiseong | C27: 0 | D27: 0 | E27: 0 | F27: 0 | G27: 0 | H27: 0
... A38: 울릉군 | B38: Ulleung | C38: 0 | D38: 0 | E38: 0 | F38: 0 | G38: 0 | H38: 0
A39: 자료 : 축산경영과 | H39: Source : Division of Livestock Management

Sheet 27.축산물위생관계업소
J1: Ⅵ. Agriculture, Forestry and Fishing / 241 | K1: 242 / Ⅵ. 농림수산업
A3: 27. 축산물 위생관계업소 | K3: 27. 축산물 위생관계업소(계속)
A4: 27. Number of Licensed Livestock Products Premised by Business Type | K4: 27. Number of Licensed Livestock Products Premised by Business Type(Cont'd)
A5: 단위 : 개소 | J5: Unit : establishment | K5: 단위 : 개소 | T5: Unit : establishment
A6: 연별 및 시군별 Year & Si, Gun | C6: 합 계 Total | D6: 도축업 Livestock slaughter business | E6: 집유업 Milk collection business | F6: 축산물가공업 Livestock products processing business | K6: 연별 및 시군별 Year & Si, Gun | M6: 축산물 보관업 Livestock products storing business | N6: 축산물 운반업 Livestock products transportation business | O6: 축산물판매업 Livestock products sales business
G7: 식육가공업 Meat processing business | H7: 식육포장 처리업 Meat wrapping business | I7: 유가공업 Milk processing business | J7: 알가공업 Egg processing business | P7: 식육판매업 Meat sales business | Q7: 식육부산물 전문판매업 Meat by-products sales business | R7: 우유류판매업 Milk products sales business | S7: 축산물유통 판매업 Livestock products distribution sales business | T7: 축산물수입 판매업 Livestock products imports sales business
A8: 2009 | C8: 4848 | D8: 13 | E8: 4 | F8: 264 | G8: 69 | H8: 173 | I8: 7 | J8: 15 | K8: 2009 | M8: 14 | N8: 100 | O8: 4453 | P8: 3980 | Q8: 14 | R8: 459 | S8: … | T8: 0
A9: 2010 | C9: 4992 | D9: 12 | E9: 4 | F9: 277 | G9: 67 | H9: 187 | I9: 7 | J9: 16 | K9: 2010 | M9: 17 | N9: 99 | O9: 4583 | P9: 4064 | Q9: 15 | R9: 467 | S9: 29 | T9: 8
A10: 2011 | C10: 4869 | D10: 10 | E10: 4 | F10: 336 | G10: 83 | H10: 227 | I10: 9 | J10: 17 | K10: 2011 | M10: 19 | N10: 75 | O10: 4425 | P10: 3860 | Q10: 18 | R10: 483 | S10: 45 | T10: 19
A11: 2012 | C11: 5122 | D11: 11 | E11: 4 | F11: 395 | G11: 83 | H11: 285 | I11: 9 | J11: 18 | K11: 2012 | M11: 25 | N11: 127 | O11: 4555 | P11: 3947 | Q11: 19 | R11: 510 | S11: 78 | T11: 1
A12: 2013 | C12: =SUM(C14:C36) -> 5045 | D12: =SUM(D14:D36) -> 9 | E12: =SUM(E14:E36) -> 2 | F12: =SUM(F14:F36) -> 355 | G12: =SUM(G14:G36) -> 61 | H12: =SUM(H14:H36) -> 275 | I12: =SUM(I14:I36) -> 9 | J12: =SUM(J14:J36) -> 10 | K12: 2013 | M12: =SUM(M14:M36) -> 19 | N12: =SUM(N14:N36) -> 104 | O12: =SUM(O14:O36) -> 4556 | P12: =SUM(P14:P36) -> 3916 | Q12: =SUM(Q14:Q36) -> 28 | R12: =SUM(R14:R36) -> 508 | S12: =SUM(S14:S36) -> 81 | T12: =SUM(T14:T36) -> 23
A14: 포항시 | B14: Pohang | C14: =SUM(D14:F14,M14:O14) -> 652 | D14: 0 | E14: 0 | F14: =SUM(G14:J14) -> 19 | G14: 0 | H14: 19 | I14: 0 | J14: 0 | K14: 포항시 | L14: Pohang | M14: 3 | N14: 1 | O14: =SUM(P14:T14) -> 629 | P14: 526 | Q14: 1 | R14: 100 | S14: 2 | T14: 0
A15: 경주시 | B15: Gyeongju | C15: =SUM(D15:F15,M15:O15) -> 623 | D15: 0 | E15: 0 | F15: =SUM(G15:J15) -> 17 | G15: 0 | H15: 17 | I15: 0 | J15: 0 | K15: 경주시 | L15: Gyeongju | M15: 0 | N15: 4 | O15: =SUM(P15:T15) -> 602 | P15: 539 | Q15: 0 | R15: 60 | S15: 1 | T15: 2
A16: 김천시 | B16: Gimcheon | C16: =SUM(D16:F16,M16:O16) -> 242 | D16: 0 | E16: 0 | F16: =SUM(G16:J16) -> 17 | G16: 0 | H16: 17 | I16: 0 | J16: 0 | K16: 김천시 | L16: Gimcheon | M16: 1 | N16: 6 | O16: =SUM(P16:T16) -> 218 | P16: 183 | Q16: 5 | R16: 23 | S16: 6 | T16: 1
A17: 안동시 | B17: Andong | C17: =SUM(D17:F17,M17:O17) -> 341 | D17: 0 | E17: 1 | F17: =SUM(G17:J17) -> 58 | G17: 5 | H17: 53 | I17: 0 | J17: 0 | K17: 안동시 | L17: Andong | M17: 1 | N17: 2 | O17: =SUM(P17:T17) -> 279 | P17: 225 | Q17: 3 | R17: 36 | S17: 15 | T17: 0
A18: 구미시 | B18: Gumi | C18: =SUM(D18:F18,M18:O18) -> 697 | D18: 1 | E18: 0 | F18: =SUM(G18:J18) -> 41 | G18: 7 | H18: 31 | I18: 1 | J18: 2 | K18: 구미시 | L18: Gumi | M18: 2 | N18: 9 | O18: =SUM(P18:T18) -> 644 | P18: 539 | Q18: 3 | R18: 80 | S18: 21 | T18: 1
A19: 영주시 | B19: Yeongju | C19: =SUM(D19:F19,M19:O19) -> 213 | D19: 1 | E19: 0 | F19: =SUM(G19:J19) -> 18 | G19: 3 | H19: 13 | I19: 0 | J19: 2 | K19: 영주시 | L19: Yeongju | M19: 0 | N19: 2 | O19: =SUM(P19:T19) -> 192 | P19: 164 | Q19: 1 | R19: 18 | S19: 8 | T19: 1
A20: 영천시 | B20: Yeongcheon | C20: =SUM(D20:F20,M20:O20) -> 256 | D20: 1 | E20: 0 | F20: =SUM(G20:J20) -> 21 | G20: 6 | H20: 12 | I20: 1 | J20: 2 | K20: 영천시 | L20: Yeongcheon | M20: 0 | N20: 15 | O20: =SUM(P20:T20) -> 219 | P20: 198 | Q20: 0 | R20: 17 | S20: 4 | T20: 0
A21: 상주시 | B21: Sangju | C21: =SUM(D21:F21,M21:O21) -> 221 | D21: 1 | E21: 0 | F21: =SUM(G21:J21) -> 14 | G21: 3 | H21: 11 | I21: 0 | J21: 0 | K21: 상주시 | L21: Sangju | M21: 1 | N21: 2 | O21: =SUM(P21:T21) -> 203 | P21: 184 | Q21: 0 | R21: 16 | S21: 3 | T21: 0
A22: 문경시 | B22: Mungyeong | C22: =SUM(D22:F22,M22:O22) -> 196 | D22: 0 | E22: 0 | F22: =SUM(G22:J22) -> 10 | G22: 3 | H22: 6 | I22: 1 | J22: 0 | K22: 문경시 | L22: Mungyeong | M22: 1 | N22: 8 | O22: =SUM(P22:T22) -> 177 | P22: 160 | Q22: 0 | R22: 17 | S22: 0 | T22: 0
A23: 경산시 | B23: Gyeongsan | C23: =SUM(D23:F23,M23:O23) -> 439 | D23: 1 | E23: 1 | F23: =SUM(G23:J23) -> 64 | G23: 25 | H23: 33 | I23: 5 | J23: 1 | K23: 경산시 | L23: Gyeongsan | M23: 5 | N23: 38 | O23: =SUM(P23:T23) -> 330 | P23: 258 | Q23: 1 | R23: 57 | S23: 3 | T23: 11
A24: 군위군 | B24: Gunwi | C24: =SUM(D24:F24,M24:O24) -> 36 | D24: 1 | E24: 0 | F24: =SUM(G24:J24) -> 5 | G24: 2 | H24: 2 | I24: 0 | J24: 1 | K24: 군위군 | L24: Gunwi | M24: 0 | N24: 0 | O24: =SUM(P24:T24) -> 30 | P24: 23 | Q24: 0 | R24: 4 | S24: 3 | T24: 0
A25: 의성군 | B25: Uiseong | C25: =SUM(D25:F25,M25:O25) -> 86 | D25: 0 | E25: 0 | F25: =SUM(G25:J25) -> 3 | G25: 0 | H25: 3 | I25: 0 | J25: 0 | K25: 의성군 | L25: Uiseong | M25: 0 | N25: 2 | O25: =SUM(P25:T25) -> 81 | P25: 77 | Q25: 0 | R25: 4 | S25: 0 | T25: 0
... A36: 울릉군 | B36: Ulleung | C36: =SUM(D36:F36,M36:O36) -> 35 | D36: 1 | E36: 0 | F36: =SUM(G36:J36) -> 1 | G36: 0 | H36: 1 | I36: 0 | J36: 0 | K36: 울릉군 | L36: Ulleung | M36: 0 | N36: 1 | O36: =SUM(P36:T36) -> 32 | P36: 29 | Q36: 0 | R36: 2 | S36: 0 | T36: 1
A37: 자료 : 축산경영과 | G37: Source : Division of Livestock Managementt | K37: 자료 : 축산경영과 | O37: Source : Division of Livestock Managementt
A38: 주 : 2010년 자료부터 서식 변경 ("축산물 유통판매업" 항목 추가) | K38: 주 : 2010년 자료부터 서식 변경 ("축산물 유통판매업" 항목 추가)

Sheet 28.소유별산림면적
I1: Ⅵ. Agriculture, Forestry and Fishing / 243 | J1: 244 / Ⅵ. 농림수산업
A3: 28. 소유별 산림면적 | J3: 28. 소유별 산림면적(계속)
A4: 28. Area of Forest Land by Ownership | J4: 28. Area of Forest Land by Ownership(Cont'd)
A5: 단위 : ha | I5: Unit : ha | J5: 단위 : ha | Q5: Unit : ha
A6: 연별 및 시군별 Year & Si, Gun | C6: 면적 Area (㎢) | D6: 합 계 Total | E6: 국유림 National forest | J6: 연별 및 시군별 Year & Si, Gun | L6: 민유림 Non- National forest | Q6: 산 림 율(%) of Fores Area
E7: 합 계 Total | F7: 산림청소관 Under Forestry Administration | I7: 타부처소관 Under othergovt. Authorities | L7: 합 계 Total | M7: 공유림 Public forest | P7: 사유림 Private forest
F8: 소 계 Total | G8: 요 존 Indispens-able | H8: 불요존 Dispens-able | M8: 소 계 Total | N8: 시.도유림 Provincial forest | O8: 시·군유림 Si, Gun-owned
A10: 2006 | C10: 19026.064 | D10: 1345574 | E10: 244264 | F10: 237020 | G10: … | H10: … | I10: 7244 | J10: 2006 | L10: 1104135 | M10: 116163 | N10: 13886 | O10: 102277 | P10: 987972 | Q10: …
A11: 2007 | C11: 19025.71 | D11: 1344808 | E11: 246248 | F11: 238885 | G11: … | H11: … | I11: 7363 | J11: 2007 | L11: 1101310 | M11: 116205 | N11: 13850 | O11: 102355 | P11: 985105 | Q11: …
A12: 2008 | C12: 19027.68 | D12: 1343637 | E12: 247368 | F12: 240099 | G12: … | H12: … | I12: 7269 | J12: 2008 | L12: 1098560 | M12: 116205 | N12: 13796 | O12: 102409 | P12: 982355 | Q12: …
A13: 2009 | C13: 19029.15 | D13: 1343341 | E13: 250584 | F13: 243282 | G13: … | H13: … | I13: 7302 | J13: 2009 | L13: 1092757 | M13: 115818 | N13: 13800 | O13: 102018 | P13: 976939 | Q13: …
A14: 2010 | C14: =SUM(C16:C38) -> 19028.003 | D14: 1342798 | E14: 252284 | F14: 244979 | G14: … | H14: … | I14: 7305 | J14: 2010 | L14: =SUM(L16:L38) -> 1090514 | M14: 115736 | N14: 13797 | O14: 101939 | P14: 974778 | Q14: …
A16: 포항시 | B16: Pohang | C16: 1128.81 | D16: 75581 | E16: 9369 | F16: 7613 | G16: … | H16: … | I16: 1756 | J16: 포항시 | K16: Pohang | L16: =SUM(M16,P16) -> 66212 | M16: 10410 | N16: 2007 | O16: 8403 | P16: 55802 | Q16: …
A17: 경주시 | B17: Gyeongju | C17: 1324.39 | D17: 89648 | E17: 4316 | F17: 3895 | G17: … | H17: … | I17: 421 | J17: 경주시 | K17: Gyeongju | L17: =SUM(M17,P17) -> 85332 | M17: 8691 | N17: 945 | O17: 7746 | P17: 76641 | Q17: …
A18: 김천시 | B18: Gimcheon | C18: 1009.21 | D18: 69879 | E18: 8158 | F18: 7890 | G18: … | H18: … | I18: 268 | J18: 김천시 | K18: Gimcheon | L18: =SUM(M18,P18) -> 61721 | M18: 5691 | N18: 475 | O18: 5216 | P18: 56030 | Q18: …
A19: 안동시 | B19: Andong | C19: 1521.62 | D19: 106858 | E19: 6662 | F19: 6123 | G19: … | H19: … | I19: 539 | J19: 안동시 | K19: Andong | L19: =SUM(M19,P19) -> 100196 | M19: 6400 | N19: 53 | O19: 6347 | P19: 93796 | Q19: …
A20: 구미시 | B20: Gumi | C20: 615.54 | D20: 34373 | E20: 1704 | F20: 1533 | G20: … | H20: … | I20: 171 | J20: 구미시 | K20: Gumi | L20: =SUM(M20,P20) -> 32669 | M20: 2811 | N20: 484 | O20: 2327 | P20: 29858 | Q20: …
A21: 영주시 | B21: Yeongju | C21: 668.99 | D21: 41600 | E21: 14034 | F21: 14016 | G21: … | H21: … | I21: 18 | J21: 영주시 | K21: Yeongju | L21: =SUM(M21,P21) -> 27566 | M21: 930 | N21: 0 | O21: 930 | P21: 26636 | Q21: …
A22: 영천시 | B22: Yeongcheon | C22: 920.59 | D22: 62892 | E22: 4472 | F22: 2789 | G22: … | H22: … | I22: 1683 | J22: 영천시 | K22: Yeongcheon | L22: =SUM(M22,P22) -> 58420 | M22: 4873 | N22: 0 | O22: 4873 | P22: 53547 | Q22: …
A23: 상주시 | B23: Sangju | C23: 1254.85 | D23: 82494 | E23: 7506 | F23: 7332 | G23: … | H23: … | I23: 174 | J23: 상주시 | K23: Sangju | L23: =SUM(M23,P23) -> 74988 | M23: 7987 | N23: 184 | O23: 7803 | P23: 67001 | Q23: …
A24: 문경시 | B24: Mungyeong | C24: 911.62 | D24: 68778 | E24: 12649 | F24: 12629 | G24: … | H24: … | I24: 20 | J24: 문경시 | K24: Mungyeong | L24: =SUM(M24,P24) -> 56129 | M24: 6256 | N24: 2567 | O24: 3689 | P24: 49873 | Q24: …
A25: 경산시 | B25: Gyeongsan | C25: 411.73 | D25: 23456 | E25: 967 | F25: 767 | G25: … | H25: … | I25: 200 | J25: 경산시 | K25: Gyeongsan | L25: =SUM(M25,P25) -> 22489 | M25: 1089 | N25: 0 | O25: 1089 | P25: 21400 | Q25: …
A26: 군위군 | B26: Gunwi | C26: 614.23 | D26: 46439 | E26: 1546 | F26: 1091 | G26: … | H26: … | I26: 455 | J26: 군위군 | K26: Gunwi | L26: =SUM(M26,P26) -> 44893 | M26: 2909 | N26: 0 | O26: 2909 | P26: 41984 | Q26: …
A27: 의성군 | B27: Uiseong | C27: 1175.83 | D27: 79274 | E27: 2027 | F27: 2026 | G27: … | H27: … | I27: 1 | J27: 의성군 | K27: Uiseong | L27: =SUM(M27,P27) -> 77247 | M27: 9604 | N27: 0 | O27: 9604 | P27: 67643 | Q27: …
... A38: 울릉군 | B38: Ulleung | C38: 72.86 | D38: 6116 | E38: 2605 | F38: 2557 | G38: … | H38: … | I38: 48 | J38: 울릉군 | K38: Ulleung | L38: =SUM(M38,P38) -> 3511 | M38: 1387 | N38: 6 | O38: 1381 | P38: 2124 | Q38: …
A39: 자료 : 산림녹지과, 공표주기('12. 6. 14 통계청 승인) 변경 1년→5년 | I39: Source : Division of Forestry Greenery Affairs | J39: 자료 : 산림녹지과, 공표주기('12. 6. 14 통계청 승인) 변경 1년→5년 | Q39: Source : Division of Forestry Greenery Affairs
A40: 주 : 2013년 부터 항목 세분화 및 추가(국토면적, 요존, 불요존, 민유림, 산림율) | J40: 주 : 2013년 부터 항목 세분화 및 추가(국토면적, 요존, 불요존, 민유림, 산림율)

Sheet 29.임상별산림면적
H1: Ⅵ. Agriculture, Forestry and Fishing / 245 | I1: 246 / Ⅵ. 농림수산업
A3: 29. 임상별 산림면적 | I3: 29. 임상별 산림면적(계속)
A4: 29. Area of Forest Land by Forest Type | I4: 29. Area of Forest Land by Forest Type(Cont'd)
A5: 단위 : ha | H5: Unit : ha | I5: 단위 : ha | O5: Unit : ha
A6: 연별 및 시군별 Year & Si, Gun | C6: 합 계 Total | D6: 입목지 Forest land with trees | I6: 연별 및 시군별 Year & Si, Gun | K6: 무입목지 Forest land without trees
E7: 침엽수림 Conifer | F7: 활엽수림 Non-Conifer | G7: 혼효림 Mixed | H7: 죽림 Bamboo | L7: 미입목지 Non-stocked | M7: 황폐지 Denuded | N7: 개간지 Reclaimed | O7: 제 지 Miscellaneous
A10: 2006 | C10: 1345574 | D10: 1330458 | E10: 563513 | F10: 242434 | G10: 524481 | H10: 30 | I10: 2006 | K10: 15116 | L10: 4266 | M10: 306 | N10: 0 | O10: 10544
A11: 2007 | C11: 1344808 | D11: 1328301 | E11: 562806 | F11: 242251 | G11: 523214 | H11: 30 | I11: 2007 | K11: 16507 | L11: 4853 | M11: 266 | N11: 0 | O11: 11388
A12: 2008 | C12: 1343637 | D12: 1324781 | E12: 562133 | F12: 241254 | G12: 521364 | H12: 30 | I12: 2008 | K12: 18856 | L12: 5653 | M12: 357 | N12: 0 | O12: 12846
A13: 2009 | C13: 1343341 | D13: 1320930 | E13: 560561 | F13: 240855 | G13: 519484 | H13: 30 | I13: 2009 | K13: 22411 | L13: 7617 | M13: 256 | N13: 7 | O13: 14531
A14: 2010 | C14: 1342798 | D14: 1319449 | E14: 564298 | F14: 236387 | G14: 518734 | H14: 30 | I14: 2010 | K14: 23349 | L14: 8119 | M14: 201 | N14: 8 | O14: 15021
A16: 포항시 | B16: Pohang | C16: 75581 | D16: 73978 | E16: 34896 | F16: 15804 | G16: 23272 | H16: 6 | I16: 포항시 | J16: Pohang | K16: 1603 | L16: 880 | M16: 4 | N16: 0 | O16: 719
A17: 경주시 | B17: Gyeongju | C17: 89648 | D17: 87170 | E17: 38090 | F17: 17426 | G17: 31644 | H17: 10 | I17: 경주시 | J17: Gyeongju | K17: 2478 | L17: 318 | M17: 9 | N17: 0 | O17: 2151
A18: 김천시 | B18: Gimcheon | C18: 69879 | D18: 68605 | E18: 21314 | F18: 12963 | G18: 34327 | H18: 1 | I18: 김천시 | J18: Gimcheon | K18: 1274 | L18: 199 | M18: 4 | N18: 0 | O18: 1071
A19: 안동시 | B19: Andong | C19: 106858 | D19: 105500 | E19: 54168 | F19: 3581 | G19: 47751 | H19: 0 | I19: 안동시 | J19: Andong | K19: 1358 | L19: 589 | M19: 14 | N19: 0 | O19: 755
A20: 구미시 | B20: Gumi | C20: 34373 | D20: 33213 | E20: 11192 | F20: 3891 | G20: 18130 | H20: 0 | I20: 구미시 | J20: Gumi | K20: 1160 | L20: 146 | M20: 3 | N20: 0 | O20: 1011
A21: 영주시 | B21: Yeongju | C21: 41600 | D21: 40608 | E21: 21258 | F21: 5084 | G21: 14266 | H21: 0 | I21: 영주시 | J21: Yeongju | K21: 992 | L21: 297 | M21: 8 | N21: 0 | O21: 687
A22: 영천시 | B22: Yeongcheon | C22: 62892 | D22: 60957 | E22: 19489 | F22: 7913 | G22: 33555 | H22: 0 | I22: 영천시 | J22: Yeongcheon | K22: 1935 | L22: 759 | M22: 32 | N22: 0 | O22: 1144
A23: 상주시 | B23: Sangju | C23: 82494 | D23: 81537 | E23: 20624 | F23: 33284 | G23: 27629 | H23: 0 | I23: 상주시 | J23: Sangju | K23: 957 | L23: 528 | M23: 0 | N23: 0 | O23: 429
A24: 문경시 | B24: Mungyeong | C24: 68778 | D24: 67841 | E24: 19768 | F24: 21684 | G24: 26389 | H24: 0 | I24: 문경시 | J24: Mungyeong | K24: 937 | L24: 79 | M24: 0 | N24: 0 | O24: 858
A25: 경산시 | B25: Gyeongsan | C25: 23456 | D25: 23298 | E25: 10502 | F25: 1832 | G25: 10961 | H25: 3 | I25: 경산시 | J25: Gyeongsan | K25: 158 | L25: 44 | M25: 4 | N25: 0 | O25: 110
A26: 군위군 | B26: Gunwi | C26: 46439 | D26: 45340 | E26: 8623 | F26: 5577 | G26: 31140 | H26: 0 | I26: 군위군 | J26: Gunwi | K26: 1099 | L26: 172 | M26: 8 | N26: 0 | O26: 919
A27: 의성군 | B27: Uiseong | C27: 79274 | D27: 78359 | E27: 38253 | F27: 9268 | G27: 30838 | H27: 0 | I27: 의성군 | J27: Uiseong | K27: 915 | L27: 245 | M27: 0 | N27: 1 | O27: 669
... A38: 울릉군 | B38: Ulleung | C38: 6116 | D38: 4855 | E38: 590 | F38: 3580 | G38: 685 | H38: 0 | I38: 울릉군 | J38: Ulleung | K38: 1261 | L38: 149 | M38: 7 | N38: 0 | O38: 1105
A39: 주 :2012년부터 통계명 변경(임상별→소유별) | H39: Source : Division of Forestry Greenery Affairs | I39: 자료 : 산림녹지과 | O39: Source : Division of Forestry Greenery Affairs
A40: 자료 : 산림녹지과, 공표주기('12. 6. 14 통계청 승인) 변경 1년→5년

Sheet 30.임상별임목축적
G1: Ⅵ. Agriculture, Forestry and Fishing / 247
A3: 30. 임상별 입목축적
A4: 30. Growing Stock by Forest Type
A5: 단위 : ㎥ | G5: Unit : ㎥
A6: 연별 및 시군별 Year & Si, Gun | C6: 합 계 Total | D6: 침엽수 Conifer | E6: 활엽수 Non-conifer | F6: 혼효림 Mixed | G6: 죽림(속) Bamboo
A9: 2006 | C9: 108480518 | D9: 46870567 | E9: 19843897 | F9: 41766054 | G9: 0
A10: 2007 | C10: 129337147 | D10: 56305959 | E10: 24157731 | F10: 48873457 | G10: 0
A11: 2008 | C11: 138127409 | D11: 60503442 | E11: 25489408 | F11: 52134559 | G11: 0
A12: 2009 | C12: 146275579 | D12: 64337985 | E12: 26729467 | F12: 55208127 | G12: 0
A13: 2010 | C13: 170386962 | D13: 73151374 | E13: 30371170 | F13: 66864418 | G13: 0
A15: 포항시 | B15: Pohang | C15: 8876350 | D15: 4134034 | E15: 1872246 | F15: 2870070 | G15: 0
A16: 경주시 | B16: Gyeongju | C16: 10363398 | D16: 4462474 | E16: 1891836 | F16: 4009088 | G16: 0
A17: 김천시 | B17: Gimcheon | C17: 9625110 | D17: 2906330 | E17: 1776970 | F17: 4941810 | G17: 0
A18: 안동시 | B18: Andong | C18: 12828673 | D18: 6545551 | E18: 403584 | F18: 5879538 | G18: 0
A19: 구미시 | B19: Gumi | C19: 3938923 | D19: 1349916 | E19: 433724 | F19: 2155283 | G19: 0
A20: 영주시 | B20: Yeongju | C20: 5015062 | D20: 2597516 | E20: 651935 | F20: 1765611 | G20: 0
A21: 영천시 | B21: Yeongcheon | C21: 7003877 | D21: 2112080 | E21: 947373 | F21: 3944424 | G21: 0
A22: 상주시 | B22: Sangju | C22: 9735176 | D22: 2361104 | E22: 4091355 | F22: 3282717 | G22: 0
A23: 문경시 | B23: Mungyeong | C23: 8303407 | D23: 2359250 | E23: 2695176 | F23: 3248981 | G23: 0
A24: 경산시 | B24: Gyeongsan | C24: 2765206 | D24: 1196083 | E24: 201116 | F24: 1368007 | G24: 0
A25: 군위군 | B25: Gunwi | C25: 5522293 | D25: 1064422 | E25: 637634 | F25: 3820237 | G25: 0
A26: 의성군 | B26: Uiseong | C26: 8329523 | D26: 3975658 | E26: 973347 | F26: 3380518 | G26: 0
... A37: 울릉군 | B37: Ulleung | C37: 992509 | D37: 130021 | E37: 732405 | F37: 130083 | G37: 0
A38: 자료 : 산림녹지과, 공표주기('12. 6. 14 통계청 승인) 변경 1년→5년 | G38: Source : Division of Forestry Greenery Affairs

Sheet 31.임산물생산량
A1: 248 / Ⅵ. 농림수산업 | N1: Ⅵ. Agriculture, Forestry and Fishing / 249 | O1: 250 / Ⅵ. 농림수산업
A3: 31. 임산물 생산량 | H3: 31. Production of Forest Products | O3: 31. 임산물 생산량(계속)
O4: 31. Production of Forest Products(cont'd)
A6: 연별 및 시군별 | B6: 용재(㎥) Timber | C6: 죽재(속) Bamboo | D6: 농용자재(Ton) Agricultural material | E6: 수실(㎏) nut and fruits | F6: 산나물(㎏) Wild vegetable | G6: 죽순(㎏) Bamboo shoot | H6: 약용식물(㎏) Medicinal herbs | I6: 연료(M/T) Fuel | J6: 섬유원료(㎏) Fiber material | K6: 톱밥(㎥) saw dust | L6: 목초액(ℓ) wood vinegar | M6: 버섯(㎏) Mushroom | N6: Year & Si, Gun | O6: 연별 및 시군별 | Q6: 조경재(본) | R6: 수지(㎏) Resin | S6: 토석(㎥) | T6: 기타 Others
A10: 2009 | B10: 303252 | C10: 0 | D10: 87839 | E10: … | F10: 4429313 | G10: 0 | H10: 6591582 | I10: 11879 | J10: 8423 | K10: … | L10: … | M10: 5443208 | N10: 2009 | O10: 2009 | Q10: … | R10: 0 | S10: … | T10: …
A11: 2010 | B11: 398083 | C11: 70 | D11: 81403 | E11: … | F11: 4099106 | G11: 900 | H11: 6725803 | I11: 11771 | J11: 8020 | K11: … | L11: … | M11: 5869658 | N11: 2010 | O11: 2010 | Q11: … | R11: 0 | S11: … | T11: …
A12: 2011 | B12: 433505 | C12: 70 | D12: 91142 | E12: … | F12: 4181450 | G12: 0 | H12: 8615653 | I12: 11289 | J12: 8034 | K12: … | L12: … | M12: 5013459 | N12: 2011 | O12: 2011 | Q12: … | R12: 0 | S12: … | T12: …
A13: 2012 | B13: 773481 | C13: 80 | D13: 86028 | E13: … | F13: 4222308 | G13: 0 | H13: 8646496 | I13: 122901 | J13: 6992 | K13: … | L13: … | M13: 3579949 | N13: 2012 | O13: 2012 | Q13: … | R13: 0 | S13: … | T13: …
A14: 2013 | B14: =SUM(B16:B38) -> 398384.88 | C14: =SUM(C16:C38) -> 50 | D14: =SUM(D16:D38) -> 21289 | E14: =SUM(E16:E38) -> 91007922 | F14: =SUM(F16:F38) -> 2279767.5 | G14: =SUM(G16:G38) -> 80 | H14: =SUM(H16:H38) -> 8293397.6 | I14: =SUM(I16:I38) -> 116188.1 | ... M14: =SUM(M16:M38) -> 3144097.3 | N14: 2013 | O14: 2013 | Q14: =SUM(Q16:Q38) -> 2283692 | R14: =SUM(R16:R38) -> 0 | S14: =SUM(S16:S38) -> 13335497 | T14: =SUM(T16:T38) -> 238569.13
A16: 포항시 | B16: 48112 | C16: 50 | D16: 0 | E16: 28477.822 | F16: 34584 | G16: 0 | H16: 90090 | I16: 10 | J16: 0 | K16: 3175 | L16: 35000 | M16: 121329.01 | N16: Pohang | O16: 포항시 | P16: Pohang | Q16: 39265 | R16: 0 | S16: 0 | T16: 80
A17: 경주시 | B17: 13194.36 | C17: 0 | D17: 0 | E17: 238212.2 | F17: 386691.25 | G17: 20 | H17: 47446.57 | I17: 42 | J17: 0 | K17: 2000 | L17: 600 | M17: 307887.31 | N17: Gyeongju | O17: 경주시 | P17: Gyeongju | Q17: 35462 | R17: 0 | S17: 8555 | T17: 23054
A18: 김천시 | B18: 30041 | C18: 0 | D18: 11500 | E18: 1813123.3 | F18: 12178.5 | G18: 0 | H18: 319920 | I18: 55.5 | J18: 0 | K18: 11300 | L18: 0 | M18: 343681.06 | N18: Gimcheon | O18: 김천시 | P18: Gimcheon | Q18: 12090 | R18: 0 | S18: 9037000 | T18: 2058
A19: 안동시 | B19: 38964 | C19: 0 | D19: 0 | E19: 537581.02 | F19: 127706 | G19: 0 | H19: 126442 | I19: 50 | J19: 2029 | K19: 0 | L19: 2320 | M19: 93082.102 | N19: Andong | O19: 안동시 | P19: Andong | Q19: 73831 | R19: 0 | S19: 131448 | T19: 3000
A20: 구미시 | B20: 7952.49 | C20: 0 | D20: 0 | E20: 1884380.9 | F20: 15413 | G20: 0 | H20: 1000 | I20: 0 | J20: 0 | K20: 0 | L20: 3500 | M20: 244618.8 | N20: Gumi | O20: 구미시 | P20: Gumi | Q20: 4462 | R20: 0 | S20: 156000 | T20: 380
A21: 영주시 | B21: 13680.13 | C21: 0 | D21: 150 | E21: 75443.837 | F21: 194444.5 | G21: 0 | H21: 183480 | I21: 70.1 | J21: 0 | K21: 3454 | L21: 0 | M21: 18782.469 | N21: Yeongju | O21: 영주시 | P21: Yeongju | Q21: 71995 | R21: 0 | S21: 365058 | T21: 167
A22: 영천시 | B22: 31414 | C22: 0 | D22: 0 | E22: 323400.97 | F22: 11587 | G22: 0 | H22: 103335 | I22: 0 | J22: 0 | K22: 0 | L22: 20 | M22: 115756.86 | N22: Yeongcheon | O22: 영천시 | P22: Yeongcheon | Q22: 19557 | R22: 0 | S22: 352000 | T22: 1233
A23: 상주시 | B23: 24736 | C23: 0 | D23: 835 | E23: 33012946 | F23: 86588.15 | G23: 0 | H23: 668442 | I23: 462 | J23: 0 | K23: 0 | L23: 0 | M23: 227336.32 | N23: Sangju | O23: 상주시 | P23: Sangju | Q23: 358677 | R23: 0 | S23: 139608 | T23: 18441
A24: 문경시 | B24: 26549.53 | C24: 0 | D24: 0 | E24: 1642303.4 | F24: 48586 | G24: 50 | H24: 4528750 | I24: 0 | J24: 2500 | K24: 0 | L24: 0 | M24: 239797.58 | N24: Mungyeong | O24: 문경시 | P24: Mungyeong | Q24: 488239 | R24: 0 | S24: 79000 | T24: 1580
A25: 경산시 | B25: 518 | C25: 0 | D25: 0 | E25: 4988110.2 | F25: 20650 | G25: 0 | H25: 5360 | I25: 0 | J25: 0 | K25: 0 | L25: 0 | M25: 207040.64 | N25: Gyeongsan | O25: 경산시 | P25: Gyeongsan | Q25: 159832 | R25: 0 | S25: 505 | T25: 0
A26: 군위군 | B26: 23380 | C26: 0 | D26: 0 | E26: 1663198.9 | F26: 21909 | G26: 0 | H26: 38980 | I26: 10 | J26: 0 | K26: 3460 | L26: 0 | M26: 71563.312 | N26: Gunwi | O26: 군위군 | P26: Gunwi | Q26: 39737 | R26: 0 | S26: 549 | T26: 115451.13
A27: 의성군 | B27: 40643 | C27: 0 | D27: 8700 | E27: 2026237.4 | F27: 11735 | G27: 0 | H27: 150910 | I27: 114500 | J27: 100 | K27: 300 | L27: 0 | M27: 80802.405 | N27: Uiseong | O27: 의성군 | P27: Uiseong | Q27: 188560 | R27: 0 | S27: 240000 | T27: 5130
... A38: 울릉군 | B38: 0 | C38: 0 | D38: 0 | E38: 2950 | F38: 586471.6 | G38: 0 | H38: 0 | I38: 0 | J38: 0 | K38: 0 | L38: 0 | M38: 0 | N38: Ulleung | O38: 울릉군 | P38: Ulleung | Q38: 400 | R38: 0 | S38: 0 | T38: 0
A39: 자료 : 산림자원과 | N39: Source : Division of Forestry Greenery Affairs | O39: 자료 : 산림자원과
A40: 주 : 2013년부터 항목 추가(수실, 톱밥, 목초액, 조경재, 토석, 기타), 항목 삭제(종실, 탄닌원료) | O40: 주 : 2013년부터 항목 추가(수실, 톱밥, 목초액, 조경재, 토석, 기타), 항목 삭제(종실, 탄닌원료)

Sheet 32.임목벌채 허가(신고)
F1: Ⅵ. Agriculture, Forestry and Fishing / 251 | G1: 252 / Ⅵ. 농림수산업 | T1: Ⅵ. Agriculture, Forestry and Fishing / 253
A3: 32. 입목벌채 허가(신고) | G3: 32. 입목벌채 허가(신고) | N3: 32. Lumbering Permits
A4: 32. Lumbering Permits
A5: 단위 :㎥ | T5: Unit : ㎥
A6: 연별 및 시군별 Year & Si, Gun | C6: 합 계 Total | E6: 주 벌 Final clearing | G6: 연별 및 시군별 | H6: 수익솎아베기 Thinning for profit | J6: 숲가꾸기 Forest tending | L6: 수종갱신 Conversion of species | N6: 피해목 Damaged Tree | P6: 산지전용 Status Co forest land | R6: 기 타 Others | T6: Year & Si, Gun
C8: 벌채량 Cutting volume | D8: 수집량 Collected Volume | E8: 벌채량 Cutting volume | F8: 수집량 Collected Volume | H8: 벌채량 Cutting volume | I8: 수집량 Collected Volume | J8: 벌채량 Cutting volume | K8: 수집량 Collected Volume | L8: 벌채량 Cutting volume | M8: 수집량 Collected Volume | N8: 벌채량 Cutting volume | O8: 수집량 Collected Volume | P8: 벌채량 Cutting volume | Q8: 수집량 Collected Volume | R8: 벌채량 Cutting volume | S8: 수집량 Collected Volume
A10: 2009 | C10: 6173 | D10: 404495 | E10: 2538 | F10: 234087 | G10: 2009 | H10: 1042 | I10: 50714 | J10: … | K10: … | L10: 487 | M10: 48315 | N10: … | O10: … | P10: … | Q10: … | R10: 2106 | S10: 71379 | T10: 2009
A11: 2010 | C11: 32843 | D11: 1248279 | E11: 2418 | F11: 199631 | G11: 2010 | H11: 28808 | I11: 929194 | J11: … | K11: … | L11: 272 | M11: 25231 | N11: … | O11: … | P11: … | Q11: … | R11: 1345 | S11: 94223 | T11: 2010
A12: 2011 | C12: 38336 | D12: 1227183 | E12: 1992 | F12: 197499 | G12: 2011 | H12: 13 | I12: 484 | J12: … | K12: … | L12: 564 | M12: 44940 | N12: … | O12: … | P12: … | Q12: … | R12: 35767 | S12: 984260 | T12: 2011
A13: 2012 | C13: 6997 | D13: 805776 | E13: 1993 | F13: 184767 | G13: 2012 | H13: 40 | I13: 2055 | J13: … | K13: … | L13: 294 | M13: 25514 | N13: … | O13: … | P13: … | Q13: … | R13: 4670 | S13: 593440 | T13: 2012
A14: 2013 | C14: =SUM(C15:C37) -> 1209172.6 | D14: =SUM(D15:D37) -> 630652.5 | E14: =SUM(E15:E37) -> 175560 | F14: =SUM(F15:F37) -> 172723 | G14: 2013 | H14: =SUM(H15:H37) -> 4992 | I14: =SUM(I15:I37) -> 4966 | J14: =SUM(J15:J37) -> 864741.2 | K14: =SUM(K15:K37) -> 304372.2 | L14: =SUM(L15:L37) -> 33143 | M14: =SUM(M15:M37) -> 32607 | N14: =SUM(N15:N37) -> 30686.108 | O14: =SUM(O15:O37) -> 18892 | ... S14: =SUM(S15:S37) -> 52541 | T14: 2013
A15: 포항시 | B15: Pohang | C15: =SUM(E15,H15,J15,L15,N15,P15,R15) -> 103086 | D15: =SUM(F15,I15,K15,M15,O15,Q15,S15) -> 79440 | E15: 0 | F15: 0 | G15: 포항시 | H15: 0 | I15: 0 | J15: 44422 | K15: 25589 | L15: 0 | M15: 0 | N15: 8769 | O15: 3956 | P15: 2629 | Q15: 2629 | R15: 47266 | S15: 47266 | T15: Pohang
A16: 경주시 | B16: Gyeongju | C16: =SUM(E16,H16,J16,L16,N16,P16,R16) -> 75433 | D16: =SUM(F16,I16,K16,M16,O16,Q16,S16) -> 33364 | E16: 12555 | F16: 12555 | G16: 경주시 | H16: 0 | I16: 0 | J16: 49522 | K16: 12100 | L16: 121 | M16: 100 | N16: 5354 | O16: 3664 | P16: 7881 | Q16: 4945 | R16: 0 | S16: 0 | T16: Gyeongju
A17: 김천시 | B17: Gimcheon | C17: =SUM(E17,H17,J17,L17,N17,P17,R17) -> 55095 | D17: =SUM(F17,I17,K17,M17,O17,Q17,S17) -> 41953 | E17: 28844 | F17: 28844 | G17: 김천시 | H17: 0 | I17: 0 | J17: 25080 | K17: 11938 | L17: 164 | M17: 164 | N17: 0 | O17: 0 | P17: 1007 | Q17: 1007 | R17: 0 | S17: 0 | T17: Gimcheon
A18: 안동시 | B18: Andong | C18: =SUM(E18,H18,J18,L18,N18,P18,R18) -> 46508 | D18: =SUM(F18,I18,K18,M18,O18,Q18,S18) -> 22611 | E18: 7756 | F18: 7756 | G18: 안동시 | H18: 0 | I18: 0 | J18: 37560 | K18: 13663 | L18: 0 | M18: 0 | N18: 237 | O18: 237 | P18: 955 | Q18: 955 | R18: 0 | S18: 0 | T18: Andong
A19: 구미시 | B19: Gumi | C19: =SUM(E19,H19,J19,L19,N19,P19,R19) -> 34772 | D19: =SUM(F19,I19,K19,M19,O19,Q19,S19) -> 19407 | E19: 5371 | F19: 5371 | G19: 구미시 | H19: 0 | I19: 0 | J19: 19943 | K19: 5621 | L19: 294 | M19: 294 | N19: 6993 | O19: 5950 | P19: 2171 | Q19: 2171 | R19: 0 | S19: 0 | T19: Gumi
A20: 영주시 | B20: Yeongju | C20: =SUM(E20,H20,J20,L20,N20,P20,R20) -> 47366 | D20: =SUM(F20,I20,K20,M20,O20,Q20,S20) -> 20680 | E20: 3270 | F20: 3270 | G20: 영주시 | H20: 0 | I20: 0 | J20: 41326 | K20: 14640 | L20: 1767 | M20: 1767 | N20: 0 | O20: 0 | P20: 934 | Q20: 934 | R20: 69 | S20: 69 | T20: Yeongju
A21: 영천시 | B21: Yeongcheon | C21: =SUM(E21,H21,J21,L21,N21,P21,R21) -> 60959 | D21: =SUM(F21,I21,K21,M21,O21,Q21,S21) -> 42924 | E21: 17813 | F21: 16800 | G21: 영천시 | H21: 0 | I21: 0 | J21: 33033 | K21: 16522 | L21: 7746 | M21: 7235 | N21: 0 | O21: 0 | P21: 2367 | Q21: 2367 | R21: 0 | S21: 0 | T21: Yeongcheon
A22: 상주시 | B22: Sangju | C22: =SUM(E22,H22,J22,L22,N22,P22,R22) -> 83073 | D22: =SUM(F22,I22,K22,M22,O22,Q22,S22) -> 42718 | E22: 13272 | F22: 13272 | G22: 상주시 | H22: 0 | I22: 0 | J22: 54832 | K22: 14477 | L22: 11018 | M22: 11018 | N22: 0 | O22: 0 | P22: 3951 | Q22: 3951 | R22: 0 | S22: 0 | T22: Sangju
A23: 문경시 | B23: Mungyeong | C23: =SUM(E23,H23,J23,L23,N23,P23,R23) -> 58061 | D23: =SUM(F23,I23,K23,M23,O23,Q23,S23) -> 26634 | E23: 15040 | F23: 15040 | G23: 문경시 | H23: 0 | I23: 0 | J23: 42817 | K23: 11390 | L23: 150 | M23: 150 | N23: 54 | O23: 54 | P23: 0 | Q23: 0 | R23: 0 | S23: 0 | T23: Mungyeong
A24: 경산시 | B24: Gyeongsan | C24: =SUM(E24,H24,J24,L24,N24,P24,R24) -> 1316 | D24: =SUM(F24,I24,K24,M24,O24,Q24,S24) -> 2694 | E24: 0 | F24: 0 | G24: 경산시 | H24: 0 | I24: 0 | J24: 0 | K24: 1378 | L24: 0 | M24: 0 | N24: 1316 | O24: 1316 | P24: 0 | Q24: 0 | R24: 0 | S24: 0 | T24: Gyeongsan
A25: 군위군 | B25: Gunwi | C25: =SUM(E25,H25,J25,L25,N25,P25,R25) -> 64930 | D25: =SUM(F25,I25,K25,M25,O25,Q25,S25) -> 23880 | E25: 4240 | F25: 4240 | G25: 군위군 | H25: 0 | I25: 0 | J25: 48000 | K25: 6950 | L25: 0 | M25: 0 | N25: 0 | O25: 0 | P25: 12190 | Q25: 12190 | R25: 500 | S25: 500 | T25: Gunwi
A26: 의성군 | B26: Uiseong | C26: =SUM(E26,H26,J26,L26,N26,P26,R26) -> 72544 | D26: =SUM(F26,I26,K26,M26,O26,Q26,S26) -> 36861 | E26: 7817 | F26: 7817 | G26: 의성군 | H26: 0 | I26: 0 | J26: 60653 | K26: 24970 | L26: 3256 | M26: 3256 | N26: 0 | O26: 0 | P26: 818 | Q26: 818 | R26: 0 | S26: 0 | T26: Uiseong
... A37: 울릉군 | B37: Ulleung | C37: =SUM(E37,H37,J37,L37,N37,P37,R37) -> 4700 | D37: =SUM(F37,I37,K37,M37,O37,Q37,S37) -> 380 | E37: 0 | F37: 0 | G37: 울릉군 | H37: 0 | I37: 0 | J37: 4700 | K37: 380 | L37: 0 | M37: 0 | N37: 0 | O37: 0 | P37: 0 | Q37: 0 | R37: 0 | S37: 0 | T37: Ulleung
A38: 자료 : 산림자원과, 2007년 자료부터 수록 | F38: Source : Division of Forestry Greenery Affairs | G38: 자료 : 산림자원과, 2007년 자료부터 수록 | T38: Source : Division of Forestry Greenery Affairs
A39: 주 : 2013년부터 "면적"항목 삭제, "벌채량"항목 추가 (2013년 이전 벌채량 수치는 면적 자료임.) | G39: 주 : 2013년부터 "면적"항목 삭제, "벌채량"항목 추가 (2013년 이전 벌채량 수치는 면적 자료임.)
A40: 2013년 부터 단위변경(㏊→㎥) | G40: 2013년 부터 단위변경(㏊→㎥)

Sheet 33.수렵
A1: 254 / Ⅵ. 농림수산업 | M1: Ⅵ. Agriculture, Forestry and Fishing / 255 | N1: .
A3: 33. 수 렵 | G3: 33. Hunting
A5: 단위 : 건 | M5: Unit : case
A6: 연별 및 시군별 | C6: 수렵면허 Hunting license | G6: 포획승인 Permit of Hunting | K6: 포획량 (마리) Amount of game taken or hunted | L6: 수렵수입액 (천원) Income from hunting (Thousand won) | M6: Year & Si, Gun
D8: 내국인 Native | E8: 외국인 Foreigner | F8: 외교관·군인 Diplomat, military personnel | H8: 내국인 Native | I8: 외국인 Foreigner | J8: 외교관·군인 Diplomat, military personnel
A10: 2009 | C10: 4292 | D10: 4292 | E10: 0 | F10: 0 | G10: 7941 | H10: 7941 | I10: 0 | J10: 0 | K10: 1591 | L10: 1793500 | M10: 2009
A11: 2010 | C11: 3833 | D11: 3833 | E11: 0 | F11: 0 | G11: 4622 | H11: 4620 | I11: 2 | J11: 0 | K11: 564 | L11: 330472 | M11: 2010 | S11: 7
A12: 2011 | C12: 4073 | D12: 4072 | E12: 1 | F12: 0 | G12: 3840 | H12: 3840 | I12: 0 | J12: 0 | K12: 3857 | L12: 990487.5 | M12: 2011
A13: 2012 | C13: 1041 | D13: 1041 | E13: 0 | F13: 0 | G13: 15285 | H13: 15285 | I13: 0 | J13: 0 | K13: 70386 | L13: 1340069 | M13: 2012
A14: 2013 | C14: =SUM(C16:C38) -> 5026 | D14: =SUM(D16:D38) -> 5026 | E14: =SUM(E16:E38) -> 0 | F14: =SUM(F16:F38) -> 0 | G14: =SUM(G16:G38) -> 4825 | H14: =SUM(H16:H38) -> 4825 | I14: =SUM(I16:I38) -> 0 | J14: =SUM(J16:J38) -> 0 | ... L14: =SUM(L16:L38) -> 1198590 | M14: 2013
A16: 포항시 | C16: =SUM(D16:F16) -> 339 | D16: 339 | E16: 0 | F16: 0 | G16: =SUM(H16:J16) -> 0 | H16: 0 | I16: 0 | J16: 0 | K16: 0 | L16: 0 | M16: Pohang
A17: 경주시 | C17: =SUM(D17:F17) -> 116 | D17: 116 | E17: 0 | F17: 0 | G17: =SUM(H17:J17) -> 0 | H17: 0 | I17: 0 | J17: 0 | K17: 0 | L17: 0 | M17: Gyeongju
A18: 김천시 | C18: =SUM(D18:F18) -> 217 | D18: 217 | E18: 0 | F18: 0 | G18: =SUM(H18:J18) -> 0 | H18: 0 | I18: 0 | J18: 0 | K18: 0 | L18: 0 | M18: Gimcheon
A19: 안동시 | C19: =SUM(D19:F19) -> 533 | D19: 533 | E19: 0 | F19: 0 | G19: =SUM(H19:J19) -> 0 | H19: 0 | I19: 0 | J19: 0 | K19: 0 | L19: 0 | M19: Andong
A20: 구미시 | C20: =SUM(D20:F20) -> 397 | D20: 397 | E20: 0 | F20: 0 | G20: =SUM(H20:J20) -> 0 | H20: 0 | I20: 0 | J20: 0 | K20: 0 | L20: 0 | M20: Gumi
A21: 영주시 | C21: =SUM(D21:F21) -> 281 | D21: 281 | E21: 0 | F21: 0 | G21: =SUM(H21:J21) -> 0 | H21: 0 | I21: 0 | J21: 0 | K21: 0 | L21: 0 | M21: Yeongju
A22: 영천시 | C22: =SUM(D22:F22) -> 265 | D22: 265 | E22: 0 | F22: 0 | G22: =SUM(H22:J22) -> 0 | H22: 0 | I22: 0 | J22: 0 | K22: 0 | L22: 0 | M22: Yeongcheon
A23: 상주시 | C23: =SUM(D23:F23) -> 491 | D23: 491 | E23: 0 | F23: 0 | G23: =SUM(H23:J23) -> 0 | H23: 0 | I23: 0 | J23: 0 | K23: 0 | L23: 0 | M23: Sangju
A24: 문경시 | C24: =SUM(D24:F24) -> 161 | D24: 161 | E24: 0 | F24: 0 | G24: =SUM(H24:J24) -> 0 | H24: 0 | I24: 0 | J24: 0 | K24: 0 | L24: 0 | M24: Mungyeong
A25: 경산시 | C25: =SUM(D25:F25) -> 256 | D25: 256 | E25: 0 | F25: 0 | G25: =SUM(H25:J25) -> 0 | H25: 0 | I25: 0 | J25: 0 | K25: 0 | L25: 0 | M25: Gyeongsan
A26: 군위군 | C26: =SUM(D26:F26) -> 128 | D26: 128 | E26: 0 | F26: 0 | G26: =SUM(H26:J26) -> 0 | H26: 0 | I26: 0 | J26: 0 | K26: 0 | L26: 0 | M26: Gunwi
A27: 의성군 | C27: =SUM(D27:F27) -> 212 | D27: 212 | E27: 0 | F27: 0 | G27: =SUM(H27:J27) -> 2231 | H27: 2231 | I27: 0 | J27: 0 | K27: 31217 | L27: 428490 | M27: Uiseong
... A38: 울릉군 | C38: =SUM(D38:F38) -> 9 | D38: 9 | E38: 0 | F38: 0 | G38: =SUM(H38:J38) -> 0 | H38: 0 | I38: 0 | J38: 0 | K38: 0 | L38: 0 | M38: Ulleung
A39: 자료 : 환경정책과 | M39: Source : Division of Environmental policy
A40: 주 : 1) 포획량(마리) : 농작물, 전선, 항공기 이·착륙에 유해를 주는 대상
A41: 2) 수렵수입액 : 수렵장설정지역 수렵시 사용료(야생생물 보호 및 관리에 관한 법률 제42조 및 동법 제50조)
A42: 3) 수렵면허는 누계 자료임.

Sheet 34.수렵면허장발급
A1: 256 / Ⅵ. 농림수산업
A3: 34. 수렵면허장 발급
A4: 34. Hunting License Issues
A5: 단위 : 건 | F5: Unit : case
A6: 연별 및 시군별 Year & Si, Gun | C6: 계 Total | D6: 1종 class Ⅰ | E6: 2종 class Ⅱ | F6: 3종 class Ⅲ
A10: 2009 | C10: 4292 | D10: 4256 | E10: 36 | F10: =SUM(F15:F37) -> 0
A11: 2010 | C11: 3833 | D11: 3798 | E11: 35 | F11: 0
A12: 2011 | C12: 4073 | D12: 4027 | E12: 46 | F12: 0
A13: 2012 | C13: 1041 | D13: 1024 | E13: 17 | F13: 0
A14: 2013 | C14: =SUM(C16:C38) -> 5026 | D14: =SUM(D16:D38) -> 4980 | E14: =SUM(E16:E38) -> 46 | F14: =SUM(F16:F38) -> 0
A16: 포항시 | B16: Pohang | C16: =D16+E16+F16 -> 339 | D16: 339 | E16: 0 | F16: 0
A17: 경주시 | B17: Gyeongju | C17: =D17+E17+F17 -> 116 | D17: 116 | E17: 0 | F17: 0
A18: 김천시 | B18: Gimcheon | C18: =D18+E18+F18 -> 217 | D18: 217 | E18: 0 | F18: 0
A19: 안동시 | B19: Andong | C19: =D19+E19+F19 -> 533 | D19: 528 | E19: 5 | F19: 0
A20: 구미시 | B20: Gumi | C20: =D20+E20+F20 -> 397 | D20: 395 | E20: 2 | F20: 0
A21: 영주시 | B21: Yeongju | C21: =D21+E21+F21 -> 281 | D21: 269 | E21: 12 | F21: 0
A22: 영천시 | B22: Yeongcheon | C22: =D22+E22+F22 -> 265 | D22: 255 | E22: 10 | F22: 0
A23: 상주시 | B23: Sangju | C23: =D23+E23+F23 -> 491 | D23: 491 | E23: 0 | F23: 0
A24: 문경시 | B24: Mungyeong | C24: =D24+E24+F24 -> 161 | D24: 159 | E24: 2 | F24: 0
A25: 경산시 | B25: Gyeongsan | C25: =D25+E25+F25 -> 256 | D25: 253 | E25: 3 | F25: 0
A26: 군위군 | B26: Gunwi | C26: =D26+E26+F26 -> 128 | D26: 128 | E26: 0 | F26: 0
A27: 의성군 | B27: Uiseong | C27: =D27+E27+F27 -> 212 | D27: 211 | E27: 1 | F27: 0
... A38: 울릉군 | B38: Ulleung | C38: =D38+E38+F38 -> 9 | D38: 8 | E38: 1 | F38: 0
A39: 자료 : 환경정책과 | F39: Source : Division of Environmental policy

Sheet 35.사방사업
K1: Ⅵ. Agriculture, Forestry and Fishing / 257
A3: 35. 사방사업
A4: 35. Erosion Control
A5: 단위 : ha, 천본, 천원, m | K5: Unit : ha, 1,000 trees, 1,000 won, m
A6: 연별 및 시군별 Year & Si, Gun | C6: 산지보전(ha) Mountain conservation | D6: 산사태 예방(ha) Landslide prevention | E6: 계류보전(km) Stream conservation | F6: 사방댐 (개소) Erosion control dam | G6: 해안방재림조성(ha) Coast disaster prenention foreat | H6: 해안침식방지(km) Prevention of coastal erosion | I6: 식재본수(천본) Planting | J6: 다목적댐(개소) Multi-purpose dams | K6: 산림유역관리조성 (개소) Forest Watershed Management
A8: 2009 | C8: … | D8: … | E8: … | F8: 153 | G8: … | H8: … | I8: 49 | J8: … | K8: …
A9: 2010 | C9: … | D9: … | E9: … | F9: 145 | G9: … | H9: … | I9: 74.1 | J9: … | K9: …
A10: 2011 | C10: … | D10: … | E10: … | F10: 175 | G10: … | H10: … | I10: 0 | J10: … | K10: …
A11: 2012 | C11: … | D11: … | E11: … | F11: 155 | G11: … | H11: … | I11: 0 | J11: … | K11: …
A12: 2013 | C12: =SUM(C14:C36) -> 0 | D12: =SUM(D14:D36) -> 22.53 | E12: =SUM(E14:E36) -> 79.69 | F12: =SUM(F14:F36) -> 172 | G12: =SUM(G14:G36) -> 0.84 | H12: =SUM(H14:H36) -> 0 | I12: =SUM(I14:I36) -> 0 | J12: =SUM(J14:J36) -> 0 | K12: =SUM(K14:K36) -> 0
A14: 포항시 | B14: Pohang | C14: 0 | D14: 2 | E14: 4.05 | F14: 14 | G14: 0 | H14: 0 | I14: 0 | J14: 0 | K14: 0
A15: 경주시 | B15: Gyeongju | C15: 0 | D15: 2 | E15: 4.14 | F15: 8 | G15: 0 | H15: 0 | I15: 0 | J15: 0 | K15: 0
A16: 김천시 | B16: Gimcheon | C16: 0 | D16: 0 | E16: 5 | F16: 19 | G16: 0 | H16: 0 | I16: 0 | J16: 0 | K16: 0
A17: 안동시 | B17: Andong | C17: 0 | D17: 0 | E17: 3.4 | F17: 7 | G17: 0 | H17: 0 | I17: 0 | J17: 0 | K17: 0
A18: 구미시 | B18: Gumi | C18: 0 | D18: 2.91 | E18: 3 | F18: 11 | G18: 0 | H18: 0 | I18: 0 | J18: 0 | K18: 0
A19: 영주시 | B19: Yeongju | C19: 0 | D19: 1 | E19: 3.4 | F19: 6 | G19: 0 | H19: 0 | I19: 0 | J19: 0 | K19: 0
A20: 영천시 | B20: Yeongcheon | C20: 0 | D20: 2 | E20: 3 | F20: 5 | G20: 0 | H20: 0 | I20: 0 | J20: 0 | K20: 0
A21: 상주시 | B21: Sangju | C21: 0 | D21: 0 | E21: 5.4 | F21: 7 | G21: 0 | H21: 0 | I21: 0 | J21: 0 | K21: 0
A22: 문경시 | B22: Mungyeong | C22: 0 | D22: 2 | E22: 2.4 | F22: 6 | G22: 0 | H22: 0 | I22: 0 | J22: 0 | K22: 0
A23: 경산시 | B23: Gyeongsan | C23: 0 | D23: 0 | E23: 2 | F23: 5 | G23: 0 | H23: 0 | I23: 0 | J23: 0 | K23: 0
A24: 군위군 | B24: Gunwi | C24: 0 | D24: 0 | E24: 4 | F24: 7 | G24: 0 | H24: 0 | I24: 0 | J24: 0 | K24: 0
A25: 의성군 | B25: Uiseong | C25: 0 | D25: 1 | E25: 3.4 | F25: 7 | G25: 0 | H25: 0 | I25: 0 | J25: 0 | K25: 0
... A36: 울릉군 | B36: Ulleung | C36: 0 | D36: 0 | E36: 2 | F36: 2 | G36: 0 | H36: 0 | I36: 0 | J36: 0 | K36: 0
A37: 자료 : 산림자원과 | K37: Source : Division of Forestry Greenery Affairs
A38: 주 : 2013년부터 항목 추가 및 삭제

Sheet 36.조림
A1: 258 / Ⅵ. 농림수산업 | Q1: Ⅵ. Agriculture, Forestry and Fishing / 259
A3: 36. 조 림 | H3: 36. Reforestation by Project
A5: 단위 : ha, 천본 | Q5: Unit : ha, 1,000 trees
A6: 연별 및 시군별 | B6: 합 계 Total | D6: 경제수조림 Commercial tree pecies | F6: 큰나무조림 Semi-mature tree | H6: Year & Si, Gun | I6: 유휴토지조림 Fallow land reforestation | K6: 산불피해복구조림 Forest fire reforestation | M6: 금강소나무후계숲 Geumgang pine tree | O6: 기 타 Others | Q6: Year & Si, Gun
B7: 면적 | C7: 본수 | D7: 면적 | E7: 본수 | F7: 면적 | G7: 본수 | I7: 면적 | J7: 본수 | K7: 면적 | L7: 본수 | M7: 면적 | N7: 본수 | O7: 면적 | P7: 본수
B8: Area | C8: Seedlings | D8: Area | E8: Seedlings | F8: Area | G8: Seedlings | I8: Area | J8: Seedlings | K8: Area | L8: Seedlings | M8: Area | N8: Seedlings | O8: Area | P8: Seedlings
A9: 2009 | B9: 2403.4 | C9: 3586.8 | D9: 1541.5 | E9: 2815.5 | F9: 578 | G9: 576.3 | H9: 0 | I9: 163.4 | J9: 193 | K9: … | L9: … | M9: 119.5 | N9: … | O9: 1 | P9: 2 | Q9: 2009
A10: 2010 | B10: 2449.3 | C10: 4623.6 | D10: 1871 | E10: 4033.5 | F10: 350 | G10: 420.4 | H10: 0 | I10: 125.8 | J10: 125.5 | K10: … | L10: … | M10: 80 | N10: … | O10: 22.5 | P10: 44.2 | Q10: 2010
A11: 2011 | B11: 2361 | C11: 4772.5 | D11: 1617.9 | E11: 3644 | F11: 485.6 | G11: 615.6 | H11: 0 | I11: 117.9 | J11: 126.4 | K11: … | L11: … | M11: 46 | N11: … | O11: 93.6 | P11: 386.5 | Q11: 2011
A12: 2012 | B12: 2252 | C12: 4267.4 | D12: 1586.6 | E12: 3600 | F12: 451.9 | G12: 533.7 | H12: 0 | I12: 116.6 | J12: 115 | K12: … | L12: … | M12: 53 | N12: … | O12: 43.9 | P12: 18.7 | Q12: 2012
A13: 2013 | B13: =SUM(B15:B37) -> 2093.5 | C13: =SUM(C15:C37) -> 4396 | D13: =SUM(D15:D37) -> 1563 | E13: =SUM(E15:E37) -> 3814.6 | F13: =SUM(F15:F37) -> 435.8 | G13: =SUM(G15:G37) -> 535.3 | H13: =SUM(H15:H37) -> 0 | I13: =SUM(I15:I37) -> 47.7 | ... P13: =SUM(P15:P37) -> 1.3 | Q13: 2013
A15: 포항시 | B15: 130 | C15: 234.5 | D15: 55 | E15: 156.1 | F15: 73 | G15: 77.4 | H15: 0 | I15: 2 | J15: 1 | K15: 0 | L15: 0 | M15: 0 | N15: 0 | O15: 0 | P15: 0 | Q15: Pohang
A16: 경주시 | B16: 56 | C16: 141.5 | D16: 43 | E16: 126.4 | F16: 13 | G16: 15.1 | H16: 0 | I16: 0 | J16: 0 | K16: 0 | L16: 0 | M16: 0 | N16: 0 | O16: 0 | P16: 0 | Q16: Gyeongju
A17: 김천시 | B17: 192.7 | C17: 311.7 | D17: 175 | E17: 300 | F17: 15 | G17: 10.8 | H17: 0 | I17: 2.7 | J17: 0.9 | K17: 0 | L17: 0 | M17: 0 | N17: 0 | O17: 0 | P17: 0 | Q17: Gimcheon
A18: 안동시 | B18: 110 | C18: 245.5 | D18: 75 | E18: 187.5 | F18: 30 | G18: 45 | H18: 0 | I18: 5 | J18: 13 | K18: 0 | L18: 0 | M18: 0 | N18: 0 | O18: 0 | P18: 0 | Q18: Andong
A19: 구미시 | B19: 114.8 | C19: 256.5 | D19: 101 | E19: 247 | F19: 11.8 | G19: 7.9 | H19: 0 | I19: 2 | J19: 1.6 | K19: 0 | L19: 0 | M19: 0 | N19: 0 | O19: 0 | P19: 0 | Q19: Gumi
A20: 영주시 | B20: 57 | C20: 124.4 | D20: 28 | E20: 84 | F20: 28 | G20: 38.7 | H20: 0 | I20: 1 | J20: 1.7 | K20: 0 | L20: 0 | M20: 0 | N20: 0 | O20: 0 | P20: 0 | Q20: Yeongju
A21: 영천시 | B21: 87 | C21: 157.7 | D21: 65 | E21: 134.2 | F21: 19 | G21: 21.2 | H21: 0 | I21: 2 | J21: 1 | K21: 0 | L21: 0 | M21: 0 | N21: 0 | O21: 1 | P21: 1.3 | Q21: Yeongcheon
A22: 상주시 | B22: 152 | C22: 347.4 | D22: 143 | E22: 328.9 | F22: 9 | G22: 18.5 | H22: 0 | I22: 0 | J22: 0 | K22: 0 | L22: 0 | M22: 0 | N22: 0 | O22: 0 | P22: 0 | Q22: Sangju
A23: 문경시 | B23: 104 | C23: 208.3 | D23: 95 | E23: 205 | F23: 5 | G23: 1 | H23: 0 | I23: 4 | J23: 2.3 | K23: 0 | L23: 0 | M23: 0 | N23: 0 | O23: 0 | P23: 0 | Q23: Mungyeong
A24: 경산시 | B24: 50 | C24: 60.5 | D24: 33 | E24: 51.8 | F24: 17 | G24: 8.7 | H24: 0 | I24: 0 | J24: 0 | K24: 0 | L24: 0 | M24: 0 | N24: 0 | O24: 0 | P24: 0 | Q24: Gyeongsan
A25: 군위군 | B25: 38 | C25: 86 | D25: 36 | E25: 83 | F25: 2 | G25: 3 | H25: 0 | I25: 0 | J25: 0 | K25: 0 | L25: 0 | M25: 0 | N25: 0 | O25: 0 | P25: 0 | Q25: Gunwi
A26: 의성군 | B26: 112 | C26: 255.1 | D26: 100 | E26: 250 | F26: 7 | G26: 1.1 | H26: 0 | I26: 5 | J26: 4 | K26: 0 | L26: 0 | M26: 0 | N26: 0 | O26: 0 | P26: 0 | Q26: Uiseong
... A37: 울릉군 | B37: 0 | C37: 0 | D37: 0 | E37: 0 | F37: 0 | G37: 0 | H37: 0 | I37: 0 | J37: 0 | K37: 0 | L37: 0 | M37: 0 | N37: 0 | O37: 0 | P37: 0 | Q37: Ulleung
A38: 자료 : 산림자원과, 2009년 자료부터 서식 변경(항목변경) | Q38: Source : Division of Forestry Greenery Affairs

Sheet 37.불법 산림훼손 피해현황
A1: 260 / Ⅵ. 농림수산업 | AA1: Ⅵ. Agriculture, Forestry and Fishing / 261
A3: 37. 불법 산림훼손 피해현황 | N3: 37. Damages from Illegal Forest Activities
A5: 단위 : 건수, ha, 천원 | AA5: Unit : case, ha, 1,000 won
A6: 연별 및 시군별 | B6: 합 계 | F6: 도 벌 | J6: 무허가벌채 | N6: Year & Si, Gun | O6: 불법산림형질변경 | S6: 산 불 | W6: 기 타 | AA6: Year & Si, Gun
B7: Total | F7: Deforestation | J7: Unauthorized tree-cutting | O7: Forest exploitation | S7: Mountain fire | W7: Others
B8: 건수 Cases | C8: 면적 Area | D8: 재적 volume | E8: 피해액 Amount damaged | F8: 건수 Cases | G8: 면적 Area | H8: 재적 volume | I8: 피해액 Amount damaged | J8: 건수 Cases | K8: 면적 Area | L8: 재적 volume | M8: 피해액 Amount damaged | O8: 건수 Cases | P8: 면적 Area | Q8: 재적 volume | R8: 피해액 Amount damaged | S8: 건수 Cases | T8: 면적 Area | U8: 재적 volume | V8: 피해액 Amount damaged | W8: 건수 Cases | X8: 면적 Area | Y8: 재적 volume | Z8: 피해액 Amount damaged
A10: 2009 | B10: 462 | C10: 790.33 | D10: … | E10: 4197729 | F10: 9 | G10: 0 | H10: … | I10: 4341 | J10: 48 | K10: 13.38 | L10: … | M10: 40237 | N10: 2008 | O10: 219 | P10: 43 | Q10: … | R10: 1738024 | S10: 145 | T10: 720.95 | U10: … | V10: 2364224 | W10: 41 | X10: 13 | Y10: … | Z10: 50903 | AA10: 2009
A11: 2010 | B11: 334 | C11: 160.62 | D11: … | E11: 3274668 | F11: 4 | G11: 0 | H11: … | I11: 2975 | J11: 45 | K11: 9.98 | L11: … | M11: 119311 | N11: 2008 | O11: 177 | P11: 25.8 | Q11: … | R11: 1287780 | S11: 45 | T11: 113.97 | U11: … | V11: 1767484 | W11: 63 | X11: 10.85 | Y11: … | Z11: 97118 | AA11: 2010
A12: 2011 | B12: 333 | C12: 813.92 | D12: … | E12: 21200853 | F12: 5 | G12: 0.49 | H12: … | I12: 2763 | J12: 39 | K12: 41.78 | L12: … | M12: 167025 | N12: 2008 | O12: 204 | P12: 27.74 | Q12: … | R12: 1767208 | S12: 45 | T12: 742.88 | U12: … | V12: 19089525 | W12: 40 | X12: 1.03 | Y12: … | Z12: 174332 | AA12: 2011
A13: 2012 | B13: 332 | C13: 68.49 | D13: … | E13: 3806034 | F13: 9 | G13: 0.81 | H13: … | I13: 9622 | J13: 60 | K13: 17.07 | L13: … | M13: 149915 | N13: 2008 | O13: 194 | P13: 39.83 | Q13: … | R13: 3272762 | S13: 14 | T13: 2.75 | U13: … | V13: 129382 | W13: 55 | X13: 8.03 | Y13: … | Z13: 246293 | AA13: 2012
A14: 2013 | B14: =SUM(B16:B38) -> 312 | C14: =SUM(C16:C38) -> 191.05 | D14: =SUM(D16:D38) -> 0 | E14: =SUM(E16:E38) -> 11292118 | F14: =SUM(F16:F38) -> 3 | G14: =SUM(G16:G38) -> 0.04 | H14: =SUM(H16:H38) -> 0 | I14: =SUM(I16:I38) -> 1834 | ... Z14: =SUM(Z16:Z38) -> 75184 | AA14: 2013
A16: 포항시 | B16: =SUM(F16,J16,O16,S16,W16) -> 34 | C16: =SUM(G16,K16,P16,T16,X16) -> 84.38 | D16: =SUM(H16,L16,Q16,U16,Y16) -> 0 | E16: =SUM(I16,M16,R16,V16,Z16) -> 7913553 | F16: 0 | G16: 0 | H16: 0 | I16: 0 | J16: 5 | K16: 0.39 | L16: 0 | M16: 4374 | N16: 0 | O16: 15 | P16: 0.82 | Q16: 0 | R16: 57541 | S16: 8 | T16: 83.12 | U16: 0 | V16: 7793463 | W16: 6 | X16: 0.05 | Y16: 0 | Z16: 58175 | AA16: Pohang
A17: 경주시 | B17: =SUM(F17,J17,O17,S17,W17) -> 22 | C17: =SUM(G17,K17,P17,T17,X17) -> 8.93 | D17: =SUM(H17,L17,Q17,U17,Y17) -> 0 | E17: =SUM(I17,M17,R17,V17,Z17) -> 182641 | F17: 0 | G17: 0 | H17: 0 | I17: 0 | J17: 6 | K17: 4.56 | L17: 0 | M17: 6133 | N17: 0 | O17: 12 | P17: 4.05 | Q17: 0 | R17: 153802 | S17: 4 | T17: 0.32 | U17: 0 | V17: 22706 | W17: 0 | X17: 0 | Y17: 0 | Z17: 0 | AA17: Gyeongju
A18: 김천시 | B18: =SUM(F18,J18,O18,S18,W18) -> 28 | C18: =SUM(G18,K18,P18,T18,X18) -> 8.44 | D18: =SUM(H18,L18,Q18,U18,Y18) -> 0 | E18: =SUM(I18,M18,R18,V18,Z18) -> 437904 | F18: 0 | G18: 0 | H18: 0 | I18: 0 | J18: 7 | K18: 2.22 | L18: 0 | M18: 8172 | N18: 0 | O18: 20 | P18: 6.21 | Q18: 0 | R18: 427062 | S18: 1 | T18: 0.01 | U18: 0 | V18: 2670 | W18: 0 | X18: 0 | Y18: 0 | Z18: 0 | AA18: Gimcheon
A19: 안동시 | B19: =SUM(F19,J19,O19,S19,W19) -> 19 | C19: =SUM(G19,K19,P19,T19,X19) -> 5.29 | D19: =SUM(H19,L19,Q19,U19,Y19) -> 0 | E19: =SUM(I19,M19,R19,V19,Z19) -> 406826 | F19: 0 | G19: 0 | H19: 0 | I19: 0 | J19: 2 | K19: 1.48 | L19: 0 | M19: 19999 | N19: 0 | O19: 15 | P19: 3.69 | Q19: 0 | R19: 378336 | S19: 2 | T19: 0.12 | U19: 0 | V19: 8491 | W19: 0 | X19: 0 | Y19: 0 | Z19: 0 | AA19: Andong
A20: 구미시 | B20: =SUM(F20,J20,O20,S20,W20) -> 14 | C20: =SUM(G20,K20,P20,T20,X20) -> 1.24 | D20: =SUM(H20,L20,Q20,U20,Y20) -> 0 | E20: =SUM(I20,M20,R20,V20,Z20) -> 9546 | F20: 0 | G20: 0 | H20: 0 | I20: 0 | J20: 5 | K20: 0.01 | L20: 0 | M20: 243 | N20: 0 | O20: 6 | P20: 1.11 | Q20: 0 | R20: 174 | S20: 3 | T20: 0.12 | U20: 0 | V20: 9129 | W20: 0 | X20: 0 | Y20: 0 | Z20: 0 | AA20: Gumi
A21: 영주시 | B21: =SUM(F21,J21,O21,S21,W21) -> 7 | C21: =SUM(G21,K21,P21,T21,X21) -> 0.67 | D21: =SUM(H21,L21,Q21,U21,Y21) -> 0 | E21: =SUM(I21,M21,R21,V21,Z21) -> 17361 | F21: 0 | G21: 0 | H21: 0 | I21: 0 | J21: 0 | K21: 0 | L21: 0 | M21: 0 | N21: 0 | O21: 6 | P21: 0.37 | Q21: 0 | R21: 7479 | S21: 1 | T21: 0.3 | U21: 0 | V21: 9882 | W21: 0 | X21: 0 | Y21: 0 | Z21: 0 | AA21: Yeongju
A22: 영천시 | B22: =SUM(F22,J22,O22,S22,W22) -> 19 | C22: =SUM(G22,K22,P22,T22,X22) -> 3.56 | D22: =SUM(H22,L22,Q22,U22,Y22) -> 0 | E22: =SUM(I22,M22,R22,V22,Z22) -> 279211 | F22: 0 | G22: 0 | H22: 0 | I22: 0 | J22: 2 | K22: 1.3 | L22: 0 | M22: 107106 | N22: 0 | O22: 10 | P22: 1.96 | Q22: 0 | R22: 138730 | S22: 3 | T22: 0.3 | U22: 0 | V22: 16575 | W22: 4 | X22: 0 | Y22: 0 | Z22: 16800 | AA22: Yeongcheon
A23: 상주시 | B23: =SUM(F23,J23,O23,S23,W23) -> 24 | C23: =SUM(G23,K23,P23,T23,X23) -> 8.19 | D23: =SUM(H23,L23,Q23,U23,Y23) -> 0 | E23: =SUM(I23,M23,R23,V23,Z23) -> 318156 | F23: 0 | G23: 0 | H23: 0 | I23: 0 | J23: 7 | K23: 4.28 | L23: 0 | M23: 24501 | N23: 0 | O23: 12 | P23: 2.55 | Q23: 0 | R23: 232329 | S23: 4 | T23: 1.36 | U23: 0 | V23: 61326 | W23: 1 | X23: 0 | Y23: 0 | Z23: 0 | AA23: Sangju
A24: 문경시 | B24: =SUM(F24,J24,O24,S24,W24) -> 16 | C24: =SUM(G24,K24,P24,T24,X24) -> 29.11 | D24: =SUM(H24,L24,Q24,U24,Y24) -> 0 | E24: =SUM(I24,M24,R24,V24,Z24) -> 465212 | F24: 1 | G24: 0.02 | H24: 0 | I24: 0 | J24: 4 | K24: 22.75 | L24: 0 | M24: 0 | N24: 0 | O24: 10 | P24: 6.33 | Q24: 0 | R24: 461114 | S24: 1 | T24: 0.01 | U24: 0 | V24: 4098 | W24: 0 | X24: 0 | Y24: 0 | Z24: 0 | AA24: Mungyeong
A25: 경산시 | B25: =SUM(F25,J25,O25,S25,W25) -> 20 | C25: =SUM(G25,K25,P25,T25,X25) -> 9.41 | D25: =SUM(H25,L25,Q25,U25,Y25) -> 0 | E25: =SUM(I25,M25,R25,V25,Z25) -> 129361 | F25: 0 | G25: 0 | H25: 0 | I25: 0 | J25: 3 | K25: 7.12 | L25: 0 | M25: 2024 | N25: 0 | O25: 17 | P25: 2.29 | Q25: 0 | R25: 127337 | S25: 0 | T25: 0 | U25: 0 | V25: 0 | W25: 0 | X25: 0 | Y25: 0 | Z25: 0 | AA25: Gyeongsan
A26: 군위군 | B26: =SUM(F26,J26,O26,S26,W26) -> 2 | C26: =SUM(G26,K26,P26,T26,X26) -> 0.11 | D26: =SUM(H26,L26,Q26,U26,Y26) -> 0 | E26: =SUM(I26,M26,R26,V26,Z26) -> 4931 | F26: 0 | G26: 0 | H26: 0 | I26: 0 | J26: 1 | K26: 0.04 | L26: 0 | M26: 50 | N26: 0 | O26: 1 | P26: 0.07 | Q26: 0 | R26: 4881 | S26: 0 | T26: 0 | U26: 0 | V26: 0 | W26: 0 | X26: 0 | Y26: 0 | Z26: 0 | AA26: Gunwi
A27: 의성군 | B27: =SUM(F27,J27,O27,S27,W27) -> 14 | C27: =SUM(G27,K27,P27,T27,X27) -> 1.7 | D27: =SUM(H27,L27,Q27,U27,Y27) -> 0 | E27: =SUM(I27,M27,R27,V27,Z27) -> 49740 | F27: 0 | G27: 0 | H27: 0 | I27: 0 | J27: 0 | K27: 0 | L27: 0 | M27: 0 | N27: 0 | O27: 14 | P27: 1.7 | Q27: 0 | R27: 49740 | S27: 0 | T27: 0 | U27: 0 | V27: 0 | W27: 0 | X27: 0 | Y27: 0 | Z27: 0 | AA27: Uiseong
... A38: 울릉군 | B38: =SUM(F38,J38,O38,S38,W38) -> 0 | C38: =SUM(G38,K38,P38,T38,X38) -> 0 | D38: =SUM(H38,L38,Q38,U38,Y38) -> 0 | E38: =SUM(I38,M38,R38,V38,Z38) -> 0 | F38: 0 | G38: 0 | H38: 0 | I38: 0 | J38: 0 | K38: 0 | L38: 0 | M38: 0 | N38: 0 | O38: 0 | P38: 0 | Q38: 0 | R38: 0 | S38: 0 | T38: 0 | U38: 0 | V38: 0 | W38: 0 | X38: 0 | Y38: 0 | Z38: 0 | AA38: Ulleung
A39: 자료 : 산림자원과 | AA39: Source : Division of Forestry Greenery Affairs
A40: 주 : 2013년 부터 명칭변경( 산림피해→불법 산림훼손 피해현황)
A41: 2013년 부터 "재적" 항목 추가

Sheet 38.산림전용허가내역
A1: 262 / Ⅵ. 농림수산업 | M1: Ⅵ. Agriculture, Forestry and Fishing / 263
A3: 38. 산림전용허가 내역 | G3: 38. Permits for Forest Conversion
A5: 단위 : ㎢ | M5: Unit : ㎢
A6: 연별 및 시군별 | B6: 용도별 허가내역 | G6: Year & Si, Gun | H6: Permits by use | M6: Year & Si, Gun
B8: 도로 Road | C8: 공장 Factory | D8: 교육시설 Educational facilities | E8: 대지 Building land | F8: 묘지 Grave yard | H8: 초지 Pasture | I8: 농지 farmland | J8: 축사 및 창고 Cattle shed and warehouse | K8: 군사용지 Military installation | L8: 기타 Others
A10: 2009 | B10: 2.857 | C10: 3.408 | D10: … | E10: 0.68 | F10: 0.032 | G10: 2008 | H10: 0.095 | I10: … | J10: 0.42 | K10: 0.268 | L10: 10.909 | M10: 2009
A11: 2010 | B11: 3.264 | C11: 2.543 | D11: … | E11: 0.575 | F11: 0.03 | G11: 2008 | H11: 0.2 | I11: … | J11: 0.4651 | K11: 0.382 | L11: 6.65 | M11: 2010
A12: 2011 | B12: 3.93 | C12: 3.426 | D12: … | E12: 0.924 | F12: 0.06 | G12: 2008 | H12: 0 | I12: … | J12: 0.485 | K12: 0.047 | L12: 5.082 | M12: 2011
A13: 2012 | B13: 1.53 | C13: 2.54 | D13: … | E13: 0.4577 | F13: 0.044 | G13: 2008 | H13: 0.017 | I13: … | J13: 0.486 | K13: 0 | L13: 6.1183 | M13: 2012
A14: 2013 | B14: =SUM(B16:B38) -> 0.770836 | C14: =SUM(C16:C38) -> 2.136228 | D14: =SUM(D16:D38) -> 0.026527 | E14: =SUM(E16:E38) -> 0.664525 | F14: =SUM(F16:F38) -> 0.02699 | G14: 2008 | H14: =SUM(H16:H38) -> 0 | I14: =SUM(I16:I38) -> 0.435338 | J14: =SUM(J16:J38) -> 0.265354 | K14: =SUM(K16:K38) -> 0.05719 | L14: =SUM(L16:L38) -> 2.746528 | M14: 2013
A16: 포항시 | B16: 0.091809 | C16: 0.022792 | D16: 0 | E16: 0.015546 | F16: 0 | G16: 0 | H16: 0 | I16: 0.00179 | J16: 0.020201 | K16: 0.051828 | L16: 0.186923 | M16: Pohang
A17: 경주시 | B17: 0.040462 | C17: 0.503717 | D17: 0 | E17: 0.152884 | F17: 0.005635 | G17: 0 | H17: 0 | I17: 0.026747 | J17: 0.009549 | K17: 0.001025 | L17: 0.14924 | M17: Gyeongju
A18: 김천시 | B18: 0.013115 | C18: 0.175659 | D18: 0 | E18: 0.031164 | F18: 0 | G18: 0 | H18: 0 | I18: 0 | J18: 0.028969 | K18: 0 | L18: 0.153075 | M18: Gimcheon
A19: 안동시 | B19: 0.090181 | C19: 0 | D19: 0 | E19: 0.0334 | F19: 0.000894 | G19: 0 | H19: 0 | I19: 0 | J19: 0 | K19: 0 | L19: 0.21677 | M19: Andong
A20: 구미시 | B20: 0.069543 | C20: 0.004062 | D20: 0.01083 | E20: 0.011708 | F20: 0 | G20: 0 | H20: 0 | I20: 0 | J20: 0 | K20: 0 | L20: 0.064816 | M20: Gumi
A21: 영주시 | B21: 0.024707 | C21: 0 | D21: 0 | E21: 0.005943 | F21: 0 | G21: 0 | H21: 0 | I21: 0.22534 | J21: 0.015522 | K21: 0 | L21: 0.05866 | M21: Yeongju
A22: 영천시 | B22: 0.108083 | C22: 0.393453 | D22: 0 | E22: 0.024088 | F22: 0.002834 | G22: 0 | H22: 0 | I22: 0.027795 | J22: 0.01678 | K22: 0.004337 | L22: 0.12039 | M22: Yeongcheon
A23: 상주시 | B23: 0.030318 | C23: 0.015181 | D23: 0 | E23: 0.01661 | F23: 0 | G23: 0 | H23: 0 | I23: 0.086521 | J23: 0.00285 | K23: 0 | L23: 0.199703 | M23: Sangju
A24: 문경시 | B24: 0.026359 | C24: 0 | D24: 0 | E24: 0.035041 | F24: 0 | G24: 0 | H24: 0 | I24: 0.016319 | J24: 0.007294 | K24: 0 | L24: 0.189792 | M24: Mungyeong
A25: 경산시 | B25: 0 | C25: 0.083769 | D25: 0.015697 | E25: 0.008717 | F25: 0 | G25: 0 | H25: 0 | I25: 0 | J25: 0.023951 | K25: 0 | L25: 0.029829 | M25: Gyeongsan
A26: 군위군 | B26: 0.014878 | C26: 0.015833 | D26: 0 | E26: 0.147769 | F26: 0 | G26: 0 | H26: 0 | I26: 0 | J26: 0 | K26: 0 | L26: 0.576015 | M26: Gunwi
A27: 의성군 | B27: 0.003997 | C27: 0.003772 | D27: 0 | E27: 0.006296 | F27: 0 | G27: 0 | H27: 0 | I27: 0.020069 | J27: 0.021908 | K27: 0 | L27: 0.054688 | M27: Uiseong
... A38: 울릉군 | B38: 0 | C38: 0 | D38: 0 | E38: 0.000602 | F38: 0 | G38: 0 | H38: 0 | I38: 0 | J38: 0 | K38: 0 | L38: 0 | M38: Ulleung
A39: 자료 : 산림자원과 | M39: Source : Division of Forestry Greenery Affairs
A40: 주 : 2013년 부터 명칭변경(산림형질 변경허가 내역→산림전용허가 내역)
A41: 2013년 부터 항목 추가("교육시설", "농지"), 항복 삭제("광산", "학교", "과수원")
A42: 주 : 산지를 조림·육림 및 토석의 굴취·채취 그 밖에 임산물 생산의 용도외로 사용하거나 이를 위해 산지를 전용하는 것으로 일시적 산지이용은 제외한 모든 산지전용허가·협의 현황

Sheet 39.산림보호구역지정현황
A1: 264 / Ⅵ. 농림수산업
A3: 39. 산림보호구역 지정현황
A4: 39. Forest Protected Areas
A5: 단위 : ha | I5: Unit : ha
A6: 연별 및 시군별 Year & Si, Gun | C6: 재해방지 보호구역 Disaster Prevention | D6: 생활환경 보호구역 Liverlihood Environment | E6: 산림유전자원 보호구역 Forest genetic resources | F6: 수원함양 Watershed conservation | I6: 경관 Land scape
F7: 1종 class Ⅰ | G7: 2종 class Ⅱ | H7: 3종 class Ⅲ
A8: 2009 | C8: … | D8: … | E8: … | F8: … | G8: … | H8: … | I8: …
A9: 2010 | C9: 1417.47 | D9: 8.51 | E9: 4773.5 | F9: 20157.29 | G9: 2309.94 | H9: 0 | I9: 6148.46
A10: 2011 | C10: 1390.51 | D10: 8.52 | E10: 4774.3 | F10: 19893.88 | G10: 2309.09 | H10: 0 | I10: 6160.1
A11: 2012 | C11: 1363.45 | D11: 8.52 | E11: 4776.51 | F11: 17802.88 | G11: 2309.07 | H11: 0 | I11: 6153.18
A12: 2013 | C12: =SUM(C14:C36) -> 1371.42 | D12: =SUM(D14:D36) -> 8.52 | E12: =SUM(E14:E36) -> 4776.51 | F12: =SUM(F14:F36) -> 19867.36 | G12: =SUM(G14:G36) -> 2306.67 | H12: =SUM(H14:H36) -> 0 | I12: =SUM(I14:I36) -> 6149.65
A14: 포항시 | B14: Pohang | C14: 182.75 | D14: 0 | E14: 0 | F14: 407.08 | G14: 0 | H14: 0 | I14: 1184.46
A15: 경주시 | B15: Gyeongju | C15: 7.9 | D15: 0 | E15: 39.79 | F15: 2778.03 | G15: 0 | H15: 0 | I15: 344.94
A16: 김천시 | B16: Gimcheon | C16: 0 | D16: 0 | E16: 0 | F16: 2099.9 | G16: 25.49 | H16: 0 | I16: 792.65
A17: 안동시 | B17: Andong | C17: 55.52 | D17: 0 | E17: 0 | F17: 1975 | G17: 218.34 | H17: 0 | I17: 590.73
A18: 구미시 | B18: Gumi | C18: 0 | D18: 0 | E18: 0 | F18: 0 | G18: 0 | H18: 0 | I18: 0
A19: 영주시 | B19: Yeongju | C19: 0 | D19: 0 | E19: 50 | F19: 0 | G19: 0 | H19: 0 | I19: 54.66
A20: 영천시 | B20: Yeongcheon | C20: 0 | D20: 0 | E20: 2.12 | F20: 2307.2 | G20: 0 | H20: 0 | I20: 0
A21: 상주시 | B21: Sangju | C21: 0 | D21: 0 | E21: 0 | F21: 965.09 | G21: 484.46 | H21: 0 | I21: 1087.47
A22: 문경시 | B22: Mungyeong | C22: 0 | D22: 0 | E22: 2291 | F22: 778.97 | G22: 0 | H22: 0 | I22: 0
A23: 경산시 | B23: Gyeongsan | C23: 0 | D23: 0 | E23: 0 | F23: 49.52 | G23: 0 | H23: 0 | I23: 0
A24: 군위군 | B24: Gunwi | C24: 0 | D24: 0 | E24: 0 | F24: 651.9 | G24: 0 | H24: 0 | I24: 0
A25: 의성군 | B25: Uiseong | C25: 0 | D25: 0 | E25: 0 | F25: 798.18 | G25: 0 | H25: 0 | I25: 272.74
... A36: 울릉군 | B36: Ulleung | C36: 26.16 | D36: 0 | E36: 0 | F36: 66.96 | G36: 0 | H36: 0 | I36: 0
A37: 자료 : 산립자원과 | G37: Source : Division of Forestry Greenery Affairs
A38: 주) 산림보호법 제정(2010. 3. 26)으로 서식 변경
